Workbook
Name \a: #REF!
Name \a: #REF!
Name \m: #REF!
Name \m: #REF!
Name \n: #REF!
Name \n: #REF!
Name \o: #REF!
Name \o: #REF!
Name ___r: управ.таблица!___r
Name ___r: [0]!___r
Name ___SP1: #REF!
Name ___SP1: #REF!
Name ___SP10: #REF!
Name ___SP10: #REF!
Name ___SP11: #REF!
Name ___SP11: #REF!
Name ___SP12: #REF!
Name ___SP12: #REF!
Name ___SP13: #REF!
Name ___SP13: #REF!
Name ___SP14: #REF!
Name ___SP14: #REF!
Name ___SP15: #REF!
Name ___SP15: #REF!
Name ___SP16: #REF!
Name ___SP16: #REF!
Name ___SP17: #REF!
Name ___SP17: #REF!
Name ___SP18: #REF!
Name ___SP18: #REF!
Name ___SP19: #REF!
Name ___SP19: #REF!
Name ___SP2: #REF!
Name ___SP2: #REF!
Name ___SP20: #REF!
Name ___SP20: #REF!
Name ___SP3: #REF!
Name ___SP3: #REF!
Name ___SP4: #REF!
Name ___SP4: #REF!
Name ___SP5: #REF!
Name ___SP5: #REF!
Name ___SP7: #REF!
Name ___SP7: #REF!
Name ___SP8: #REF!
Name ___SP8: #REF!
Name ___SP9: #REF!
Name ___SP9: #REF!
Name __r: управ.таблица!__r
Name __r: [0]!__r
Name __SP1: #REF!
Name __SP1: #REF!
Name __SP10: #REF!
Name __SP10: #REF!
Name __SP11: #REF!
Name __SP11: #REF!
Name __SP12: #REF!
Name __SP12: #REF!
Name __SP13: #REF!
Name __SP13: #REF!

Sheet Лист1
A2: № п/п | B2: Наименование ТСО | C2: ЛЭП всего в собственности и аренде | H2: из них ЛЭП соответсвуют критериям, присоединены к ПС/ТП, участвующих в критериях на 2025 должно быть не менее 300 км | Y2: В собственности ПС/ТП, МВА, либо аренде на 2025 должно быть не менее 150 МВА | AF2: Примечание
C3: Всего, км | D3: ЛЭП ВН, км | E3: ЛЭП СН1, км | F3: ЛЭП СН2, км | G3: ЛЭП НН, км | H3: Всего, км в критерии | I3: ЛЭП ВН, км | M3: ЛЭП СН1, км | Q3: ЛЭП СН2, км | U3: ЛЭП НН, км | Y3: Всего | Z3: без госрег, кад. Инж и стройки | AA3: госрег | AB3: по суду | AC3: стройка | AD3: кад.инж. | AE3: сумма гос.рег + кад.инж.+стройка
I4: с госрег | J4: по суду | K4: стройка | L4: с кад.инж | M4: с госрег | N4: по суду | O4: стройка | P4: с кад.инж | Q4: с госрег | R4: по суду | S4: стройка | T4: с кад.инж | U4: с госрег | V4: по суду | W4: стройка | X4: с кад.инж
A6: 9 | B6: КубЭСК | C6: =D6+E6+F6+G6 -> 163.082 | D6: 0 | E6: 0 | F6: 88.872 | G6: 74.21 | H6: =Q6+U6+R6+V6+S6+W6+T6+X6 -> 96.32 | I6: 0 | J6: 0 | K6: 0 | L6: 0 | M6: 0 | N6: 0 | O6: 0 | P6: 0 | Q6: 42.24 | R6: 0 | S6: 5.9 | T6: 0 | U6: 43.4 | V6: 0 | W6: 4.78 | X6: 0 | Y6: =Z6+AA6+AB6+AD6+AC6 -> 116.76 | Z6: =116.76-AA6 -> 77.12 | AA6: 39.64 | AE6: =AA6+AD6+AC6 -> 39.64 | AF6: Кошмелюк сказал, что активно занимаются имуществом Догмы (Кубаньсеть), акционеры сейчас решают на чьей базе объединиться (КЭСК или Кубаньсеть). Сказал почти со 100% уверенностью, что до 01.05 вопрос решится и критерии они пройдут.
A7: 9.1. | B7: - собственность | C7: =F7+G7 -> 124.622 | F7: =F6-F9 -> 62.502 | G7: =G6-G9 -> 62.12 | H7: =Q7+U7+R7+V7+S7+W7+T7+X7 -> 96.32 | Q7: 42.24 | R7: 0 | S7: 5.9 | T7: 0 | U7: 43.4 | V7: 0 | W7: 4.78 | X7: 0 | Y7: =Z7+AA7 -> 80.75 | Z7: =Y6-AA6-Z9 -> 41.11 | AA7: 39.64 | AE7: =AA7+AD7+AC7 -> 39.64
A8: 9.2. | B8: - аренда созависимая | C8: =F8+G8 -> 0
A9: 9.3. | B9: - прочая аренда | C9: =F9+G9 -> 38.46 | F9: 26.37 | G9: 12.09 | Y9: =Z9 -> 36.01 | Z9: 36.01
A11: 9 | B11: КубЭСК | C11: ='ВЛ и КЛ ТСО'!Y83+'ВЛ и КЛ ТСО'!Z83 -> 211.8466 | F11: ='ВЛ и КЛ ТСО'!Y83 -> 106.646 | G11: ='ВЛ и КЛ ТСО'!Z83 -> 105.2006 | H11: =Q11+U11+R11+V11+S11+W11+T11+X11 -> 27.383 | Q11: =SUM(Q12:Q14) -> 15.828 | R11: =SUM(R12:R14) -> 0 | S11: =SUM(S12:S14) -> 0 | T11: =SUM(T12:T14) -> 4.42 | U11: =SUM(U12:U14) -> 5.006 | V11: =SUM(V12:V14) -> 0 | W11: =SUM(W12:W14) -> 0 | X11: =SUM(X12:X14) -> 2.129 | Y11: =Z11+AA11+AB11+AD11+AC11 -> 116.76 | Z11: =SUM(Z12:Z14) -> 43.64 | AA11: =SUM(AA12:AA14) -> 46.24 | AB11: =SUM(AB12:AB14) -> 0 | AC11: =SUM(AC12:AC14) -> 0 | AD11: =SUM(AD12:AD14) -> 26.88 | AE11: =SUM(AE12:AE14) -> 47.86
A12: 9.1. | B12: - собственность | C12: =F12+G12 -> 148.551 | F12: 69.58 | G12: 78.971 | H12: =Q12+U12+R12+V12+S12+W12+T12+X12 -> 27.383 | Q12: 15.828 | T12: 4.42 | U12: =4.82+0.186 -> 5.006 | X12: 2.129 | Y12: =Z12+AA12+AD12 -> 49.37 | Z12: 1.51 | AA12: =46.24-7 -> 39.24 | AD12: 8.62 | AE12: =AA12+AD12+AC12 -> 47.86
A13: 9.2. | B13: - аренда созависимая | C13: =F13+G13 -> 0 | H13: =Q13+U13+R13+V13+S13+W13+T13+X13 -> 0
A14: 9.3. | B14: - прочая аренда | C14: =F14+G14 -> 63.2956 | F14: =F11-F12 -> 37.066 | G14: =G11-G12 -> 26.2296 | H14: =Q14+U14+R14+V14+S14+W14+T14+X14 -> 0 | Y14: =Z14 -> 42.13 | Z14: =43.64-1.51 -> 42.13 | AA14: 7 | AD14: 18.26
Y17: 422 | Z17: 43.64
J19: =H11-'ВЛ и КЛ ТСО'!Y86-'ВЛ и КЛ ТСО'!Z86 -> -184.4636

Sheet Подстанции ТСО
A1: Наименование организации: ООО "Кубанская электросетевая компания" | Q1: Приложение 1
A2: ИНН: 2309135367 | H2: КПП: 231001001
A3: Выделенный абонентский номер для обращений потребителей услуг по передаче электрической энергии и (или) технологическому присоединению: | H3: 8 (861) -299-10-10
A4: Официальный сайт в информационно-телекоммуникационной сети "Интернет": | H4: https://kubseti.ru/
A5: Информация по трансформаторным подстанциям в административных границах Краснодарский область (край)
A6: Диспетчерское наименование | B6: Инвентарный номер ПС (ТП) | C6: Диспетчерское наименование | D6: Номинальная мощность трансформаторов организации, Т-1 кВА | E6: Номинальная мощность трансформаторов организации, Т-2 кВА | F6: Силовой трансформатор или реактор (одно- или трехфазный), или вольтодобавочный трансформатор (трансформатор собственных нужд ТСН 1-20 на ПС 35 кВ и выше) шт. | H6: Тип трансформаторной подстанции (ПС, КТП, БКТП, ЗТП, мачтовая (столбовая) МТП) | I6: Максимальная мощность (разрешенная), МВт | J6: Место расположения | K6: Документ, подтверждающий владение трансформаторной подстанцией на праве собственности (реквизиты) | L6: Коммутационные аппараты | P6: Количество потребителей, энергоснабжение которых осуществляется ТСО (при наличии акта разграничения балансовой принадлежности или акта об осуществлении технологического присоединения)* | R6: Примечание
L7: Масляные, вакуумные, элегазовые выключатели | O7: Выключатели нагрузки | X7: номер ТП отражен
L8: 110 кВ | M8: 35 кВ | N8: 1-20 кВ | O8: 1-20 кВ | S8: Вопросы по однолинейным схемам | T8: Наличие однолинейных схем | U8: ЕГРН | V8: Заключение кадастрового инженера | W8: соответствие критериям (ДА/НЕТ) | X8: ДКП с ЕГРН или ЗКИ
A9: 1 | B9: 2 | C9: 3 | D9: 4 | E9: 5 | F9: 6 | G9: 7 | H9: 8 | I9: 9 | J9: 10 | K9: 11 | L9: 12 | M9: 13 | N9: 14 | O9: 15 | P9: 16 | Q9: 17 | R9: 18 | S9: 19 | V9: 22 | W9: 23 | X9: 24 | Y9: 25 | Z9: 26 | AA9: 27 | AB9: 28 | AC9: 29 | AD9: 30 | AE9: 31 | AF9: 32 | AG9: 33 | AH9: 34 | AI9: 35 | AJ9: 36 | AK9: 37 | AL9: 38 | AM9: 39 | AN9: 40 | AO9: 41 | AP9: 42 | AQ9: 43 | AR9: 44 | AS9: 45 | AT9: 46 | AU9: 47 | AV9: 48 | AW9: 49 | AX9: 50 | AY9: 51 | AZ9: 52 | BA9: 53
A10: 1 | B10: ХХ | C10: БКТП-2108п | D10: 1000 | E10: =D10 -> 1000 | F10: ХХ | H10: БКТП | I10: 13.463 | J10: г.Краснодар,, ЖК Немецкая деревня, ул. Гамбургская | K10: Договор купли-продажи от 01.07.2013 № 26-НД | L10: ДНП без номера ТП | N10: 2 | O10: 6 | P10: ХХ | W10: =IF(AND(T10="ДА",(IF(OR(U10="ДА",V10="ДА"),"ДА","НЕТ"))="ДА"),"ДА","НЕТ") -> НЕТ
A11: 2 | B11: ХХ | C11: БКТП-2106п | D11: 630 | E11: =D11 -> 630 | F11: ХХ | H11: БКТП | J11: г.Краснодар, ЖК Немецкая деревня, ул. Ганноверская | K11: Договор купли-продажи от 01.07.2013 № 26-НД | L11: ДНП без номера ТП | N11: 2 | O11: 6 | P11: ХХ | W11: =IF(AND(T11="ДА",(IF(OR(U11="ДА",V11="ДА"),"ДА","НЕТ"))="ДА"),"ДА","НЕТ") -> НЕТ
A12: 3 | B12: ХХ | C12: БКТП-2109п | D12: 1250 | E12: =D12 -> 1250 | F12: ХХ | H12: БКТП | J12: ЖК Немецкая деревня, ул. Баварская | K12: Договор купли-продажи от 01.07.2013 № 26-НД | L12: ДНП без номера ТП | N12: 2 | O12: 6 | P12: ХХ | W12: =IF(AND(T12="ДА",(IF(OR(U12="ДА",V12="ДА"),"ДА","НЕТ"))="ДА"),"ДА","НЕТ") -> НЕТ
A13: 4 | B13: ХХ | C13: БКТП-2107п | D13: 1000 | E13: =D13 -> 1000 | F13: ХХ | H13: БКТП | J13: г.Краснодар, ЖК Немецкая деревня, ул. Баден -Аллея | K13: Договор купли-продажи от 01.07.2013 № 26-НД | L13: ДНП без номера ТП | N13: 2 | O13: 6 | P13: ХХ | W13: =IF(AND(T13="ДА",(IF(OR(U13="ДА",V13="ДА"),"ДА","НЕТ"))="ДА"),"ДА","НЕТ") -> НЕТ
A14: 5 | B14: ХХ | C14: БКТП-2110п | D14: 1250 | E14: =D14 -> 1250 | F14: ХХ | H14: БКТП | J14: г.Краснодар, ЖК Немецкая деревня, ул. Гёте | K14: Договор купли-продажи от 01.07.2013 № 26-НД | L14: ДНП без номера ТП | N14: 2 | O14: 6 | P14: ХХ | W14: =IF(AND(T14="ДА",(IF(OR(U14="ДА",V14="ДА"),"ДА","НЕТ"))="ДА"),"ДА","НЕТ") -> НЕТ
A15: 6 | B15: ХХ | C15: БКТП-2105п | D15: 630 | E15: =D15 -> 630 | F15: ХХ | H15: БКТП | J15: г.Краснодар, ЖК Немецкая деревня, ул. Баварская - Баха | K15: Договор купли-продажи от 01.07.2013 № 26-НД | L15: ДНП без номера ТП | N15: 2 | O15: 6 | P15: ХХ | W15: =IF(AND(T15="ДА",(IF(OR(U15="ДА",V15="ДА"),"ДА","НЕТ"))="ДА"),"ДА","НЕТ") -> НЕТ
A16: 7 | B16: ХХ | C16: БРТП-2103п | D16: 1000 | E16: =D16 -> 1000 | F16: ХХ | H16: КТП | J16: г.Краснодар, ЖК Немецкая деревня, ул. Баварская | K16: Договор купли-продажи от 01.07.2013 № 26-НД | L16: ДНП без номера ТП | N16: 17 | O16: 0 | P16: ХХ | R16: Выписка из ЕГРН, кадастровый номер: 23:43:0107001:46341 | S16: 44900 | U16: ДА | W16: =IF(AND(T16="ДА",(IF(OR(U16="ДА",V16="ДА"),"ДА","НЕТ"))="ДА"),"ДА","НЕТ") -> НЕТ
A17: 8 | B17: ХХ | C17: КТП-2476п | D17: 400 | E17: =D17 -> 400 | F17: ХХ | H17: КТП | J17: г.Краснодар, ЖК Немецкая деревня, ул. Венецианская | K17: Договор купли-продажи от 30.11.2015 № 22/15/839 | N17: 0 | O17: 4 | P17: ХХ | W17: =IF(AND(T17="ДА",(IF(OR(U17="ДА",V17="ДА"),"ДА","НЕТ"))="ДА"),"ДА","НЕТ") -> НЕТ
A18: 9 | B18: ХХ | C18: КТП-2456п | D18: 1000 | E18: =D18 -> 1000 | F18: ХХ | H18: КТП | J18: г.Краснодар, ЖК Немецкая деревня, ул. Венецианская | K18: Договор купли-продажи от 15.09.2016 №1 | N18: 2 | O18: 4 | P18: ХХ | W18: =IF(AND(T18="ДА",(IF(OR(U18="ДА",V18="ДА"),"ДА","НЕТ"))="ДА"),"ДА","НЕТ") -> НЕТ
A19: 10 | B19: ХХ | C19: КТП-2457п | D19: 1000 | E19: =D19 -> 1000 | F19: ХХ | H19: КТП | J19: г.Краснодар, ЖК Немецкая деревня, ул. Венецианская,14 | K19: Договор купли-продажи от 01.12.2016 №6/12 | N19: 2 | O19: 4 | P19: ХХ | W19: =IF(AND(T19="ДА",(IF(OR(U19="ДА",V19="ДА"),"ДА","НЕТ"))="ДА"),"ДА","НЕТ") -> НЕТ
A20: 11 | B20: ХХ | C20: ТП-2431п | D20: 400 | E20: =D20 -> 400 | F20: ХХ | H20: ТП | J20: г.Краснодар, ЖК Казанский, ул. Восточная | K20: Договор купли-продажи от 30.11.2015 № 22/15/839 | N20: 0 | O20: 12 | P20: ХХ | R20: Выписка из ЕГРН, кадастровый номер: 23:43:0106012:16232 | S20: 44901 | U20: ДА | W20: =IF(AND(T20="ДА",(IF(OR(U20="ДА",V20="ДА"),"ДА","НЕТ"))="ДА"),"ДА","НЕТ") -> НЕТ
A21: 12 | B21: ХХ | C21: КТП-2730п | D21: 1000 | E21: =D21 -> 1000 | F21: ХХ | H21: КТП | J21: г.Краснодар, ЖК Немецкая деревня, ул. Античная | K21: Договор купли-продажи от 01.12.2016 № 7/12 | N21: 2 | O21: 4 | P21: ХХ | R21: Заключение кадастрового инженера от 08.04.2024г. | V21: ДА | W21: =IF(AND(T21="ДА",(IF(OR(U21="ДА",V21="ДА"),"ДА","НЕТ"))="ДА"),"ДА","НЕТ") -> НЕТ
A22: 13 | B22: ХХ | C22: 2КТП-2962п | D22: 1000 | E22: =D22 -> 1000 | F22: ХХ | H22: КТП | J22: г.Краснодар, ЖК "Модеград 2", ул. Западный обход, 39/1 | K22: Договор купли-продажи от 26.07.2019 № 719-2/ЕД | N22: 2 | O22: 4 | P22: ХХ | R22: Выписка из ЕГРН, кадастровый номер: 23:43:0106012:16224 | S22: 44882 | U22: ДА | W22: =IF(AND(T22="ДА",(IF(OR(U22="ДА",V22="ДА"),"ДА","НЕТ"))="ДА"),"ДА","НЕТ") -> НЕТ
A23: 14 | B23: ХХ | C23: 2КТП-2699п | D23: 400 | E23: =D23 -> 400 | F23: ХХ | H23: КТП | J23: г.Краснодар, ЖК Немецкая деревня, ул. Карлсруэвского, 3/2 | K23: Договор купли-продажи от 01.08.2019 б/н | N23: 0 | O23: 4 | P23: ХХ | R23: Выписка из ЕГРН кадастровый номер 23:43:0107001:46534 | S23: 45043 | U23: ДА | W23: =IF(AND(T23="ДА",(IF(OR(U23="ДА",V23="ДА"),"ДА","НЕТ"))="ДА"),"ДА","НЕТ") -> НЕТ
A24: 15 | B24: ХХ | C24: 2КТП-2700п | D24: 400 | E24: =D24 -> 400 | F24: ХХ | H24: КТП | J24: г.Краснодар, ЖК Немецкая деревня, ул. Боннская, 8/2 | K24: Договор купли-продажи от 01.08.2019 б/н | N24: 0 | O24: 4 | P24: ХХ | R24: Выписка из ЕГРН кадастровый номер 23:43:0107001:46533 | S24: 45043 | U24: ДА | W24: =IF(AND(T24="ДА",(IF(OR(U24="ДА",V24="ДА"),"ДА","НЕТ"))="ДА"),"ДА","НЕТ") -> НЕТ
A25: 16 | B25: ХХ | C25: 2КТП-2701п | D25: 630 | E25: =D25 -> 630 | F25: ХХ | H25: КТП | J25: г.Краснодар, ЖК Италия, ул.Веронская | K25: Договор купли-продажи от 01.08.2019 б/н | N25: 0 | O25: 4 | P25: ХХ | R25: Выписка из ЕГРН, кадастровый номер: 23:43:0107001:41807 | S25: 45244 | U25: ДА | W25: =IF(AND(T25="ДА",(IF(OR(U25="ДА",V25="ДА"),"ДА","НЕТ"))="ДА"),"ДА","НЕТ") -> НЕТ
A26: 17 | B26: ХХ | C26: 2КТП 400 по ул.Шумана 2 (на схеме ТП-Германия 3) | D26: 400 | E26: =D26 -> 400 | F26: ХХ | H26: КТП | J26: г.Краснодар, ЖК Немецкая деревня | K26: Договор купли-продажи от 25.11.2019 № 21 | N26: 0 | O26: 4 | P26: ХХ | R26: Заключение кадастрового инженера от 08.04.2024г. | V26: ДА | W26: =IF(AND(T26="ДА",(IF(OR(U26="ДА",V26="ДА"),"ДА","НЕТ"))="ДА"),"ДА","НЕТ") -> НЕТ
A27: 18 | B27: ХХ | C27: 2КТП-3115п | D27: 400 | E27: =D27 -> 400 | F27: ХХ | H27: КТП | J27: г.Краснодар, ЖК Немецкая деревня | K27: Договор купли-продажи от 19.11.2019 б/н | N27: 0 | O27: 4 | P27: ХХ | R27: Заключение кадастрового инженера от 08.04.2024г. | V27: ДА | W27: =IF(AND(T27="ДА",(IF(OR(U27="ДА",V27="ДА"),"ДА","НЕТ"))="ДА"),"ДА","НЕТ") -> НЕТ
A28: 19 | B28: ХХ | C28: 2КТП-3116п | D28: 630 | E28: =D28 -> 630 | F28: ХХ | H28: КТП | J28: г.Краснодар, ЖК "Португалия", ул.Лиссабонская | K28: Договор купли-продажи от 25.11.2019 № 21 | N28: 0 | O28: 8 | P28: ХХ | R28: Заключение кадастрового инженера от 08.04.2024г. | V28: ДА | W28: =IF(AND(T28="ДА",(IF(OR(U28="ДА",V28="ДА"),"ДА","НЕТ"))="ДА"),"ДА","НЕТ") -> НЕТ
A29: 20 | B29: ХХ | C29: 2КТП- 3106п | D29: 1000 | E29: =D29 -> 1000 | F29: ХХ | H29: КТП | J29: г.Краснодар, ЖК "Модеград 1", Западный обход 39/1 | K29: Договор купли-продажи от 19.11.2019 б/н | L29: Договор купли-продажи от 19.11.2019 б/н | N29: 2 | O29: 4 | P29: ХХ | R29: Выписка из ЕГРН, кадастровый номер 23:43:0106012:6231 | S29: 45244 | U29: ДА | W29: =IF(AND(T29="ДА",(IF(OR(U29="ДА",V29="ДА"),"ДА","НЕТ"))="ДА"),"ДА","НЕТ") -> НЕТ
A30: 21 | B30: ХХ | C30: 2КТП-3107п | D30: 1000 | E30: =D30 -> 1000 | F30: ХХ | H30: КТП | J30: г.Краснодар, ЖК "Европа сити", ул.Античная | K30: Договор купли-продажи от 25.11.2019 №1-40864/2019 | N30: 2 | O30: 4 | P30: ХХ | R30: Выписка из ЕГРН, кадастровый номер: 23:43:0107001:40864 | S30: 45244 | U30: ДА | W30: =IF(AND(T30="ДА",(IF(OR(U30="ДА",V30="ДА"),"ДА","НЕТ"))="ДА"),"ДА","НЕТ") -> НЕТ
A31: 22 | B31: ХХ | C31: 2БКТП-3158п | D31: 1000 | E31: =D31 -> 1000 | F31: ХХ | H31: БКТП | J31: г.Краснодар, ул.М.Цветаевой 4 | K31: Разрешение Ростехнадзора на допуск в эксплуатацию энергоустановки от 05.02.2020 г. № 035-05/27 | N31: 6 | O31: 1 | P31: ХХ | R31: Заключение кадастрового инженера от 08.04.2024г. | S31: схема не читается, прислать скан заново | T31: НЕТ | V31: ДА | W31: =IF(AND(T31="ДА",(IF(OR(U31="ДА",V31="ДА"),"ДА","НЕТ"))="ДА"),"ДА","НЕТ") -> НЕТ
A32: 23 | B32: ХХ | C32: КТП-3024п | D32: 1000 | E32: =D32 -> 1000 | F32: ХХ | H32: КТП | J32: г.Краснодар, ЖК "Модеград 1", ул. Западный обход, 65 | K32: Договор купли-продажи от 30.09.2019 № 1-2966/2019 | N32: 2 | O32: 4 | P32: ХХ | R32: Выписка из ЕГРН, кадастровый номер 23:43:0106012:16223 | S32: 44882 | U32: ДА | W32: =IF(AND(T32="ДА",(IF(OR(U32="ДА",V32="ДА"),"ДА","НЕТ"))="ДА"),"ДА","НЕТ") -> НЕТ
A33: 24 | B33: ХХ | C33: БРТП-1974п | D33: 1000 | E33: =D33 -> 1000 | F33: ХХ | H33: КТП | I33: 2.49 | J33: г.Краснодар, ЖК Академический, ул. Лукьяненко, 8 | K33: Договор купли-продажи от 29.07.2013 б/н | N33: 13 | O33: 0 | P33: ХХ | T33: ДА | U33: ДА | W33: =IF(AND(T33="ДА",(IF(OR(U33="ДА",V33="ДА"),"ДА","НЕТ"))="ДА"),"ДА","НЕТ") -> ДА
A34: 25 | B34: ХХ | C34: БКТП-1992п | D34: 630 | E34: =D34 -> 630 | F34: ХХ | H34: БКТП | J34: г.Краснодар, ЖК Академический, ул. Азовская,17 | K34: Договор купли-продажи от 26.07.2013 б/н | N34: 2 | O34: 6 | P34: ХХ | T34: ДА | U34: ДА | W34: =IF(AND(T34="ДА",(IF(OR(U34="ДА",V34="ДА"),"ДА","НЕТ"))="ДА"),"ДА","НЕТ") -> ДА
A35: 26 | B35: ХХ | C35: ТП-1585п | D35: 250 | E35: 0 | F35: ХХ | H35: ТП | J35: г.Краснодар, ул. Калинина,1 | K35: Договор купли-продажи от 01.08.2013 № 125 | N35: 0 | O35: 1 | P35: ХХ | T35: ДА | W35: =IF(AND(T35="ДА",(IF(OR(U35="ДА",V35="ДА"),"ДА","НЕТ"))="ДА"),"ДА","НЕТ") -> НЕТ
A36: 27 | B36: ХХ | C36: 2КТП-2642п | D36: 1000 | E36: =D36 -> 1000 | F36: ХХ | H36: КТП | J36: г.Краснодар, ЖК Академический, ул. Лукьяненко | K36: Договор купли-продажи от 12.10.2018 № 12-10/18 | N36: 2 | O36: 4 | P36: ХХ | R36: Выписка из ЕГРН, кадастровый номер 23:43:0115033:4485 | S36: 44965 | T36: ДА | U36: ДА | W36: =IF(AND(T36="ДА",(IF(OR(U36="ДА",V36="ДА"),"ДА","НЕТ"))="ДА"),"ДА","НЕТ") -> ДА
A37: 28 | B37: ХХ | C37: 2КТП-2288п | D37: 1000 | E37: =D37 -> 1000 | F37: ХХ | H37: КТП | J37: г.Краснодар, ЖК Академический, ул. Лукьяненко | K37: Договор купли-продажи от 12.10.2018 № 12-10/18 | N37: 2 | O37: 4 | P37: ХХ | R37: Выписка из ЕГРН, кадастровый номер 23:43:0115033:4487 | S37: 44965 | T37: ДА | U37: ДА | W37: =IF(AND(T37="ДА",(IF(OR(U37="ДА",V37="ДА"),"ДА","НЕТ"))="ДА"),"ДА","НЕТ") -> ДА
A38: 29 | B38: ХХ | C38: 2КТП-2231п | D38: 1000 | E38: =D38 -> 1000 | F38: ХХ | H38: КТП | J38: г.Краснодар, ЖК Академический, ул. Лукьяненко | K38: Договор купли-продажи от 12.10.2018 № 12-10/18 | N38: 2 | O38: 4 | P38: ХХ | R38: Выписка из ЕГРН, кадастровый номер 23:43:0115033:4486 Выписка из ЕГРН, кадастровый номер 23:43:0115033:4483 | S38: 44965 | T38: ДА | U38: ДА | W38: =IF(AND(T38="ДА",(IF(OR(U38="ДА",V38="ДА"),"ДА","НЕТ"))="ДА"),"ДА","НЕТ") -> ДА
A39: 30 | B39: ХХ | C39: БКТП-1625п | D39: 630 | E39: =D39 -> 630 | F39: ХХ | H39: БКТП | I39: 0.428 | J39: г.Краснодар, ул. Каляева,263 | K39: Договор купли-продажи от 23.10.2018 № 23/10-18 | N39: 2 | O39: 6 | P39: ХХ | R39: Заключение кадастрового инженера от 08.05.2024г. | T39: ДА | V39: ДА | W39: =IF(AND(T39="ДА",(IF(OR(U39="ДА",V39="ДА"),"ДА","НЕТ"))="ДА"),"ДА","НЕТ") -> ДА
A40: 31 | B40: ХХ | C40: 2БКТП-2014п | D40: 1000 | E40: =D40 -> 1000 | F40: ХХ | H40: БКТП | I40: 1.9 | J40: г.Краснодар, ул. Кожевенная, 28 | K40: Договор аренды имущества от 17.05.2019 №22/19/401 | N40: 2 | O40: 6 | P40: ХХ | T40: ДА | W40: =IF(AND(T40="ДА",(IF(OR(U40="ДА",V40="ДА"),"ДА","НЕТ"))="ДА"),"ДА","НЕТ") -> НЕТ
A41: 32 | B41: ХХ | C41: 2БКТП-2015п | D41: 1000 | E41: =D41 -> 1000 | F41: ХХ | H41: БКТП | N41: 2 | O41: 6 | P41: ХХ | T41: ДА | W41: =IF(AND(T41="ДА",(IF(OR(U41="ДА",V41="ДА"),"ДА","НЕТ"))="ДА"),"ДА","НЕТ") -> НЕТ
A42: 33 | B42: ХХ | C42: 2КТП-3206п | D42: 1000 | E42: =D42 -> 1000 | F42: ХХ | H42: КТП | I42: 5.493 | J42: г. Краснодар, ул. Западный обход 45 | K42: Договор купли-продажи от 22.04.2024 № КП-Н-48/24 | N42: 5 | O42: 4 | P42: ХХ | R42: Выписка из ЕГРН, кадастровый номер 23:43:0106012:4833 | S42: ОС должна быть за подписью директора КЭСК | T42: НЕТ | U42: ДА | W42: =IF(AND(T42="ДА",(IF(OR(U42="ДА",V42="ДА"),"ДА","НЕТ"))="ДА"),"ДА","НЕТ") -> НЕТ | X42: ДКП с номером ТП; ЕГРН без номера ТП
A43: 34 | B43: ХХ | C43: 2КТП-3207п | D43: 1250 | E43: =D43 -> 1250 | F43: ХХ | H43: КТП | K43: Договор купли-продажи от 22.04.2024 № КП-Н-48/24 | N43: 5 | O43: 2 | P43: ХХ | R43: Выписка из ЕГРН, кадастровый номер 23:43:0106012:4834 | S43: ОС должна быть за подписью директора КЭСК | T43: НЕТ | U43: ДА | W43: =IF(AND(T43="ДА",(IF(OR(U43="ДА",V43="ДА"),"ДА","НЕТ"))="ДА"),"ДА","НЕТ") -> НЕТ | X43: ДКП с номером ТП; ЕГРН без номера ТП
A44: 35 | B44: ХХ | C44: 2КТП-3208п | D44: 1250 | E44: =D44 -> 1250 | F44: ХХ | H44: КТП | K44: Договор купли-продажи от 22.04.2024 № КП-Н-48/24 | N44: 5 | O44: 2 | P44: ХХ | R44: Выписка из ЕГРН, кадастровый номер 23:43:0106012:4832 | S44: ОС должна быть за подписью директора КЭСК | T44: НЕТ | U44: ДА | W44: =IF(AND(T44="ДА",(IF(OR(U44="ДА",V44="ДА"),"ДА","НЕТ"))="ДА"),"ДА","НЕТ") -> НЕТ | X44: ДКП с номером ТП; ЕГРН без номера ТП
A45: 36 | B45: ХХ | C45: 2БРТП-2759 | D45: 1000 | E45: =D45 -> 1000 | F45: ХХ | H45: КТП | I45: 4.02 | J45: г. Краснодар, Прикубанский округ, кадастровый №23:43:0000000:894 | K45: Договор аренды имущества №894/ЭС от 09.11.2022 С ПРАВОМ ВЫКУПА; Приказ № 7 от 28.09.2023 о вводе в эксплуатацию КТП-2760п; Приказ № 6 от 28.09.2023 о вводе в эксплуатацию КТП-2759п | N45: 2 | O45: 4 | P45: ХХ | R45: Заключение кадастрового инженера от 27.03.2024г. | S45: нет подписи директора на ОС | T45: НЕТ | V45: ДА | W45: =IF(AND(T45="ДА",(IF(OR(U45="ДА",V45="ДА"),"ДА","НЕТ"))="ДА"),"ДА","НЕТ") -> НЕТ
A46: 37 | B46: ХХ | C46: 2БРТП-2760 | D46: 1000 | E46: =D46 -> 1000 | F46: ХХ | H46: КТП | N46: 2 | O46: 2 | P46: ХХ | R46: Заключение кадастрового инженера от 27.03.2024г. | S46: нет подписи директора на ОС | T46: НЕТ | V46: ДА | W46: =IF(AND(T46="ДА",(IF(OR(U46="ДА",V46="ДА"),"ДА","НЕТ"))="ДА"),"ДА","НЕТ") -> НЕТ
A47: 38 | B47: ХХ | C47: 2БКРП-3246п | D47: 630 | E47: =D47 -> 630 | F47: ХХ | H47: КТП | J47: г.Краснодар, кадастровый №23:43:0107001:14309 | K47: Договор №51 поставки и выполнения строительно-монтажных, пусконаладочных работ от 07.08.2020 | N47: 6 | O47: 0 | P47: ХХ | R47: Заключение кадастрового инженера от 08.04.2024г. (мощность 2*1000 кВа) | S47: нет подписи директора на ОС и нет номера ТП на схеме | T47: НЕТ | V47: ДА | W47: =IF(AND(T47="ДА",(IF(OR(U47="ДА",V47="ДА"),"ДА","НЕТ"))="ДА"),"ДА","НЕТ") -> НЕТ | X47: мощность в ЗКИ 2*1000 ???
A48: 39 | B48: ХХ | C48: 2КТП-3074п | D48: 1000 | E48: =D48 -> 1000 | F48: ХХ | H48: КТП | I48: 0.88 | J48: г.Краснодар, ул.Каляева 263/4 | K48: Договор аренды имущества от 19.11.2020 №19/11 | N48: 2 | O48: 3 | P48: ХХ | S48: нет подписаной ОС директором КЭСК | T48: НЕТ | W48: =IF(AND(T48="ДА",(IF(OR(U48="ДА",V48="ДА"),"ДА","НЕТ"))="ДА"),"ДА","НЕТ") -> НЕТ
A49: 40 | B49: ХХ | C49: 2БКТП-3380п | D49: 1000 | E49: =D49 -> 1000 | F49: ХХ | H49: БКТП | I49: 2 | J49: г. Краснодар, к/н №23:43:0106012:610 | K49: Договор №2021.103814 поставки и выполнения строительно-монтажных, пусконаладочных работ от 05.07.2021 | N49: 8 | O49: 2 | P49: ХХ | R49: Заключение кадастрового инженера от 08.04.2024г. | S49: ОС должна быть за подписью директора КЭСК | T49: НЕТ | V49: ДА | W49: =IF(AND(T49="ДА",(IF(OR(U49="ДА",V49="ДА"),"ДА","НЕТ"))="ДА"),"ДА","НЕТ") -> НЕТ
A50: 41 | B50: ХХ | C50: 2 БКТП-3322п | D50: 1250 | E50: =D50 -> 1250 | F50: ХХ | H50: БКТП | J50: г. Краснодар, к/н №23:43:0106012:27399 | K50: Договор купли-продажи от 01.03.2024 № ТП3322п | N50: 8 | O50: 4 | P50: ХХ | R50: Заключение кадастрового инженера от 08.04.2024г. | S50: непонятно какая ТП и нет подписи директора кэск | T50: НЕТ | V50: ДА | W50: =IF(AND(T50="ДА",(IF(OR(U50="ДА",V50="ДА"),"ДА","НЕТ"))="ДА"),"ДА","НЕТ") -> НЕТ
A51: 42 | B51: ХХ | C51: 2КТППН АП-47-2323П | D51: 1250 | E51: =D51 -> 1250 | F51: ХХ | H51: КТП | I51: 1 | J51: г. Анапа, ш. Анапское к/н №23:37:0109002:103 | K51: Договор аренды имущества от 22.08.2022 № 22/08 | N51: 2 | O51: 4 | P51: ХХ | T51: ДА | W51: =IF(AND(T51="ДА",(IF(OR(U51="ДА",V51="ДА"),"ДА","НЕТ"))="ДА"),"ДА","НЕТ") -> НЕТ
A52: 43 | B52: ХХ | C52: ТП 2747п | D52: 1250 | E52: =3*1250 -> 3750 | F52: ХХ | H52: ТП | I52: 3 | J52: г. Краснодар, ул. Красная, 120 | K52: Договор аренды имущества от 01.09.2022 № 11/20 | N52: 0 | O52: 0 | P52: ХХ | S52: на ОС ТП-2741п и нет подписи директора КЭСК | T52: НЕТ | W52: =IF(AND(T52="ДА",(IF(OR(U52="ДА",V52="ДА"),"ДА","НЕТ"))="ДА"),"ДА","НЕТ") -> НЕТ
A53: 44 | B53: ХХ | C53: ТП 24 | D53: 1250 | E53: =D53 -> 1250 | F53: ХХ | H53: ТП | I53: 4.845 | J53: г. Новороссийск к/н 23:47:0305013:29 | K53: Договор аренды имущества № 13/22 от 12.10.2022 | N53: 3 | O53: 0 | P53: ХХ | S53: файл ОС плохого качества | T53: ДА | W53: =IF(AND(T53="ДА",(IF(OR(U53="ДА",V53="ДА"),"ДА","НЕТ"))="ДА"),"ДА","НЕТ") -> НЕТ
A54: 45 | B54: ХХ | C54: ТП 25 | D54: 630 | E54: 0 | F54: ХХ | H54: ТП | N54: 3 | O54: 0 | P54: ХХ | S54: файл ОС плохого качества, 2х630кВа??? | T54: ДА | W54: =IF(AND(T54="ДА",(IF(OR(U54="ДА",V54="ДА"),"ДА","НЕТ"))="ДА"),"ДА","НЕТ") -> НЕТ
A55: 46 | B55: ХХ | C55: ТП 26 | D55: 1250 | E55: 0 | F55: ХХ | H55: ТП | N55: 3 | O55: 0 | P55: ХХ | S55: файл ОС плохого качества, 2х1250кВа??? | T55: ДА | W55: =IF(AND(T55="ДА",(IF(OR(U55="ДА",V55="ДА"),"ДА","НЕТ"))="ДА"),"ДА","НЕТ") -> НЕТ
A56: 47 | B56: ХХ | C56: ТП 30 | D56: 1000 | E56: 0 | F56: ХХ | H56: ТП | N56: 1 | O56: 4 | P56: ХХ | T56: ДА | W56: =IF(AND(T56="ДА",(IF(OR(U56="ДА",V56="ДА"),"ДА","НЕТ"))="ДА"),"ДА","НЕТ") -> НЕТ
A57: 48 | B57: ХХ | C57: ТП 34 | D57: 1250 | E57: =D57 -> 1250 | F57: ХХ | H57: ТП | N57: 3 | O57: 0 | P57: ХХ | S57: файл ОС плохого качества, 2х1250кВа на картинке линия одна??? | T57: ДА | W57: =IF(AND(T57="ДА",(IF(OR(U57="ДА",V57="ДА"),"ДА","НЕТ"))="ДА"),"ДА","НЕТ") -> НЕТ
A58: 49 | B58: ХХ | C58: ТП 3403 | D58: 630 | E58: 630 | F58: ХХ | H58: ТП | J58: г. Краснодар, ул. Им. Хабибулина, 4 | K58: Договор КП №28/09/2023 от 28.09.2023 | N58: 2 | O58: 6 | P58: ХХ | R58: Заключение кадастрового инженера от 19.03.2024г. | S58: Согласно принципиальной однолинейной схемы наименование ТП-3403п и мощность по 630 кВА, в ДКП №28/09/2023 от 28.09.2023 отражено 2*1000 кВа??? | T58: ДА | V58: ДА | W58: =IF(AND(T58="ДА",(IF(OR(U58="ДА",V58="ДА"),"ДА","НЕТ"))="ДА"),"ДА","НЕТ") -> ДА | X58: номер ТП совпадает
A59: 50 | B59: ХХ | C59: ТП 3123п | D59: 630 | E59: =D59 -> 630 | F59: ХХ | H59: ТП | J59: г. Краснодар, ул. Атлантическая к/н 23:43:0107001:34025 | K59: Договор купли-продажи от 15.03.2024 №б/н | N59: 5 | O59: 0 | P59: ХХ | R59: Заключение кадастрового инженера от 08.04.2024г. | S59: На ОС непонятна какая ТП и нет подписи директора | T59: НЕТ | V59: ДА | W59: =IF(AND(T59="ДА",(IF(OR(U59="ДА",V59="ДА"),"ДА","НЕТ"))="ДА"),"ДА","НЕТ") -> НЕТ
A60: 51 | B60: ХХ | C60: 2КТП-1600/10/0,4кВ (№1) ТП-3507 | D60: 1600 | E60: =D60 -> 1600 | F60: ХХ | H60: КТП | I60: 3 | J60: зу к/н 23:43:0116030:3818 | K60: Договор аренды имущества № 12/10-22 от 17.10.2022 | N60: 4 | O60: 4 | P60: ХХ | W60: =IF(AND(T60="ДА",(IF(OR(U60="ДА",V60="ДА"),"ДА","НЕТ"))="ДА"),"ДА","НЕТ") -> НЕТ
A61: 52 | B61: ХХ | C61: 2КТП-1250/10/0,4кВ (№2) ТП-3508 | D61: 1250 | E61: =D61 -> 1250 | F61: ХХ | H61: КТП | J61: зу к/н 23:43:0116030:3822 | N61: 2 | O61: 6 | P61: ХХ | W61: =IF(AND(T61="ДА",(IF(OR(U61="ДА",V61="ДА"),"ДА","НЕТ"))="ДА"),"ДА","НЕТ") -> НЕТ
A62: 53 | B62: ХХ | C62: ТП Н-776п | D62: 630 | E62: 0 | F62: ХХ | H62: ТП | I62: 0.1496 | J62: с. Бжид ул. Горная 10 | K62: Договор аренды имущества № 17/10/2022 от 17.10.2022 | O62: 3 | P62: ХХ | S62: Прошу проверить схему, почему в схеме 250кВ? | T62: НЕТ | W62: =IF(AND(T62="ДА",(IF(OR(U62="ДА",V62="ДА"),"ДА","НЕТ"))="ДА"),"ДА","НЕТ") -> НЕТ
A63: 54 | B63: ХХ | C63: ТП 3473 2КТПП-1250/10/0,4 | D63: 1000 | E63: 1000 | F63: ХХ | H63: ТП | J63: г. Краснодар, ул. Красных Партизан 4/1 | K63: Договор аренды имущества № 14/10/1 от 14.10.2022 | N63: 2 | O63: 4 | P63: ХХ | S63: согласно ОС мощность 1000/1000, наименование 2КТПП 3473п | T63: ДА | W63: =IF(AND(T63="ДА",(IF(OR(U63="ДА",V63="ДА"),"ДА","НЕТ"))="ДА"),"ДА","НЕТ") -> НЕТ
A64: 55 | B64: ХХ | C64: ТП 2904 2КТП-630 кВА 10/0,4 | D64: 630 | E64: =D64 -> 630 | F64: ХХ | H64: ТП | I64: 0.4 | J64: г. Краснодар, ул. Сормовская 177/2 | K64: Договор аренды имущества № 19/10-2022 от 18.10.2022 | N64: 2 | O64: 6 | P64: ХХ | T64: ДА | W64: =IF(AND(T64="ДА",(IF(OR(U64="ДА",V64="ДА"),"ДА","НЕТ"))="ДА"),"ДА","НЕТ") -> НЕТ
A65: 56 | B65: ХХ | C65: ТП 3131 | D65: 160 | E65: 160 | F65: ХХ | H65: ТП | I65: 0.0985 | J65: г. Краснодар, х. Ленина, ул. Лукьяненко 16/1 | K65: Договор аренды имущества № 18/10-2022 от 18.10.2022 | N65: 3 | O65: 2 | P65: ХХ | S65: Т2 тоже 160 | T65: ДА | W65: =IF(AND(T65="ДА",(IF(OR(U65="ДА",V65="ДА"),"ДА","НЕТ"))="ДА"),"ДА","НЕТ") -> НЕТ
A66: 57 | B66: ХХ | C66: РТП-2580п | D66: 1000 | E66: =D66 -> 1000 | F66: ХХ | H66: КТП | I66: 4.74 | J66: г. Краснодар, ЖК "Центральный", квартал 238-б | K66: Договор аренды имущества № 02/10-2022 от 02.11.2022 | N66: 8 | O66: 4 | P66: ХХ | S66: не видно мощности и номера ТП, нет подписи директора кэск | T66: НЕТ | W66: =IF(AND(T66="ДА",(IF(OR(U66="ДА",V66="ДА"),"ДА","НЕТ"))="ДА"),"ДА","НЕТ") -> НЕТ
A67: 58 | B67: ХХ | C67: РТП-2581п | D67: 1000 | E67: =D67 -> 1000 | F67: ХХ | H67: КТП | N67: 8 | O67: 4 | P67: ХХ | S67: не видно мощности и номера ТП, нет подписи директора кэск | T67: НЕТ | W67: =IF(AND(T67="ДА",(IF(OR(U67="ДА",V67="ДА"),"ДА","НЕТ"))="ДА"),"ДА","НЕТ") -> НЕТ
A68: 59 | B68: ХХ | C68: РТП-2582п | D68: 1000 | E68: =D68 -> 1000 | F68: ХХ | H68: КТП | N68: 2 | O68: 4 | P68: ХХ | S68: не видно мощности и номера ТП, нет подписи директора кэск | T68: НЕТ | W68: =IF(AND(T68="ДА",(IF(OR(U68="ДА",V68="ДА"),"ДА","НЕТ"))="ДА"),"ДА","НЕТ") -> НЕТ
A69: 60 | B69: ХХ | C69: РТП-2583п | D69: 1000 | E69: =D69 -> 1000 | F69: ХХ | H69: КТП | N69: 2 | O69: 4 | P69: ХХ | S69: не видно мощности и номера ТП, нет подписи директора кэск | T69: НЕТ | W69: =IF(AND(T69="ДА",(IF(OR(U69="ДА",V69="ДА"),"ДА","НЕТ"))="ДА"),"ДА","НЕТ") -> НЕТ
A70: 61 | B70: ХХ | C70: ТП-3516 2БРТП-1250 кВА 10/0,4 | D70: 1250 | E70: =D70 -> 1250 | F70: ХХ | H70: ТП | I70: 5.9 | J70: г. Краснодар, к/н з/у 23:43:0107001:14305 | K70: Договор аренды имущества № 31/10 от 31.10.2022 | N70: 18 | O70: 0 | P70: ХХ | S70: не написано ТП-3516 в ОС | T70: ДА | W70: =IF(AND(T70="ДА",(IF(OR(U70="ДА",V70="ДА"),"ДА","НЕТ"))="ДА"),"ДА","НЕТ") -> НЕТ
A71: 62 | B71: ХХ | C71: КТП 3526п (КТП 2БКТП-10/0,4кВ к/н 23:43:0106012:4486) | D71: 1000 | E71: =D71 -> 1000 | F71: ХХ | H71: КТП | I71: 4.99 | J71: г. Краснодар, ЖК «Cармат» ул. Западный обход, 65/2. | K71: Приказ о вводе ОС от 03.07.2023 | N71: 0 | O71: 2 | P71: ХХ | R71: Заключение кадастрового инженера от 27.03.2024г. | S71: нет подписи директора на ОС | T71: НЕТ | V71: ДА | W71: =IF(AND(T71="ДА",(IF(OR(U71="ДА",V71="ДА"),"ДА","НЕТ"))="ДА"),"ДА","НЕТ") -> НЕТ
A72: 63 | B72: ХХ | C72: 2БКТП-Сармат 1 | D72: 1250 | E72: =D72 -> 1250 | F72: ХХ | H72: БКТП | J72: г. Краснодар, ул. Западный обход, к/н 23:43:0106012:6384 | K72: Приказ о вводе ОС от 18.09.2023 | N72: 0 | O72: 2 | P72: ХХ | R72: Заключение кадастрового инженера от 27.03.2024г. | S72: нет подписи директора на ОС | T72: НЕТ | V72: ДА | W72: =IF(AND(T72="ДА",(IF(OR(U72="ДА",V72="ДА"),"ДА","НЕТ"))="ДА"),"ДА","НЕТ") -> НЕТ
A73: 64 | B73: ХХ | C73: 2БКТП-Сармат 2 | D73: 1250 | E73: =D73 -> 1250 | F73: ХХ | H73: БКТП | J73: г. Краснодар, ул. Западный обход, к/н 23:43:0106012:4486 | K73: Приказ о вводе ОС от 18.09.2023 | N73: 0 | O73: 2 | P73: ХХ | R73: Заключение кадастрового инженера от 27.03.2024г. | S73: нет подписи директора на ОС | T73: НЕТ | V73: ДА | W73: =IF(AND(T73="ДА",(IF(OR(U73="ДА",V73="ДА"),"ДА","НЕТ"))="ДА"),"ДА","НЕТ") -> НЕТ
A75: Итого | D75: =SUM(D10:D73) -> 58470 | E75: =SUM(E10:E73) -> 57210 | F75: ХХ | H75: ХХ | I75: =SUM(I10:I73) -> 58.7971 | L75: 0 | M75: =SUM(M10:M73) -> 0 | N75: =SUM(N10:N73) -> 192 | O75: =SUM(O10:O73) -> 230 | P75: ХХ
D77: =D75+E75 -> 115680
I78: Директор | M78: А.Е.Кошмелюк | O78: =SUBTOTAL(9,L10:O74) -> 422
Q127: С.С. Ганюшкин

Sheet ВЛ и КЛ ТСО
A1: Наименование организации: ООО "Кубанская электросетевая компания" | AF1: Приложение 2
A2: ИНН: 2309135367 | I2: КПП: 231001001
A3: Выделенный абонентский номер для обращений потребителей услуг по передаче электрической энергии и (или) технологическому присоединению: | I3: 8 (861) -299-10-10
A4: Официальный сайт в информационно-телекоммуникационной сети "Интернет": | I4: https://kubseti.ru/
A5: Информация по линиям электропередачи (воздушным и (или) кабельным) в административных границах Краснодарский область (край)
A7: Диспетчерское наименование | B7: Инвентарный номер линии | C7: Тип (ВЛ/КЛ) | D7: Диспетчерское наименование | E7: Протяженность воздушных линий электропередачи, км | W7: Протяженность кабельных линий электропередачи, км | AA7: Документ, подтверждающий владение линией электропередачи на праве собственности (реквизиты) информация о регистрации | AF7: Примечание
E8: 220 кВ | I8: 110 кВ | M8: 35 кВ | R8: 1-20 кВ | U8: ниже 1 кВ | W8: 110 кВ | X8: ДКП соответствие | Y8: 3-10 кВ | Z8: ниже 1 кВ | AB8: арендодатель | AC8: номер и дата | AD8: Принимается 100% | AE8: информация о регистрации
E9: количество цепей | I9: количество цепей | M9: количество цепей | R9: дерево | S9: дерево на ж/б пасынках | T9: ж/бетон,металл | U9: дерево, дерево на ж/б пасынках | V9: ж/бетон,металл
E10: 1 | G10: 2 | I10: 1 | K10: 2 | M10: 1 | P10: 2
E11: металл | F11: ж/бетон | G11: металл | H11: ж/бетон | I11: металл | J11: ж/бетон | K11: металл | L11: ж/бетон | M11: дерево | N11: металл | O11: ж/бетон | P11: металл | Q11: ж/бетон | AF11: ВОПРОСЫ 1 | AG11: ВОПРОСЫ 2 | AH11: Ответ ТСО от 16.05.2024 | AI11: Вопросы от 16.05.2024
A12: 4 | B12: 2 | C12: 3 | D12: 4 | E12: 5 | F12: 6 | G12: 7 | H12: 8 | I12: 9 | J12: 10 | K12: 11 | L12: 12 | M12: 13 | N12: 14 | O12: 15 | P12: 16 | Q12: 17 | R12: 18 | S12: 19 | T12: 20 | U12: 21 | V12: 22 | AA12: 27 | AB12: 28 | AC12: 29 | AD12: 30 | AE12: 28 | AF12: 28 | AG12: 28 | AH12: 28 | AI12: 28 | AJ12: 28
A13: БКТП-2108п | B13: ХХ | C13: КЛ | D13: БКТП-2108п | Y13: 3.51 | Z13: 2.61 | AA13: Договор купли-продажи от 01.07.2013 № 26-НД | AG13: "Выписка из ЕГРН, кадастровый номер: 23:43:0000000:18061, гос.учетный номер в ЕГРН - 18127"
A14: БКТП-2106п | B14: ХХ | C14: КЛ | D14: БКТП-2106п | AG14: "Выписка из ЕГРН, кадастровый номер: 23:43:0000000:18061, гос.учетный номер в ЕГРН - 18127"
A15: БКТП-2109п | B15: ХХ | C15: КЛ | D15: БКТП-2109п | Y15: 0.76 | Z15: 5.514 | AG15: "Выписка из ЕГРН, кадастровый номер: 23:43:0000000:18061, гос.учетный номер в ЕГРН - 18127"
A16: БКТП-2107п | B16: ХХ | C16: КЛ | D16: БКТП-2107п | Y16: 1.47 | Z16: 2.06 | AG16: "Выписка из ЕГРН, кадастровый номер: 23:43:0000000:18061, гос.учетный номер в ЕГРН - 18127"
A17: БКТП-2110п | B17: ХХ | C17: КЛ | D17: БКТП-2110п | AG17: "Выписка из ЕГРН, кадастровый номер: 23:43:0000000:18061, гос.учетный номер в ЕГРН - 18127"
A18: БКТП-2105п | B18: ХХ | C18: КЛ | D18: БКТП-2105п | Y18: 0.425 | AG18: "Выписка из ЕГРН, кадастровый номер: 23:43:0000000:18061, гос.учетный номер в ЕГРН - 18127"
A19: 2КЛ-10КВ АСБл 2(3*240 мм2) от 2 КТП по ул. Шумана 2 до 2БКТП №2103п | B19: ХХ | C19: КЛ | D19: 2КЛ-10КВ АСБл 2(3*240 мм2) от 2 КТП по ул. Шумана 2 до 2БКТП №2103п | X19: + | Y19: 2.98 | AD19: 2.98 | AF19: Выписка из ЕГРН, кадастровый номер: 23:43:0107001:48756 (2980м) | AH19: направляем выписку из ЕГРН (во вложении), в выписке указано 2980 метров, а не 2900, предлагаем уточнить длину в сторону увеличения; | AI19: +
A20: КТП-2476п | B20: ХХ | C20: КЛ | D20: КТП-2476п | X20: + | Y20: 1.48 | AA20: Договор купли-продажи от 30.11.2015 № 22/15/839 | AD20: 1.48 | AF20: Заключение кадастрового инженера на КЛ-10кВ 1480м от 17.05.2024г. | AG20: "Выписка из ЕГРН, кадастровый номер: 23:43:0000000:18061, гос.учетный номер в ЕГРН - 18127" | AH20: протяженность указана в исходном договоре купли-продажи. Заключение кадастрового инженера (далее - ЗКИ) в стадии подготовки, будет направлена в ваш адрес в ближайшее время; | AI20: +
A21: КТП-2730п | B21: ХХ | C21: КЛ | D21: КТП-2730п | X21: + | Y21: =0.81+0.38 -> 1.19 | Z21: 2.18 | AA21: Договор купли-продажи от 01.12.2016 № 7/12 | AD21: =1.19+2.18 -> 3.37 | AE21: =810+380 -> 1190 | AF21: Заключение кадастрового инженера на КЛ-10кВ от 08.04.2024г. на 810м+380м; Заключение кадастрового инженера на КЛ-0,4кВ 2180м от 07.05.2024г. | AG21: 1 | AH21: у нас ошибка. ЗКИ от 07.05.2024 на КЛ-0,4 кВ протяженностью 2180м во вложении, просим внести исправление в таблицу; | AI21: +
A22: КТП-2456п | B22: ХХ | C22: КЛ | D22: КТП-2456п | X22: + | Y22: 0.34 | Z22: 3.516 | AA22: Договор купли-продажи от 15.09.2016 №1 | AD22: =3.516 -> 3.516 | AF22: Заключение кадастрового инженера на КЛ-0,4кВ 3516м от 17.05.2024г. | AG22: "Выписка из ЕГРН, кадастровый номер: 23:43:0000000:18061, гос.учетный номер в ЕГРН - 18127" | AH22: протяженность указана в исходном договоре купли-продажи: - КЛ-10 кВ – 340 метров, - КЛ-0,4 кВ – 3165 метров. ЗКИ в стадии подготовки, будут направлены в ваш адрес в ближайшее время; | AI22: КЛ-10кВ 340м случаем не дублирует соседнюю линию от КТП-2457п тоже на 340м???
A23: КТП-2457п | B23: ХХ | C23: КЛ | D23: КТП-2457п | X23: + | Y23: =0.34+0.538 -> 0.878 | Z23: 1.532 | AA23: Договор купли-продажи от 01.12.2016 №6/12 | AD23: =0.878+1.532 -> 2.41 | AF23: Заключение кадастрового инженера на КЛ-10кВ 340м от 17.05.2024г. Заключение кадастрового инженера на КЛ-10кВ 538м от 17.05.2024г. Заключение кадастрового инженера на КЛ-0,4кВ 1532м от 17.05.2024г. | AG23: "Выписка из ЕГРН, кадастровый номер: 23:43:0000000:18061, гос.учетный номер в ЕГРН - 18127" | AH23: протяженность указана в исходном договоре купли-продажи: - КЛ-10 кВ – 538 метров, - КЛ-0,4 кВ – 1532 метров. ЗКИ в стадии подготовки, будут направлены в ваш адрес в ближайшее время | AI23: +
A24: ТП-2431п | B24: ХХ | C24: КЛ | D24: ТП-2431п | X24: + | Y24: 1.5 | Z24: 0.32 | AA24: Договор купли-продажи от 30.11.2015 № 22/15/839 Договор купли-продажи от 26.07.2019 № 719-2/ЕД | AD24: =1.5+0.32 -> 1.82 | AF24: Выписка из ЕГРН, кадастровый номер: 23:43:0000000:24753 (10кВ) от 06.12.2022, 1500м; Заключение кадастрового инженера на КЛ-0,4кВ 320м от 17.05.2024г. | AG24: "Выписка из ЕГРН, кадастровый номер: 23:43:0000000:18061, гос.учетный номер в ЕГРН - 18127" | AH24: согласны, что в отношении КЛ-10 надо указывать длину согласно Выписки, т.е. 1,5 км. В отношении КЛ-0,4 кВ ЗКИ в стадии подготовки, будет направлена в ваш адрес в ближайшее время; | AI24: +
A25: БРТП-1974п | B25: ХХ | C25: КЛ | D25: БРТП-1974п | X25: + | Y25: 0.825 | Z25: 3.922 | AA25: Договор купли-продажи от 29.07.2013 б/н | AD25: ? | AF25: Выписка из ЕГРН, кадастровый номер 23:43:0000000:18060, гос.учетный номер в ЕГРН - 18127 от 05.12.2022 на 7880м; | AG25: поправил+ может добавить в таблицу
A26: БКТП-1992п | B26: ХХ | C26: КЛ | D26: БКТП-1992п | X26: + | Y26: 2.084 | Z26: 1.049 | AA26: Договор купли-продажи от 26.07.2013 б/н | AD26: ? | AF26: Выписка из ЕГРН, кадастровый номер 23:43:0000000:18060, гос.учетный номер в ЕГРН - 18127 от 05.12.2022 на 7880м; | AG26: поправил+ может добавить в таблицу
A27: 2КТП-2642п | B27: ХХ | C27: КЛ | D27: 2КТП-2642п | X27: + | Y27: 0.18 | Z27: 0.42 | AA27: Договор купли-продажи от 12.10.2018 № 12-10/18 | AD27: =0.18+0.42 -> 0.6 | AF27: Выписка из ЕГРН, кадастровый номер 23:43:0115033:4481 (10 кВ) от 29.11.2022, 180м; Заключение кадастрового инженера от 07.05.2024г (0,4кВт на 420м). | AH27: в отношении КЛ-0,4 – ЗКИ во вложении к настоящему письму, просим внести изменения в таблицу | AI27: +
A28: 2КТП-2288п | B28: ХХ | C28: КЛ | D28: 2КТП-2288п | X28: + | Y28: 0.22 | Z28: 1.224 | AA28: Договор купли-продажи от 12.10.2018 № 12-10/18 | AD28: =0.22+1.224 -> 1.444 | AF28: Выписка из ЕГРН, кадастровый номер 23:43:0115033:4483 (10 кВ) от 30.11.2022, 220м; Заключение кадастрового инженера от 07.05.2024г (0,4кВт на 1224м). | AH28: в отношении КЛ-0,4 – ЗКИ во вложении к настоящему письму, просим внести изменения в таблицу; в отношении КЛ-10 – у нас ошибка, перепутаны местами длины КЛ-10 . Предлагаю поменять их местами, все придет в норму; | AI28: +
A29: 2КТП-2231п | B29: ХХ | C29: КЛ | D29: 2КТП-2231п | X29: + | Y29: 0.58 | Z29: 0.75 | AA29: Договор купли-продажи от 12.10.2018 № 12-10/18 | AD29: =0.58+0.75 -> 1.33 | AF29: Выписка из ЕГРН, кадастровый номер 23:43:0115033:4482 (10кВ) от 30.11.2022, 580м; Заключение кадастрового инженера от 07.05.2024г (0,4кВт на 750м) | AH29: в отношении КЛ-0,4 – ЗКИ во вложении к настоящему письму, просим внести изменения в таблицу; в отношении КЛ-10 – у нас ошибка, перепутаны местами длины КЛ-10 . Предлагаю поменять их местами, все придет в норму; | AI29: +
A30: ТП-1585п | B30: ХХ | C30: ВЛ | D30: ТП-1585п | T30: 0.15 | X30: + | AA30: Договор купли-продажи от 01.08.2013 № 125 | AH30: (ТП-1585п) – уже не актуальная информация, предлагаю удалить строку.
A31: БКТП-1625п | B31: ХХ | C31: КЛ | D31: БКТП-1625п | X31: + | AA31: Договор купли-продажи от 23.10.2018 № 23/10-18
A32: 2БКТП-2014п | B32: ХХ | C32: КЛ | D32: 2БКТП-2014п | X32: + | Y32: 0.832 | Z32: 9.42 | AA32: Договор аренды имущества от 17.05.2019 №22/19/401 | AB32: АО "АТЭК"
A33: 2БКТП-2015п | B33: ХХ | C33: КЛ | D33: 2БКТП-2015п | X33: + | AA33: Договор аренды имущества от 17.05.2019 №22/19/401 | AB33: АО "АТЭК"
A34: 2КТП-2962п | B34: ХХ | C34: КЛ | D34: 2КТП-2962п | X34: + | Y34: 4.4 | Z34: 0.4039 | AD34: =4.4 -> 4.4 | AF34: 23:43:0106012:16225 от 17.11.2022 10кВ -4400м; | AH34: протяженность КЛ-0,4 кВ указана в исходном договоре купли-продажи – 403,9 м., ЗКИ в стадии подготовки, будет направлено в ваш адрес в ближайшее время. В отношении ссылки на Выписку – согласны, здесь она лишняя;
A35: 2КТП-2699п | B35: ХХ | C35: КЛ | D35: 2КТП-2699п | X35: + | Y35: 0.69 | AA35: Договор купли-продажи от 01.08.2019 б/н | AD35: 0.69 | AF35: Заключение кадастрового инженера от 07.05.2024г. (КЛ 10кВ 690м) | AH35: Пункты 35 и 36 – ЗКИ во вложении, предлагаем внести изменения в таблицу согласно их содержания. Протяженности в ЗКИ несколько больше, так как они уточнялись в процессе подготовки техдокументации; | AI35: +
A36: 2КТП-2700п | B36: ХХ | C36: КЛ | D36: 2КТП-2700п | X36: + | Y36: =0.28 -> 0.28 | AA36: Договор купли-продажи от 01.08.2019 б/н | AD36: =0.28 -> 0.28 | AF36: Заключение кадастрового инженера от 07.05.2024г. (2КЛ 10кВ 280м) | AI36: +
A37: 2КТП-2701п | B37: ХХ | C37: КЛ | D37: 2КТП-2701п | X37: + | Y37: 1.468 | AA37: Собственность | AF37: Выписка из ЕГРН, кадастровый номер 23:43:0107001:48764 | AI37: Не нашел Выписку из ЕГРН, кадастровый номер 23:43:0107001:48764?
A38: КТП-3024п | B38: ХХ | C38: КЛ | D38: КТП-3024п | X38: + | Y38: =1.75*2 -> 3.5 | Z38: =2.232+0.186 -> 2.418 | AA38: Собственность | AD38: =3.5+2.232+0.186 -> 5.918 | AF38: 23:43:0106012:16226 (10 кВ) от 17.11.2022 3 500м; 23:43:0106012:2966 (0,4кВ) от 23.10.2019 186м; Заключение кадастрового инженера от 17.05.2024г. (КЛ 0,4кВ 2232м) | AG38: почему не совпадает длина 0,4 кВ с егрн?. | AH38: Пункт 38 – сведения в отношении КЛ-0,4 кВ, указанные в Выписке (186 метров) не актуальны, ЗКИ в отношении КЛ-0,4 кВ в стадии подготовки, будет направлено в ваш адрес в ближайшее время;
A39: 2КТП 400 по ул.Шумана 2 (на схеме ТП-Германия 3) | B39: ХХ | C39: КЛ | D39: 2КТП 400 по ул.Шумана 2 (на схеме ТП-Германия 3) | X39: + | Z39: 2.535 | AA39: Договор купли-продажи от 04.12.2019 № 22 | AD39: 2.535 | AF39: Выписка из ЕГРН, 23:43:0107001:48755 КЛ-0,4кВ 2535м; | AH39: Пункт 39 - исходным договором является не договор купли-продажи № 21 от 25.11.2019, а ДКП № 22 от 04.12.2019, предлагаем внести изменение в соответствующей ячейке. в отношении КЛ-10 – протяженность уже учтена в п. 19, в отношении КЛ-0,4 протяженность (2535 метров согласно Выписке) указана в пункте 80 может быть, имеет смысл перенести ее в пункт 39?, тогда пункт 80 вообще не нужен.) | AI39: в ЕГРН 23:43:0107001:48755 название ТП отличается от таблицы.
A40: 2КТП-3115п | B40: ХХ | C40: КЛ | D40: 2КТП-3115п | X40: + | Y40: 0.87 | Z40: 1.205 | AA40: Договор купли-продажи от 19.11.2019 б/н | AD40: =(870+1205)/1000 -> 2.075 | AF40: Заключение кадастрового инженера от 08.04.2024г. 10кВ 870м; Заключение кадастрового инженера от 08.04.2024г. 0,4кВ 1205м; | AH40: Пункт 40 – согласно ЗКИ (во вложении) длина КЛ-10 составляет 870 метров, уточнялась при подготовке техдокументации. Длина КЛ-0,4 согласно ЗКИ (во вложении) составляет 1205 метров, причина изменения та же. | AI40: +
A41: 2КТП-3116п | B41: ХХ | C41: КЛ | D41: 2КТП-3116п | X41: + | Y41: =3.2+0.5 -> 3.7 | Z41: 3.44 | AA41: Собственность | AD41: =3.2+0.5+3.44 -> 7.14 | AF41: Выписка из ЕГРН, кадастровый номер 23:43:0107001:48758 (10 кВ 3200м); Выписка из ЕГРН, кадастровый номер 23:43:0107001:48757 (0,4 кВ 3440м); Заключение кадастрового инженера от 07.05.2024г. (10кВ 500м); | AH41: Пункт 41: - в отношении КЛ-10 кВ- протяженность одной КЛ-10 согласно Выписке составляет 3200 метров, протяженность другой КЛ-10 согласно ЗКИ составляет 500 метров. Оба документа во вложении. - в отношении КЛ-0,4 – согласно Выписки длина 3440 метров (во вложении) Просим внести соответствующие изменения таблицу. | AI41: +
A42: 2КТП- 3106п | B42: ХХ | C42: КЛ | D42: 2КТП- 3106п | X42: + | Y42: 0.78 | Z42: =1.38+1.6+0.78 -> 3.76 | AA42: Договор купли-продажи от 19.11.2019 б/н | AD42: =1.38+0.78+0.78+1.6 -> 4.54 | AF42: Выписка из ЕГРН, кадастровый номер 23:43:0106012:17207 от 23.12.2022 КЛ-0,4 (1,38 т.м); 23:43:0106012:16231 от 06.12.2022 КЛ-0,4 (1600м); 23:43:0106012:16230 от 16.12.2022 КЛ-10кВ (780м); Заключение кадастрового инженера от 07.05.2024г на КЛ-0,4 кВ от ТП 3106п 780м. | AH42: Пункт 42 – в отношении КЛ-0,4 кроме двух учтенных вами Выписок также имеется ЗКИ (во вложении) на линию протяженностью 780 метров. Таким образом общая длина КЛ-0,4 должна быть 3760 метров; | AI42: +
A43: 2КТП-3107п | B43: ХХ | C43: КЛ | D43: 2КТП-3107п | X43: + | Y43: 0.66 | Z43: 0.24 | AA43: Собственность | AD43: 0.24 | AF43: Заключение кадастрового инженера от 07.05.2024г на КЛ-0,4 кВ от ТП 3107п 240м; | AH43: Пункт 43 – в отношении КЛ-0,4 кВ имеется ЗКИ (во вложении);
A44: 2БКТП-3158п | B44: ХХ | C44: КЛ | D44: 2БКТП-3158п | X44: + | Y44: =0.415*2 -> 0.83 | AA44: Собственность | AD44: =0.415*2 -> 0.83 | AF44: Заключение кадастрового инженера от 08.04.2024г; Объект собственного строительства (инвентарная карточка) №000063 на (415*2м). | AG44: 0.83 | AH44: Пункт 44 - КЛ-10 является объектом собственного строительства (инвентарная карточка во вложении); | AI44: +
A45: 2КТП-3206п | B45: ХХ | C45: КЛ | D45: 2КТП-3206п | X45: + | Y45: =(184.3+375.7+184.3+375.7)/1000 -> 1.12 | Z45: =(43+196+159+132+52+58+82+43+317.7+159+196+52+58+82+132)/1000 -> 1.7617 | AA45: Договор купли-продажи № КП-Н-48/24 от 22.04.2024г | AD45: =1.12+1.762 -> 2.882 | AF45: Заключение кадастрового инженера от 25.03.2024г. | AG45: =184.3+58+82+52+196+159+317.7+43+82+58+52+132+159+196+43+375.7+184.3+375.7+184.3 -> 2934 | AH45: Пункты 45,46,47 – эти ТП являются собственностью ООО «КЭСК» на основании ДКП № КП-Н-48/24 от 22.04.2024 (во вложении); | AI45: +
A46: 2КТП-3207п | B46: ХХ | C46: КЛ | D46: 2КТП-3207п | X46: + | Z46: =(57+144+96+130+95+59+135+144+96+130+95+57+59+135)/1000 -> 1.432 | AD46: 1.432 | AF46: Заключение кадастрового инженера от 25.03.2024г. | AG46: =(135+59+57+95+130+96+144+135+59+95+130+96+144+57)+(135+59+57+95+130+96+144+135+59+95+130+96+144+57) -> 2864
A47: 2КТП-3208п | B47: ХХ | C47: КЛ | D47: 2КТП-3208п | X47: + | Z47: =(133+159+195+76.2+53.6+47+198.3+49.8+133+159+195+76.2+53.6+47+198.3)/1000 -> 1.774 | AD47: 1.774 | AF47: Заключение кадастрового инженера от 19.03.2024г. | AG47: =(133+159+195+76.2+53.6+47+198.3+49.8+133+159+195+76.2+53.6+47+198.3) -> 1774
A48: 2БРТП-2759 | B48: ХХ | C48: КЛ | D48: 2БРТП-2759 | X48: + | Y48: =(222+222)/1000 -> 0.444 | Z48: =(302+204+148+760)/1000 -> 1.414 | AA48: Приказ№6 о вводе ОС в эксплуатацию от 28.09.23; Договор аренды имущества №894/ЭС от 09.11.2022 С ПРАВОМ ВЫКУПА | AD48: =0.444+1.414 -> 1.858 | AF48: Заключение кадастрового инженера от 19.03.2024г. | AG48: =(222+222)+(302+204+148+760) -> 1858 | AH48: ТП являются собственностью ООО «КЭСК» (приказы о вводе ОС в эксплуатацию – во вложении) | AI48: +
A49: 2БРТП-2760 | B49: ХХ | C49: КЛ | D49: 2БРТП-2760 | X49: + | Y49: =(910+910)/1000 -> 1.82 | Z49: =(880+136+106+184+168+252+172+256)/1000 -> 2.154 | AA49: Приказ№7 о вводе ОС в эксплуатацию от 28.09.23; Договор аренды имущества №894/ЭС от 09.11.2022 С ПРАВОМ ВЫКУПА | AD49: =1.82+2.154 -> 3.974 | AF49: Заключение кадастрового инженера от 19.03.2024г. | AG49: =(910+910)+(880+136+106+184+168+252+172+256) -> 3974 | AH49: ТП являются собственностью ООО «КЭСК» (приказы о вводе ОС в эксплуатацию – во вложении) | AI49: +
A50: 2БКРП-3246п | B50: ХХ | C50: КЛ | D50: 2БКРП-3246п | X50: + | Y50: 0.116 | AA50: Приказ №8 о вводе ОС от 23.11.2020 Инв.№ 00-000078 | AD50: ? | AH50: КЛ-10 кВ является собственностью ООО «КЭСК» (приказ о вводе ОС в эксплуатацию – во вложении); | AI50: задал вопрос, т.к. в приказе и инв.карте нет связи с ТП?
A51: 2КТП-3074п | B51: ХХ | C51: КЛ | D51: 2КТП-3074п | X51: + | Y51: 0.876 | Z51: 0.568 | AA51: Аренда
A52: КЛ 10/0,4 ЖК "Немецкая деревня" | B52: ХХ | C52: КЛ | D52: КЛ 10/0,4 ЖК "Немецкая деревня" | X52: отразим совместно в КЭСК | Y52: 24.966 | Z52: 35.258 | AA52: Договор купли-продажи от 01.07.2013 № 26-НД | AD52: ? | AF52: Выписка из ЕГРН, кадастровый номер: 23:43:0000000:18061, гос.учетный номер в ЕГРН - 18127 | AG52: Какая ТП? | AI52: Какая ТП?
A53: КЛ 10/0,4 ЖК "Немецкая деревня" ЖК Казанский ТП 2430 | B53: ХХ | C53: КЛ | D53: КЛ 10/0,4 ЖК "Немецкая деревня" ЖК Казанский ТП 2430 | X53: + | Y53: =1.603*2 -> 3.206 | AA53: Договор купли-продажи от 08.06.2016 № 5/2016 | AD53: ? | AE53: ТП не в собственности | AF53: 23:43:0000000:24192 от 21.04.2023 -1603м. | AG53: Вопрос: почему протяженность 1,603*2 ??? 2КЛ поэтому, ДА? Какая ТП? | AH53: это линия от БКТП-2430п до питающего центра ПС 110/10 «Военгородок». По вопросу протяженности – да, 3,21 км. – это 2 раза по 1603 м.; | AI53: ТП не в собственности не участвует в критериях
A54: КЛ 10/0,4 ЖК "Академический" | B54: ХХ | C54: КЛ | D54: КЛ 10/0,4 ЖК "Академический" | X54: убрать строку | Y54: 2.909 | Z54: 4.971 | AA54: Собственность | AD54: ? | AF54: 23:43:0000000:18060 | AG54: Какая ТП? | AH54: тот пункт дублирует пункты 25 и 26 (если их сложить), предлагаем его убрать; | AI54: убираем строку
A55: 2БКТП-3380п | B55: ХХ | C55: КЛ | D55: 2БКТП-3380п | X55: + | Y55: 0.52 | AA55: Договор №2021.103814 поставки и выполнения строительно-монтажных, пусконаладочных работ от 05.07.2021 | AD55: 0.52 | AF55: Заключение кадастрового инженера от 07.05.2024г. | AH55: в отношении КЛ-10 имеется ЗКИ (во вложении), протяженность 520 м., уточнялась в процессе подготовки техдокументации; | AI55: +
A56: 2 БКТП-3322п | B56: ХХ | C56: КЛ | D56: 2 БКТП-3322п | X56: + | Y56: 1.8 | AA56: Договор купли-продажи от 01.03.2024 № ТП3322п | AD56: 1.8 | AE56: 1800 | AF56: Заключение кадастрового инженера от 08.04.2024г. | AI56: +
A57: 2КТППН АП-47-2323П | B57: ХХ | C57: КЛ | D57: 2КТППН АП-47-2323П | X57: + | Y57: 0.358 | AA57: Договор аренды имущества от 22.08.2022 № 22/08
A58: ТП 2747п | B58: ХХ | C58: КЛ | D58: ТП 2747п | X58: + | Y58: 2.26 | AA58: Договор аренды имущества от 01.09.2022 № 11/20
A59: ТП 24 | B59: ХХ | C59: КЛ | D59: ТП 24 | X59: + | AA59: Договор аренды имущества № 13/22 от 12.10.2022
A60: ТП 25 | B60: ХХ | C60: КЛ | D60: ТП 25 | X60: +
A61: ТП 26 | B61: ХХ | C61: КЛ | D61: ТП 26 | X61: +
A62: ТП 30 | B62: ХХ | C62: КЛ | D62: ТП 30 | X62: + | Y62: 4.84
A63: ТП 34 | B63: ХХ | C63: КЛ | D63: ТП 34 | X63: +
A64: ТП 3403 | B64: ХХ | C64: КЛ | D64: ТП 3403 | X64: + | Y64: 0.564 | Z64: =(220+130+130+100+220+200)/1000 -> 1 | AA64: Договор КП №28/09/2023 от 28.09.2023 | AD64: =(564+(200+220+100+130+130+220))/1000 -> 1.564 | AE64: =564+(200+220+100+130+130+220) -> 1564 | AF64: Заключение кадастрового инженера от 19.03.2024г. | AI64: +
A65: ТП 3123п | B65: ХХ | C65: КЛ | D65: ТП 3123п | X65: +/- | Y65: 1.06 | Z65: 1.129 | AA65: Договор купли-продажи от 15.03.2024 №б/н | AD65: =1129/1000 -> 1.129 | AE65: =1129 -> 1129 | AF65: Заключение кадастрового инженера от 08.04.2024г. КЛ-0,4кВ 1129м; | AI65: длина КЛ-10кВ нет оснований? Надо определиться это: Договор купли-продажи от 15.03.2024 №б/н или Договор аренды имущества № 10/22 от 12.10.2022.
A66: 2КТП-1600/10/0,4кВ (№1) | B66: ХХ | C66: КЛ | D66: 2КТП-1600/10/0,4кВ (№1) | X66: + | Y66: 5 | AA66: Договор аренды имущества № 12/10-22 от 17.10.2022
A67: 2КТП-1250/10/0,4кВ (№2) | B67: ХХ | C67: КЛ | D67: 2КТП-1250/10/0,4кВ (№2) | X67: +
A68: ТП 3473 2КТПП-1250/10/0,4 | B68: ХХ | C68: КЛ | D68: ТП 3473 2КТПП-1250/10/0,4 | X68: + | Y68: 0.18 | AA68: Договор аренды имущества № 14/10/1 от 14.10.2022
A69: ТП 2904 2КТП-630 кВА 10/0,4 | B69: ХХ | C69: КЛ | D69: ТП 2904 2КТП-630 кВА 10/0,4 | X69: + | Y69: 1.29 | AA69: Договор аренды имущества № 19/10-2022 от 18.10.2022
A70: ТП Н-776п | B70: ХХ | C70: КЛ | D70: ТП Н-776п | X70: + | AA70: Договор аренды имущества № 17/10/2022 от 17.10.2022
A71: ТП 3131 | B71: ХХ | C71: КЛ | D71: ТП 3131 | X71: + | AA71: Договор аренды имущества № 18/10-2022 от 18.10.2022
A72: РТП-2580п | B72: ХХ | C72: КЛ | D72: РТП-2580п | X72: + | Y72: 9.377 | AA72: Договор аренды имущества № 02/10-2022 от 02.11.2022
A73: РТП-2581п | B73: ХХ | C73: КЛ | D73: РТП-2581п | X73: +
A74: РТП-2582п | B74: ХХ | C74: КЛ | D74: РТП-2582п | X74: +
A75: РТП-2583п | B75: ХХ | C75: КЛ | D75: РТП-2583п | X75: +
A76: ТП-3516 | B76: ХХ | C76: КЛ | D76: ТП-3516 | X76: + | Y76: 0.856 | AA76: Договор аренды имущества № 31/10 от 31.10.2022
A77: КТП 3526п | B77: ХХ | C77: КЛ | D77: КТП 3526п | Y77: =(2760+190)/1000 -> 2.95 | Z77: 1.78 | AA77: Приказ о вводе ОС №2 от 03.07.2023 Инв.№ БП-000153 | AD77: =2.95+1.78 -> 4.73 | AF77: Заключение кадастрового инженера от 27.03.2024г. | AH77: ТП-3526п в собственности ООО «КЭСК» (приказ о вводе ОС в эксплуатацию, а также сопутствующие документы – во вложении); | AI77: В приказе№2 о вводе ОС не вижу связи с ТП 3526. | AK77: (190+2760)+(1780) AG99Внутриплощадка (Обвязывает КТП 3526п 2БКТП Самат 1 и 2БКТП Сармат 2
A78: 2БКТП-Сармат 1 | B78: ХХ | C78: КЛ | D78: 2БКТП-Сармат 1 | Y78: 0.36 | AA78: Приказ о вводе ОС №4 от 18.09.2023 Инв№ БП-000157 | AD78: 0.36 | AF78: Заключение кадастрового инженера от 27.03.2024г. | AG78: 0.36 | AH78: Пункты 78 и 79 – аналогично п. 77. (документы во вложении) | AI78: В приказе о вводе ОС №4 не вижу связи с 2БКТП-Сармат 1
A79: 2БКТП-Сармат 2 | B79: ХХ | C79: КЛ | D79: 2БКТП-Сармат 2 | Y79: 0.142 | AA79: Приказ о вводе ОС №4 от 18.09.2023 Инв№ БП-000157 | AD79: 0.142 | AF79: Заключение кадастрового инженера от 27.03.2024г. | AG79: 0.142 | AI79: В приказе о вводе ОС №4 не вижу связи с 2БКТП-Сармат 2
A80: КЛ-0,4 кВ от 2КТП по ул. Шумана2 до ВРУ жилых домов | B80: ХХ | C80: КЛ | D80: КЛ-0,4 кВ от 2КТП по ул. Шумана2 до ВРУ жилых домов | AA80: Собственность | AD80: ? | AF80: 23:43:0107001:48755 перенесли в пункт39 | AG80: Какая ТП? | AH80: удаляем строку
A81: КЛ-0,4 кВ от 2КТП № 3116п до ВРУ жилых домов | B81: ХХ | C81: КЛ | D81: КЛ-0,4 кВ от 2КТП № 3116п до ВРУ жилых домов | Z81: 3.44 | AA81: Собственность | AF81: 23:43:0107001:48757 | AI81: ЕГРН и длина линии задвоена, 41 строка. Может удалить строку???
A82: 2КЛ-10 кВ АСБл 2 (2*240мм2) от 2БРТП № 2103п до 2КТП-3116п | B82: ХХ | C82: КЛ | D82: 2КЛ-10 кВ АСБл 2 (2*240мм2) от 2БРТП № 2103п до 2КТП-3116п | Y82: 3.2 | AA82: Собственность | AF82: 23:43:0107001:48758 | AI82: ЕГРН и длина линии задвоены со строкой 41. Может удалить строку???
A83: ХХ | B83: Итого | T83: =SUM(T13:T82) -> 0.15 | Y83: =SUM(Y13:Y82) -> 106.646 | Z83: =SUM(Z13:Z82) -> 105.2006 | AA83: ХХ
W84: =W83+X83+Y83+Z83 -> 211.8466
S86: =SUBTOTAL(9,S13:S82) -> 0 | T86: =SUBTOTAL(9,T13:T82) -> 0.15 | U86: =SUBTOTAL(9,U13:U82) -> 0 | V86: =SUBTOTAL(9,V13:V82) -> 0 | W86: =SUBTOTAL(9,W13:W82) -> 0 | X86: =SUBTOTAL(9,X13:X82) -> 0 | Y86: =SUBTOTAL(9,Y13:Y82) -> 106.646 | Z86: =SUBTOTAL(9,Z13:Z82) -> 105.2006
AC90: =(135+59+57+95+130+96+144+135+59+95+130+96+144+57) -> 1432
AF91: Заключение кадастрового инженера от 19.03.2024г.

Sheet Сводная информация
N1: ДКП/СМР/ | O1: ДА
K2: =0.926/3 -> 0.30866667 | N2: ЕГРН/ЗКИ
B3: №п/п | C3: Муниципальное образование | D3: Город/ Населенный пункт | E3: Район (только для городов) | F3: Наименование ПС, ТП с указанием классов напряжения, количества и мощности трансформаторов | G3: Текущий объем свободной мощности, МВт | H3: Длина линий электропередач, непосредственно соединенным с трансформаторными подстанциями, указанными в столбце 2 таблицы, км | L3: Участие в тарифном регулировании 2022 года | M3: источник информации | N3: Вопросы | O3: Однолинейная схема | P3: Инвентарная карта (ОС-6) | Q3: Приказ о вводе ОС/Акт о приемке | R3: АоТП (на ТП) | S3: КС-2 | T3: КС-3 | U3: Ростехнадзор | V3: Дог.Аренды | W3: Характиристика обор-я прошедшая критерии на 2024г | AB3: РИСКИ
H4: 110 кВ | I4: 35 кВ | J4: 6-10 кВ | K4: 0,4 кВ | W4: Трансформаторная мощность, кВА | X4: Длина линий электропереда 10 кВ, км | Y4: Длина линий электропереда 0,4 кВ, км | AA4: Готовность | AB4: кВа | AC4: км
B5: 1 | F5: 2 | H5: 14 | I5: 15 | J5: 16 | K5: 17 | L5: 18
B6: 1 | C6: город Краснодар | D6: Краснодар | F6: 2БКТП-2108п, 10/0,4 кВ , 2000 кВА | G6: 0 | L6: да | M6: ДКП/ЗКИ | O6: да | P6: 000000001 | Q6: 29 | R6: АоТП от 07.04.2022 № 70 | S6: - | T6: - | U6: - | V6: - | W6: 2000 | AA6: 1
C7: город Краснодар | D7: Краснодар | F7: Кабельная линия, 2КЛ-10 кВ., ААБл-10, 3х240 кв.мм., L=1410м. | G7: 0 | J7: 1.41 | M7: ДКП/ЗКИ | O7: 1 | P7: 000000012 | Q7: 30 | S7: - | T7: - | U7: - | V7: - | X7: 1.41 | AA7: 1
C8: город Краснодар | D8: Краснодар | F8: Кабельная линия, 2КЛ-10 кВ., ААБл-10, 3х240 кв.мм., L=2100м. | G8: 0 | J8: 2.1 | M8: ДКП/ЗКИ | O8: 1 | P8: 000000052 | Q8: 31 | S8: - | T8: - | U8: - | V8: - | X8: 2.1 | AA8: 1
C9: город Краснодар | D9: Краснодар | F9: КЛ-0,4 кВ (коттеджи) от БКТП № 2108п до ВРУ коттеджей по ул Гамбургской | G9: 0 | K9: =1.75+0.86 -> 2.61 | M9: ДКП/ЗКИ | N9: 2610м без учета футляров из ДКП! | O9: 1 | P9: 000000018 | Q9: 32 | S9: - | T9: - | U9: - | V9: - | Y9: 2.61 | AA9: 1
C10: город Краснодар | D10: Краснодар | F10: КЛ-0,4 от 2БКТП-2108п до ВРУ на з/у с к/н 23:43:0106012:40239 (ул.Есаулко), L=315м | G10: 0 | K10: 0.315 | M10: СМР/ЗКИ | N10: Риски: где Ростехнодзор? Ответ 29.07.24 нет акта Ростехнадзора; | O10: 1 | P10: 00-000080 | Q10: 10 | S10: да | T10: да | U10: ? | V10: - | AA10: 0.75
B11: 2 | C11: город Краснодар | D11: Краснодар | F11: 2БКТП-2106п, 10/0,4 кВ , 1260 кВА | G11: 0 | L11: да | M11: ДКП/ЗКИ | O11: да | P11: 000000002 | Q11: 26 | S11: - | T11: - | U11: - | V11: - | W11: 1260 | AA11: 1
C12: город Краснодар | D12: Краснодар | F12: КЛ-0,4 кВ (коттеджи) от БКТП № 2106п до ВРУ коттеджей по ул Ганноверской, выполненная кабелем АВБбШвнг-4х185 кв.мм., L=5608м | G12: 0 | K12: =2.38+1.31 -> 3.69 | M12: ДКП/ЗКИ | N12: 3690м без учета футляров из ДКП! | O12: 1 | P12: 000000019 | Q12: 27 | S12: - | T12: - | U12: - | V12: - | AA12: 1
C13: город Краснодар | D13: Краснодар | F13: КЛ-0,4 кВ (коттеджи) от БКТП № 2106п до ВРУ коттеджей по ул Потсдамской, выполненная кабелем АВБбШвнг-4х185 кв.мм., L=6340м | G13: 0 | K13: =3.14+1.44 -> 4.58 | M13: ДКП/ЗКИ | N13: 4580м без учета футляров из ДКП! | O13: 1 | P13: 000000021 | Q13: 28 | S13: - | T13: - | U13: - | V13: - | AA13: 1
B14: 3 | C14: город Краснодар | D14: Краснодар | F14: 2БКТП-2109п, 10/0,4 кВ , 2500 кВА | G14: 0 | L14: да | M14: ДКП/ЗКИ | O14: да | P14: 000000003 | Q14: 13 | S14: - | T14: - | U14: - | V14: - | W14: 2500 | AA14: 1
C15: город Краснодар | D15: Краснодар | F15: Кабельная линия, 2КЛ-10 кВ., ААБл-10, 3х240 кв.мм., L=760м. | G15: 0 | J15: 0.76 | M15: ДКП/ЗКИ | O15: 1 | P15: 000000013 | Q15: 14 | S15: - | T15: - | U15: - | V15: - | X15: 0.76 | AA15: 1
B16: 4 | C16: город Краснодар | D16: Краснодар | F16: 2БКТП-2107п, 10/0,4 кВ , 2000 кВА | G16: 0 | L16: да | M16: ДКП/ЗКИ | O16: да | P16: 000000004 | Q16: 21 | S16: - | T16: - | U16: - | V16: - | W16: 2000 | AA16: 1
C17: город Краснодар | D17: Краснодар | F17: Кабельная линия, КЛ-0,4 кВ., АВБбШвнг-4х185 кв.мм., L=1720м. | G17: 0 | K17: 1.72 | M17: ДКП/ЗКИ | O17: 1 | P17: 000000010 | Q17: 22 | S17: - | T17: - | U17: - | V17: - | AA17: 1
C18: город Краснодар | D18: Краснодар | F18: Кабельная линия, 2КЛ-10 кВ., ААБл-10, 3х240 кв.мм., L=1470м. | G18: 0 | J18: 1.47 | M18: ДКП/ЗКИ | O18: 1 | P18: 000000015 | Q18: 23 | S18: - | T18: - | U18: - | V18: - | X18: 1.47 | AA18: 1
C19: город Краснодар | D19: Краснодар | F19: КЛ 0,4 кВ (коттеджи) от БКТП № 2107п до ВРУ коттеджей по ул Берлинской | G19: 0 | K19: =1.64+0.42 -> 2.06 | M19: ДКП/ЗКИ | N19: 2060м без учета футляров из ДКП! | O19: 1 | P19: 000000017 | Q19: 24 | S19: - | T19: - | U19: - | V19: - | Y19: =1.64+0.42 -> 2.06 | AA19: 1
C20: город Краснодар | D20: Краснодар | F20: КЛ-0,4 кВ (коттеджи) от БКТП № 2107п до ВРУ коттеджей по ул Мюнхенской, выполненная кабелем АВБбШвнг-4х185 кв.мм., | G20: 0 | K20: =2.93+1.13 -> 4.06 | M20: ДКП/ЗКИ | N20: 4060м без учета футляров из ДКП! | O20: 1 | P20: 000000020 | Q20: 25 | S20: - | T20: - | U20: - | V20: - | AA20: 1
B21: 5 | C21: город Краснодар | D21: Краснодар | F21: 2БКТП-2110п, 10/0,4 кВ , 2500 кВА | G21: 0 | L21: да | M21: ДКП/ЗКИ | O21: да | P21: 000000005 | Q21: 19 | S21: - | T21: - | U21: - | V21: - | W21: 2500 | AA21: 1
C22: город Краснодар | D22: Краснодар | F22: Кабельная линия, 4КЛ-0,4 кВ., АВБбШвнг-4х185 кв.мм., L=5514м. | G22: 0 | K22: 5.514 | M22: ДКП/ЗКИ | O22: 1 | P22: 000000009 | Q22: 20 | S22: - | T22: - | U22: - | V22: - | Y22: 5.514 | AA22: 1
B23: 6 | C23: город Краснодар | D23: Краснодар | F23: 2БКТП-2105п, 10/0,4 кВ , 1260 кВА | G23: 0 | L23: да | M23: ДКП/ЗКИ | O23: да | P23: 000000006 | Q23: 17 | S23: - | T23: - | U23: - | V23: - | W23: 1260 | AA23: 1
C24: город Краснодар | D24: Краснодар | F24: Кабельная линия, 2КЛ-10 кВ., ААБл-10, 3х240 кв.мм., L= 425м. | G24: 0 | J24: 0.425 | M24: ДКП/ЗКИ | O24: 1 | P24: 000000016 | Q24: 18 | S24: - | T24: - | U24: - | V24: - | X24: 0.425 | AA24: 1
B25: 7 | C25: город Краснодар | D25: Краснодар | F25: 2БРТП-2103п, 10/0,4 кВ , 2000 кВА | G25: 0 | L25: да | M25: ДКП/ЕГРН | O25: да | P25: 000000007 | Q25: 15 | S25: - | T25: - | U25: - | V25: - | W25: 2000 | AA25: 1
C26: город Краснодар | D26: Краснодар | F26: Кабельная линия, 2КЛ-10 кВ., одножильная с изоляцией из сшитого полиэлитена с алюминевой жилой. Тип/марка: NA2XS(F)2Y, 500 кв.мм. L= 27 960 м | G26: 0 | J26: 27.96 | M26: ДКП/ЗКИ | O26: 1 | P26: 000000011 | Q26: 16 | S26: - | T26: - | U26: - | V26: - | X26: =3.2+49.579 -> 52.779 | Y26: 17.9735 | Z26: прочие линии | AA26: 1
C27: город Краснодар | D27: Краснодар | F27: 2КЛ-10кВ АСБл 2(3*240мм2) от 2КТП по ул.Шумана 2 до 2БКТП №2103п | G27: 0 | J27: 2.98 | M27: ДКП/ЕГРН | N27: Инвентаризация, строка 35, уточнение тех.характиристик; (линия в 900м 10кВ, по итогам уточнения тех.характеристик после инвентаризации перешла в линию 2980м см.ТП-2103, письмо 29,07.24 12:54) | O27: 1 | P27: 00-000055 | Q27: 22 | S27: - | T27: - | U27: - | V27: - | AA27: 1 | AC27: =J27 -> 2.98
B28: 8 | C28: город Краснодар | D28: Краснодар | F28: 2БКТП-2476п, 10/0,4 кВ , 800 кВА | G28: 0 | L28: да | M28: ДКП/ЗКИ | O28: да | P28: 000000059 | Q28: 38 | S28: - | T28: - | U28: - | V28: - | W28: 800 | AA28: 1
C29: город Краснодар | D29: Краснодар | F29: КЛ АСБл-10 3х70 мм2 с аллюмин.жилами в свинц оболочке с бумажной изоляц, 1480м | G29: 0 | J29: 1.48 | L29: да | M29: ДКП/ЗКИ | N29: наименов в ДКП и ЗКИ отличается | O29: 1 | P29: 000000058 | Q29: 37 | S29: - | T29: - | U29: - | V29: - | X29: 1.48 | AA29: 1
B30: 9 | C30: город Краснодар | D30: Краснодар | F30: 2БКТП-2456п, 10/0,4 кВ , 2000 кВА | G30: 0 | L30: да | M30: ДКП/ЗКИ | O30: да | P30: 000000062 | Q30: 1 | S30: - | T30: - | U30: - | V30: - | W30: 2000 | AA30: 1
C31: город Краснодар | D31: Краснодар | F31: КЛ 10 кВ от 2КТП-10/0,4 кВ №2456п до 2КТП-10/0,4 кВ №2457п | G31: 0 | J31: 0.34 | M31: ДКП/ЗКИ | O31: 1 | P31: 000000062 | Q31: 1 | S31: - | T31: - | U31: - | V31: - | X31: 0.34 | AA31: 1
C32: город Краснодар | D32: Краснодар | F32: КЛ 0,4 кВ | G32: 0 | K32: 1.32 | M32: ДКП/ЗКИ | O32: 1 | P32: 000000062 | Q32: 1 | S32: - | T32: - | U32: - | V32: - | Y32: 1.32 | AA32: 1
C33: город Краснодар | D33: Краснодар | F33: КЛ 0,4 кВ | G33: 0 | K33: 1.8445 | M33: ДКП/ЗКИ | O33: 1 | P33: 000000062 | Q33: 1 | S33: - | T33: - | U33: - | V33: - | Y33: 1.8445 | AA33: 1
C34: город Краснодар | D34: Краснодар | F34: КЛ 0,4 кВ АВБбШв4*35мм2 длиной 583м | G34: 0 | K34: 0.583 | M34: ДКП/ЗКИ | O34: 1 | P34: 000000062 | Q34: 1 | Y34: 0.583 | AA34: 1
B35: 10 | C35: город Краснодар | D35: Краснодар | F35: 2КТП-2457п, 10/0,4 кВ , 2000 кВА | G35: 0 | L35: да | M35: ДКП/ЗКИ | N35: КТП№2457п также приобретается по ДПК№от 01.12.2016 №6/12??? | O35: да | P35: 000000065 | Q35: 6 | S35: - | T35: - | U35: - | V35: - | W35: 2000 | AA35: 1
C36: город Краснодар | D36: Краснодар | F36: КЛ 10 кВ АСБл 3х240 мм2 КТП-2456п-КТП-2457п общей длиной 538 м, ЖК Европа-Сити | G36: 0 | J36: 0.538 | L36: да | M36: ДКП/ЗКИ | O36: 1 | P36: 000000066 | Q36: 8 | S36: - | T36: - | U36: - | V36: - | X36: 0.538 | AA36: 1
C37: город Краснодар | D37: Краснодар | F37: КЛ 0,4 кВ от КТП-2457п, ЖК Европа-Сити | G37: 0 | K37: 1.532 | L37: да | M37: ДКП/ЗКИ | O37: 1 | P37: 000000067 | Q37: 7 | S37: - | T37: - | U37: - | V37: - | Y37: 1.532 | AA37: 1
C38: город Краснодар | D38: Краснодар | F38: КЛ 0,4 кВ АВБбШв4*25мм2 длиной 1069м | G38: 0 | K38: 1.069 | M38: ДКП/ЗКИ | O38: 1 | P38: 000000065 | Q38: 6 | S38: - | T38: - | U38: - | V38: - | Y38: 1.069 | AA38: 1
B39: 11 | C39: город Краснодар | D39: Краснодар | F39: 2КТП-2431п, 10/0,4 кВ , 800 кВА | G39: 0 | L39: да | M39: ДКП/ЕГРН | N39: Почему в ЕГРН мощность 2*1000, а в дкп, ИК и ОС =2*400 ??? Ответ: ЕГРН не поправим, оставляем мощность наименьшую 2*400=800 | O39: да | P39: 000000054 | Q39: 33 | S39: - | T39: - | U39: - | V39: - | W39: 800 | AA39: 1
C40: город Краснодар | D40: Краснодар | F40: КЛ 0,4 кВ 4х120 мм2 от ТП-2431п до кот.общей протяж. 320м | G40: 0 | K40: 0.32 | L40: да | M40: ДКП/ЗКИ | O40: 1 | P40: 000000055 | Q40: 35 | S40: - | T40: - | U40: - | V40: - | Y40: 0.32 | AA40: 1
C41: город Краснодар | D41: Краснодар | F41: КЛ 10 кВ 3х120 мм2 БКТП2430п-ТП2431п ЖК "Казанский", ул. Восточная | G41: 0 | J41: 1.12 | L41: да | M41: ДКП/ЗКИ | O41: 1 | P41: 000000056 | Q41: 36 | S41: - | T41: - | U41: - | V41: - | X41: 1.12 | AA41: 1
C42: город Краснодар | D42: Краснодар | F42: Сети наружного освещения: КЛ АВБбШв-4*16 общей протяж 300м с опорамиОГК-9 и кранштейнами. | G42: 0 | K42: 0.3 | L42: да | M42: ДКП/ЗКИ | O42: 1 | P42: 000000057 | Q42: 34 | S42: - | T42: - | U42: - | V42: - | Y42: 0.3 | AA42: 1
C43: город Краснодар | D43: Краснодар | F43: 4КЛ-10 АСБл 3*240 мм от врезки в КЛ 10кВ между БРТП 2103п БКТП 2108п до 2КТП-2431п | G43: 0 | J43: 2.76 | L43: да | M43: ДКП/ЗКИ | O43: 1 | P43: 00-000036 | Q43: 3 | S43: - | T43: - | U43: - | V43: - | X43: 2.76 | AA43: 1
B44: 12 | C44: город Краснодар | D44: Краснодар | F44: 2КТП-2730п, 10/0,4 кВ , 2000 кВА | G44: 0 | L44: да | M44: ДКП/ЗКИ | O44: да | P44: 000000068 | Q44: 3 | S44: - | T44: - | U44: - | V44: - | W44: 2000 | AA44: 1
C45: город Краснодар | D45: Краснодар | F45: КЛ-0,4 кВ ВВГнг3*1,5мм2 длиной 367м | G45: 0 | K45: 0.36762 | M45: ДКП/ЗКИ | O45: 1 | P45: 000000068 | Q45: 3 | S45: - | T45: - | U45: - | V45: - | Y45: 0.36762 | AA45: 1
C46: город Краснодар | D46: Краснодар | F46: КЛ-0,4 кВ АВБбШв 4*25 мм2 длиной 198м | G46: 0 | K46: 0.198 | M46: ДКП/ЗКИ | O46: 1 | P46: 000000068 | Q46: 3 | S46: - | T46: - | U46: - | V46: - | Y46: =0.198+0.02 -> 0.218 | AA46: 1
C47: город Краснодар | D47: Краснодар | F47: КЛ 10 кВ АСБл 3х240 мм2 КТП-2457п-КТП-2730п | G47: 0 | J47: 0.421 | L47: да | M47: ДКП/ЗКИ | O47: 1 | P47: 000000069 | Q47: 4 | S47: - | T47: - | U47: - | V47: - | X47: 0.421 | AA47: 1
C48: город Краснодар | D48: Краснодар | F48: КЛ 0,4 кВ от КТП-2730п, ЖК Европа-Сити | G48: 0 | K48: 0.4039 | L48: да | M48: ДКП/ЗКИ | O48: 1 | P48: 000000070 | Q48: 5 | S48: - | T48: - | U48: - | V48: - | Y48: 0.4039 | AA48: 1
B49: 13 | C49: город Краснодар | D49: Краснодар | F49: 2КТП-2962п, 10/0,4 кВ , 2000 кВА | G49: 0 | L49: да | M49: ДКП/ЕГРН | O49: да | P49: 00-000038 | Q49: 1 | S49: - | T49: - | U49: - | V49: - | AA49: 1
C50: город Краснодар | D50: Краснодар | F50: 2КЛ-10 АСБл 3*240 мм от 2КТП-3024п до 2КТП-2962п | G50: 0 | J50: 4.4 | L50: да | M50: ДКП/ЕГРН | O50: 1 | P50: 00-000039 | Q50: 4 | S50: - | T50: - | U50: - | V50: - | AA50: 1
C51: город Краснодар | D51: Краснодар | F51: 2КЛ-10 кВ от 2КТП №2962п до 2КТП №3520п, выполненая кабелем АСБл-10 (3*240мм), L=30м | G51: 0 | J51: 0.03 | M51: ДКП/ЗКИ | O51: 1 | P51: БП-000256 | Q51: 62 | S51: - | T51: - | U51: - | V51: - | AA51: 1
C52: город Краснодар | D52: Краснодар | F52: КЛ-0,4 кВ от 2КТП-2962п до ВРУ на з/у с к/н 23:43:01066012:4112, 23:43:01066012:4378 (ул.Есаулко), L=159м. | G52: 0 | K52: 0.159 | M52: СМР/ЗКИ | N52: Риски: где Ростехнодзор? Ответ 29.07.24 нет акта Ростехнадзора; | O52: 1 | P52: 00-000081 | Q52: 11 | S52: да | T52: да | U52: ? | V52: - | AA52: 0.75 | AC52: =K52 -> 0.159
B53: 14 | C53: город Краснодар | D53: Краснодар | F53: 2КТП-2699п, 10/0,4 кВ , 800 кВА | G53: 0 | L53: да | M53: ДКП/ЕГРН | O53: да | P53: 00-000033 | Q53: 6 | S53: - | T53: - | U53: - | V53: - | W53: 800 | AA53: 1
C54: город Краснодар | D54: Краснодар | F54: 2КЛ-10 АСБл 3*240 мм от БКТП-2110п до 2КТП-2699п L=300*2 | G54: 0 | J54: 0.6 | M54: ДКП/ЗКИ | O54: 1 | P54: 00-000032 | Q54: 7 | S54: - | T54: - | U54: - | V54: - | X54: 0.6 | AA54: 1
C55: город Краснодар | D55: Краснодар | F55: КЛ 0,4 кВ от 2КТП №2699п до ВРУ жилых домов в ЖК "Германия", кабель АВБбШв, сечение 4*70мм2 | G55: 0 | K55: 2.664 | M55: ДКП/ЗКИ | O55: 1 | P55: БП-000265 | Q55: 88 | S55: - | T55: - | U55: - | V55: - | AA55: 1
B56: 15 | C56: город Краснодар | D56: Краснодар | F56: 2КТП-2700п, 10/0,4 кВ , 800 кВА | G56: 0 | L56: да | M56: ДКП/ЕГРН | O56: да | P56: 00-000035 | Q56: 8 | S56: - | T56: - | U56: - | V56: - | W56: 800 | AA56: 1
C57: город Краснодар | D57: Краснодар | F57: 2КЛ-10 АСБл 3*240 мм от 2КТП-2699п до 2КТП-2700п L=130*2 | G57: 0 | J57: 0.26 | M57: ДКП/ЗКИ | O57: 1 | P57: 00-000034 | Q57: 9 | S57: - | T57: - | U57: - | V57: - | X57: 0.26 | AA57: 1
C58: город Краснодар | D58: Краснодар | F58: КЛ 0,4 кВ от 2КТП №2700п до ВРУ жилых домов в ЖК "Германия", кабель АВБбШв, сечение 4*70мм2 | G58: 0 | K58: 1.431 | M58: ДКП/ЗКИ | O58: 1 | P58: БП-000266 | Q58: 89 | S58: - | T58: - | U58: - | V58: - | AA58: 1
B59: 16 | C59: город Краснодар | D59: Краснодар | F59: 2КТП-2701п, 10/0,4 кВ , 1260 кВА | G59: 0 | L59: да | M59: ДКП/ЕГРН | O59: да | P59: 00-000044 | Q59: 13 | S59: - | T59: - | U59: - | V59: - | AA59: 1
C60: город Краснодар | D60: Краснодар | F60: 2КЛ-10кВ АСБл 3х240 мм от БРТП 2103п до 2КТП-2701п L=734х2 (КЛ 10кВ от 2КТП-2701п до БРТП-2103п, АСБл 10 кВ (3*240) L=2*730=1460м) | G60: 0 | J60: 1.46 | L60: да | M60: ДКП/ЕГРН | N60: Инвентаризация, строка 14, уточнение тех.параметров; В ДКП 1468м, в ЕГРН 1460м и в ИК 1468м (оставляем наименьшее) | O60: 1 | P60: 00-000043 | Q60: 12 | S60: - | T60: - | U60: - | V60: - | AA60: 1 | AC60: =J60 -> 1.46
C61: город Краснодар | D61: Краснодар | F61: КЛ 0,4 кВ от 2КТП №2701п до ВРУ жилых домов КЛ-0,4 кВ L=2930м | G61: 0 | K61: 2.93 | M61: ЕГРН | N61: КЛ выявлена при инвентаризации, нет ДКП; | O61: 1 | P61: БП-000400 | Q61: 210 | S61: - | T61: - | U61: - | V61: - | AA61: 1 | AC61: =K61 -> 2.93
C62: город Краснодар | D62: Краснодар | F62: КЛ-0,4 кВ от 2КТП № 2701 до ВРУ № 1 МКД № 14 по ул. Веронская в г. Краснодаре,Кабель АВБбШв сечение 4х95 мм2 | G62: 0 | K62: 0.26 | M62: ДКП/ЗКИ | O62: 1 | P62: БП-000516 | Q62: 326 | S62: - | T62: - | U62: - | V62: - | AA62: 1
C63: город Краснодар | D63: Краснодар | F63: КЛ-0,4 кВ от 2КТП № 2701 до ВРУ № 6.1 МКД № 4 по ул. Веронская в г. Краснодаре,Кабель АВБбШв сечение 4х95 мм2 | G63: 0 | K63: 0.66 | M63: ДКП/ЗКИ | O63: 1 | P63: БП-000517 | Q63: 327 | S63: - | T63: - | U63: - | V63: - | AA63: 1
C64: город Краснодар | D64: Краснодар | F64: КЛ-0,4 кВ от 2КТП № 2701 до ВРУ № 1.1 МКД № 4 по ул. Веронская в г. Краснодаре,Кабель АВБбШв сечение 4х70 мм2 | G64: 0 | K64: 0.56 | M64: ДКП/ЗКИ | O64: 1 | P64: БП-000518 | Q64: 328 | S64: - | T64: - | U64: - | V64: - | AA64: 1
C65: город Краснодар | D65: Краснодар | F65: КЛ-0,4 кВ от 2КТП № 2701 до ВРУ № 2.1 МКД № 6 по ул. Веронская в г. Краснодаре,Кабель АВБбШв сечение 4х95 мм2 | G65: 0 | K65: 0.46 | M65: ДКП/ЗКИ | O65: 1 | P65: БП-000519 | Q65: 329 | S65: - | T65: - | U65: - | V65: - | AA65: 1
C66: город Краснодар | D66: Краснодар | F66: КЛ-0,4 кВ от 2КТП № 2701 до ВРУ № 3.1 МКД № 8 по ул. Веронская в г. Краснодаре,Кабель АВБбШв сечение 4х95 мм2 | G66: 0 | K66: 0.59 | M66: ДКП/ЗКИ | O66: 1 | P66: БП-000520 | Q66: 330 | S66: - | T66: - | U66: - | V66: - | AA66: 1
C67: город Краснодар | D67: Краснодар | F67: КЛ-0,4 кВ от 2КТП № 2701 до ВРУ № 2.1 МКД № 8 по ул. Веронская в г. Краснодаре,Кабель АВБбШв сечение 4х70мм2 | G67: 0 | K67: 0.68 | M67: ДКП/ЗКИ | O67: 1 | P67: БП-000521 | Q67: 331 | S67: - | T67: - | U67: - | V67: - | AA67: 1
C68: город Краснодар | D68: Краснодар | F68: КЛ-0,4 кВ от 2КТП № 2701 до ВРУ № 4.1 МКД № 10 по ул. Веронская в г. Краснодаре,Кабель АВБбШв сечение 4х95 мм2 | G68: 0 | K68: 0.27 | M68: ДКП/ЗКИ | O68: 1 | P68: БП-000522 | Q68: 332 | S68: - | T68: - | U68: - | V68: - | AA68: 1
C69: город Краснодар | D69: Краснодар | F69: КЛ-0,4 кВ от 2КТП № 2701 до ВРУ № 5.1 МКД № 12 по ул. Веронская в г. Краснодаре,Кабель АВБбШв сечение 4х95 мм2 | G69: 0 | K69: 0.42 | M69: ДКП/ЗКИ | O69: 1 | P69: БП-000523 | Q69: 333 | S69: - | T69: - | U69: - | V69: - | AA69: 1
C70: город Краснодар | D70: Краснодар | F70: КЛ-0,4 кВ от 2КТП № 2701 до ВРУ № 2 МКД № 14 по ул. Веронская в г. Краснодаре,Кабель АВБбШв сечение 4х95 мм2 | G70: 0 | K70: 0.22 | M70: ДКП/ЗКИ | O70: 1 | P70: БП-000524 | Q70: 334 | S70: - | T70: - | U70: - | V70: - | AA70: 1
C71: город Краснодар | D71: Краснодар | F71: КЛ-0,4 кВ от 2КТП № 2701 до ВРУ № 3 МКД № 14 по ул. Веронская в г. Краснодаре,Кабель АВБбШв сечение 4х95 мм2 | G71: 0 | K71: 0.18 | M71: ДКП/ЗКИ | O71: 1 | P71: БП-000525 | Q71: 335 | S71: - | T71: - | U71: - | V71: - | AA71: 1
C72: город Краснодар | D72: Краснодар | F72: КЛ-0,4 кВ от 2КТП № 2701 до ВРУ № 7.1 МКД № 16 по ул. Веронская в г. Краснодаре,Кабель АВБбШв сечение 4х95 мм2 | G72: 0 | K72: 0.28 | M72: ДКП/ЗКИ | O72: 1 | P72: БП-000526 | Q72: 336 | S72: - | T72: - | U72: - | V72: - | AA72: 1
C73: город Краснодар | D73: Краснодар | F73: КЛ-0,4 кВ от 2КТП № 2701 до ВРУ № 8.1 МКД № 18 по ул. Веронская в г. Краснодаре,Кабель АВБбШв сечение 4х95 мм2 | G73: 0 | K73: 0.2 | M73: ДКП/ЗКИ | O73: 1 | P73: БП-000527 | Q73: 337 | S73: - | T73: - | U73: - | V73: - | AA73: 1
C74: город Краснодар | D74: Краснодар | F74: КЛ-0,4 кВ от 2КТП № 2701 до ВРУ № 9.1 МКД № 20 по ул. Веронская в г. Краснодаре,Кабель АВБбШв сечение 4х95 мм2 | G74: 0 | K74: 0.5 | M74: ДКП/ЗКИ | O74: 1 | P74: БП-000528 | Q74: 338 | S74: - | T74: - | U74: - | V74: - | AA74: 1
B75: 17 | C75: город Краснодар | D75: Краснодар | F75: 2КТП по ул.Шумана 2, 10/0,4 кВ , 800 кВА | G75: 0 | L75: да | M75: ДКП/ЗКИ | O75: да | P75: 00-000051 | Q75: 21 | S75: - | T75: - | U75: - | V75: - | AA75: 1
C76: город Краснодар | D76: Краснодар | F76: КЛ-10 АСБл от 2КТП 2КТП400 по ул.Шумана2 3х240 до БКТП 2103п | G76: 0 | L76: да | M76: ДКП/ЗКИ | N76: удалить! (линия в 900м 10кВ, по итогам уточнения тех.характеристик после инвентаризации перешла в линию 2980м см.ТП-2103, письмо 29,07.24 12:54) | O76: 1 | P76: 00-000055 | Q76: 22 | S76: - | T76: - | U76: - | V76: -
C77: город Краснодар | D77: Краснодар | F77: КЛ-0,4 кВ от 2КТП-400 по ул.Шумана 2 до ВРУ жилых домов | G77: 0 | L77: да | M77: ДКП/ЗКИ | N77: На ОС линия 0,4 кВ 1980м? Удалить, письмо 19.07.24 16:19 (удаляем 1960м, а оставляем 2535м по инвентаризации) | O77: 1 | P77: 00-000057 | Q77: 30 | S77: - | T77: - | U77: - | V77: -
C78: город Краснодар | D78: Краснодар | F78: КЛ-0,4 кВ от 2КТП по ул.Шумана 2 до ВРУ жилых домов | G78: 0 | K78: 2.535 | M78: ДКП/ЕГРН | N78: Инвентаризация, строка 37 уточнение тех.характеристик; в приказе №30 длина указана 1960м. Пояснения от главного бухгалтера: в данном случае нового приказа не будет, так как она введена раньше с длиной 1960 метров по ДКП №22. (длина уточнена в результате инвентаризации) | O78: 1 | P78: 00-000057 | Q78: 30 | S78: - | T78: - | U78: - | V78: - | AA78: 1 | AC78: =K78 -> 2.535
B79: 18 | C79: город Краснодар | D79: Краснодар | F79: 2КТП-3115п, 10/0,4 кВ , 800 кВА | G79: 0 | L79: да | M79: ДКП/ЗКИ | O79: да | P79: 00-000049 | Q79: 18 | S79: - | T79: - | U79: - | V79: - | AA79: 1
C80: город Краснодар | D80: Краснодар | F80: 2КЛ-10 АСБл 3х240 от 2КТП-3115п до до 2КТП-400 по ул.Шумана 2 | G80: 0 | J80: 0.765 | L80: да | M80: ДКП/ЗКИ | O80: 1 | P80: 00-000054 | Q80: 23 | S80: - | T80: - | U80: - | V80: - | AA80: 1
C81: город Краснодар | D81: Краснодар | F81: КЛ-10 кВ АСБл 3х240 от 2КТП 3115п до 2КТП-2778п | G81: 0 | J81: 0.524 | L81: да | M81: ДКП/ЕГРН | O81: 1 | P81: 00-000053 | Q81: 24 | S81: - | T81: - | U81: - | V81: - | AA81: 1
C82: город Краснодар | D82: Краснодар | F82: КЛ 0,4 кВ от 2КТП 3115п до ВРУ жилых домов | G82: 0 | K82: 1.94 | L82: да | M82: ДКП/ЗКИ | O82: 1 | P82: 00-000056 | Q82: 25 | S82: - | T82: - | U82: - | V82: - | AA82: 1
B83: 19 | C83: город Краснодар | D83: Краснодар | F83: 2КТП-3116п, 10/0,4 кВ , 1260 кВА | G83: 0 | L83: да | M83: ДКП/ЗКИ | O83: да | P83: 00-000050 | Q83: 19 | S83: - | T83: - | U83: - | V83: - | AA83: 1
C84: город Краснодар | D84: Краснодар | F84: 2КЛ-10 кВ АСБл 2(3*240мм2)от 2БРТП №2103 до 2КТП-3116п | G84: 0 | J84: 3.2 | M84: ЕГРН | N84: КЛ выявлена при инвентаризации, нет ДКП; | O84: 1 | P84: БП-000399 | Q84: 211 | S84: - | T84: - | U84: - | V84: - | AA84: 1 | AC84: =J84 -> 3.2
C85: город Краснодар | D85: Краснодар | F85: КЛ-0,4кВ от 2КТП №3116п до ВРУ жилых домов | G85: 0 | K85: 3.44 | M85: ДКП/ЕГРН | N85: Инвентаризация, строка 39, уточнение тех.характеристик; ранее линия оформлена на длину 1850м по ДКП №22, по результатам инвентаризации уточнена 3440м; | O85: 1 | P85: 00-000059 | Q85: 27 | S85: - | T85: - | U85: - | V85: - | AA85: 1 | AC85: =K85 -> 3.44
C86: город Краснодар | D86: Краснодар | F86: 2КЛ-10 кВ от 2КТП-10/0,4 кВ №2543п до 2КТП-10/0,4 кВ № 3116п | G86: 0 | M86: ЗКИ | N86: 500 м удалили т.к. она учтена к ТП-2543 в последней строке, письмо от 22.07.24 13:40 | O86: 1 | S86: - | T86: - | U86: - | V86: -
C87: город Краснодар | D87: Краснодар | F87: КЛ 10 кВ от 2КТП-2701п до 2КТП-3116п | G87: 0 | J87: 1.6 | L87: да | M87: ДКП/ЗКИ | O87: 1 | P87: 00-000058 | Q87: 26 | S87: - | T87: - | U87: - | V87: - | AA87: 1
C88: город Краснодар | D88: Краснодар | F88: КЛ 0,4 кВ от 2КТП-3116п до ВРУ жилых домов | G88: 0 | L88: да | M88: ДКП/ЗКИ | N88: удалить (1850м 0,4 кВ, оставить 3440м инвентаризация), письмо 19,07.24 16:19 | P88: 00-000059 | Q88: 27 | S88: - | T88: - | U88: - | V88: -
B89: 20 | C89: город Краснодар | D89: Краснодар | F89: 2КТП -3106п, 10/0,4 кВ , 2000 кВА | G89: 0 | L89: да | M89: ДКП/ЕГРН | O89: да | P89: 00-000045 | Q89: 17 | S89: - | T89: - | U89: - | V89: - | W89: 2000 | AA89: 1
C90: город Краснодар | D90: Краснодар | F90: 2КЛ-10 АСБл 3х240 мм от 2КТП-2962п до 2КТП-3106п L=390х2 | G90: 0 | J90: 0.78 | L90: да | M90: ДКП/ЕГРН | O90: 1 | P90: 00-000046 | Q90: 16 | S90: - | T90: - | U90: - | V90: - | X90: 0.78 | AA90: 1
C91: город Краснодар | D91: Краснодар | F91: КЛ-0,4 кВ от 2КТП-3106п до ВРУ жилого дома Литер 7 L=1600м | G91: 0 | K91: 1.6 | M91: ДКП/ЕГРН | O91: 1 | P91: 00-000048 | Q91: 15 | S91: - | T91: - | U91: - | V91: - | AA91: 1
C92: город Краснодар | D92: Краснодар | F92: КЛ-0,4 кВ от 2КТП-3106п до ВРУ жилого дома Литер 3 L=1380м | G92: 0 | K92: 1.38 | M92: ЕГРН | N92: КЛ выявлена при инвентаризации, нет ДКП; | O92: 1 | P92: БП-000402 | Q92: 208 | S92: - | T92: - | U92: - | V92: - | AA92: 1 | AC92: =K92 -> 1.38
C93: город Краснодар | D93: Краснодар | F93: КЛ-0,4 кВ от ТП-3106п до ВРУ литер 5 в ЖК «Модеград» | G93: 0 | K93: 0.78 | M93: ЕГРН | N93: КЛ выявлена при инвентаризации, нет ДКП; | O93: 1 | P93: БП-000401 | Q93: 209 | S93: - | T93: - | U93: - | V93: - | AA93: 1 | AC93: =K93 -> 0.78
C94: город Краснодар | D94: Краснодар | F94: 2КЛ-0,4 АВБбШв 4х120 L=375х2м (ТП-3106) | G94: 0 | K94: 0.75 | L94: да | M94: ДКП/ЗКИ | O94: 1 | P94: 00-000047 | Q94: 14 | S94: - | T94: - | U94: - | V94: - | AA94: 1
B95: 21 | C95: город Краснодар | D95: Краснодар | F95: 2КТП-3107п, 10/0,4 кВ , 2000 кВА | G95: 0 | L95: да | M95: ДКП/ЕГРН | O95: да | P95: 00-000052 | Q95: 20 | S95: - | T95: - | U95: - | V95: - | AA95: 1
C96: город Краснодар | D96: Краснодар | F96: КЛ-0,4 кВ от 2КТП-1000/10/0,4 кВ №3107п к ВРУ много кв жил дома №8 по ул. Античная, L=164м | G96: 0 | K96: 0.164 | M96: ДКП/ЕГРН | O96: 1 | P96: БП-000299 | Q96: 108 | S96: - | T96: - | U96: - | V96: - | AA96: 1
C97: город Краснодар | D97: Краснодар | F97: КЛ-10 кВ от 2КТП-1000/10/0,4 кВ №3107п до точки врезки в сущ КЛ-10 кВ протяженностью 111м. | G97: 0 | J97: 0.111 | M97: ДКП/ЕГРН | O97: 1 | P97: БП-000300 | Q97: 109 | S97: - | T97: - | U97: - | V97: - | AA97: 1
C98: город Краснодар | D98: Краснодар | F98: КЛ-10 кВ от 2КТП-2730п до 2КТП-3107п, 3х240 L=330*2м | G98: 0 | J98: 0.66 | L98: да | M98: ДКП/ЗКИ | N98: задвоение с линией 10кВ в п.12 (ТП-2730), удалили 760м в п.12 (письмо 19.06.2024); Почему удалили в ОС линию 660м от ТП-3107п, она должна быть в обеих ТП?; Ответ: ТСО решили отражать линии в одной из ТП; | O98: 1 | P98: 00-000061 | Q98: 29 | S98: - | T98: - | U98: - | V98: - | AA98: 1
C99: город Краснодар | D99: Краснодар | F99: КЛ-0,4 кВ от 2КТП-3107п до литера 1, 4х185 L=120*2м | G99: 0 | K99: 0.24 | L99: да | M99: ДКП/ЗКИ | O99: 1 | P99: 00-000060 | Q99: 28 | S99: - | T99: - | U99: - | V99: - | AA99: 1
B100: 22 | C100: город Краснодар | D100: Краснодар | F100: 2БКТП-3158п, 10/0,4 кВ , 2000 кВА | G100: 0 | L100: да | M100: СМР/ЗКИ | N100: Сумма ИК складывается из СМР ЭнергоГарант+, поставка ТП от Кубаньэлектрощит, + хоз.способ-. Ответ : на хоз.способ не делают КС-2, есть авансовый отчет на 15 т.р. | O100: да | P100: 00-000062 | Q100: 2 | S100: да | T100: да | U100: да | V100: - | AA100: 1
...

Sheet Лист7
B2: ООО «Кантри-Строй»
B4: Кабельная линия КЛ-0,4 кВ от 2КТП № 2701 до ВРУ № 1 МКД № 14 по ул. Веронская в г. Краснодаре, | F4: =B4&$E$3&B5 -> Кабельная линия КЛ-0,4 кВ от 2КТП № 2701 до ВРУ № 1 МКД № 14 по ул. Веронская в г. Краснодаре,Кабель АВБбШв сечение 4х95 мм2 | G4: =C5 -> 260 | H4: =D5 -> 59167.24
B5: Кабель АВБбШв сечение 4х95 мм2 | C5: 260 | D5: 59167.24
B6: Кабельная линия КЛ-0,4 кВ от 2КТП № 2701 до ВРУ № 6.1 МКД № 4 по ул. Веронская в г. Краснодаре, | F6: =B6&$E$3&B7 -> Кабельная линия КЛ-0,4 кВ от 2КТП № 2701 до ВРУ № 6.1 МКД № 4 по ул. Веронская в г. Краснодаре,Кабель АВБбШв сечение 4х95 мм2 | G6: =C7 -> 660 | H6: =D7 -> 300387.55
B7: Кабель АВБбШв сечение 4х95 мм2 | C7: 660 | D7: 300387.55
B8: Кабельная линия КЛ-0,4 кВ от 2КТП № 2701 до ВРУ № 1.1 МКД № 4 по ул. Веронская в г. Краснодаре, | F8: =B8&$E$3&B9 -> Кабельная линия КЛ-0,4 кВ от 2КТП № 2701 до ВРУ № 1.1 МКД № 4 по ул. Веронская в г. Краснодаре,Кабель АВБбШв сечение 4х70 мм2 | G8: =C9 -> 560 | H8: =D9 -> 254874.28
B9: Кабель АВБбШв сечение 4х70 мм2 | C9: 560 | D9: 254874.28
B10: Кабельная линия КЛ-0,4 кВ от 2КТП № 2701 до ВРУ № 2.1 МКД № 6 по ул. Веронская в г. Краснодаре, | F10: =B10&$E$3&B11 -> Кабельная линия КЛ-0,4 кВ от 2КТП № 2701 до ВРУ № 2.1 МКД № 6 по ул. Веронская в г. Краснодаре,Кабель АВБбШв сечение 4х95 мм2 | G10: =C11 -> 460 | H10: =D11 -> 209361.02
B11: Кабель АВБбШв сечение 4х95 мм2 | C11: 460 | D11: 209361.02
B12: Кабельная линия КЛ-0,4 кВ от 2КТП № 2701 до ВРУ № 3.1 МКД № 8 по ул. Веронская в г. Краснодаре, | F12: =B12&$E$3&B13 -> Кабельная линия КЛ-0,4 кВ от 2КТП № 2701 до ВРУ № 3.1 МКД № 8 по ул. Веронская в г. Краснодаре,Кабель АВБбШв сечение 4х95 мм2 | G12: =C13 -> 590 | H12: =D13 -> 258527.57
B13: Кабель АВБбШв сечение 4х95 мм2 | C13: 590 | D13: 258527.57
B14: Кабельная линия КЛ-0,4 кВ от 2КТП № 2701 до ВРУ № 2.1 МКД № 8 по ул. Веронская в г. Краснодаре, | F14: =B14&$E$3&B15 -> Кабельная линия КЛ-0,4 кВ от 2КТП № 2701 до ВРУ № 2.1 МКД № 8 по ул. Веронская в г. Краснодаре,Кабель АВБбШв сечение 4х70мм2 | G14: =C15 -> 680 | H14: =D15 -> 309490.2
B15: Кабель АВБбШв сечение 4х70мм2 | C15: 680 | D15: 309490.2
F16: =B17&$E$3&B18 -> Кабельная линия КЛ-0,4 кВ от 2КТП № 2701 до ВРУ № 4.1 МКД № 10 по ул. Веронская в г. Краснодаре,Кабель АВБбШв сечение 4х95 мм2 | G16: =C18 -> 270 | H16: =D18 -> 122885.82
B17: Кабельная линия КЛ-0,4 кВ от 2КТП № 2701 до ВРУ № 4.1 МКД № 10 по ул. Веронская в г. Краснодаре,
B18: Кабель АВБбШв сечение 4х95 мм2 | C18: 270 | D18: 122885.82 | F18: =B19&$E$3&B20 -> Кабельная линия КЛ-0,4 кВ от 2КТП № 2701 до ВРУ № 5.1 МКД № 12 по ул. Веронская в г. Краснодаре,Кабель АВБбШв сечение 4х95 мм2 | G18: =C20 -> 420 | H18: =D20 -> 191155.71
B19: Кабельная линия КЛ-0,4 кВ от 2КТП № 2701 до ВРУ № 5.1 МКД № 12 по ул. Веронская в г. Краснодаре,
B20: Кабель АВБбШв сечение 4х95 мм2 | C20: 420 | D20: 191155.71 | F20: =B21&$E$3&B22 -> Кабельная линия КЛ-0,4 кВ от 2КТП № 2701 до ВРУ № 2 МКД № 14 по ул. Веронская в г. Краснодаре,Кабель АВБбШв сечение 4х95 мм2 | G20: =C22 -> 220 | H20: =D22 -> 100129.18
B21: Кабельная линия КЛ-0,4 кВ от 2КТП № 2701 до ВРУ № 2 МКД № 14 по ул. Веронская в г. Краснодаре,
B22: Кабель АВБбШв сечение 4х95 мм2 | C22: 220 | D22: 100129.18 | F22: =B23&$E$3&B24 -> Кабельная линия КЛ-0,4 кВ от 2КТП № 2701 до ВРУ № 3 МКД № 14 по ул. Веронская в г. Краснодаре,Кабель АВБбШв сечение 4х95 мм2 | G22: =C24 -> 180 | H22: =D24 -> 95577.86
B23: Кабельная линия КЛ-0,4 кВ от 2КТП № 2701 до ВРУ № 3 МКД № 14 по ул. Веронская в г. Краснодаре,
B24: Кабель АВБбШв сечение 4х95 мм2 | C24: 180 | D24: 95577.86 | F24: =B25&$E$3&B26 -> Кабельная линия КЛ-0,4 кВ от 2КТП № 2701 до ВРУ № 7.1 МКД № 16 по ул. Веронская в г. Краснодаре,Кабель АВБбШв сечение 4х95 мм2 | G24: =C26 -> 280 | H24: =D26 -> 127437.14
B25: Кабельная линия КЛ-0,4 кВ от 2КТП № 2701 до ВРУ № 7.1 МКД № 16 по ул. Веронская в г. Краснодаре,
B26: Кабель АВБбШв сечение 4х95 мм2 | C26: 280 | D26: 127437.14 | F26: =B27&$E$3&B28 -> Кабельная линия КЛ-0,4 кВ от 2КТП № 2701 до ВРУ № 8.1 МКД № 18 по ул. Веронская в г. Краснодаре,Кабель АВБбШв сечение 4х95 мм2 | G26: =C28 -> 200 | H26: =D28 -> 91026.53
B27: Кабельная линия КЛ-0,4 кВ от 2КТП № 2701 до ВРУ № 8.1 МКД № 18 по ул. Веронская в г. Краснодаре,
B28: Кабель АВБбШв сечение 4х95 мм2 | C28: 200 | D28: 91026.53 | F28: =B29&$E$3&B30 -> Кабельная линия КЛ-0,4 кВ от 2КТП № 2701 до ВРУ № 9.1 МКД № 20 по ул. Веронская в г. Краснодаре,Кабель АВБбШв сечение 4х95 мм2 | G28: =C30 -> 500 | H28: =D30 -> 227566.32
B29: Кабельная линия КЛ-0,4 кВ от 2КТП № 2701 до ВРУ № 9.1 МКД № 20 по ул. Веронская в г. Краснодаре,
B30: Кабель АВБбШв сечение 4х95 мм2 | C30: 500 | D30: 227566.32
D33: =SUM(D4:D30) -> 2347586.4 | H33: =SUM(H4:H30) -> 2347586.4
B39: КЛ-0,4 кВ от 2КТП № 2701 до ВРУ № 1 МКД № 14 по ул. Веронская в г. Краснодаре,Кабель АВБбШв сечение 4х95 мм2 | C39: 260 | D39: =C39/1000 -> 0.26 | F39: Кабельная | G39: линия | H39: КЛ-0,4 | I39: кВ | J39: от | K39: 2КТП | L39: № | M39: 2701 | N39: до | O39: ВРУ | P39: № | Q39: 1 | R39: МКД | S39: № | T39: 14 | U39: по ул. Веронская в г. Краснодаре,Кабель АВБбШв сечение | V39: 4х95 мм2
B40: КЛ-0,4 кВ от 2КТП № 2701 до ВРУ № 6.1 МКД № 4 по ул. Веронская в г. Краснодаре,Кабель АВБбШв сечение 4х95 мм2 | C40: 660 | D40: =C40/1000 -> 0.66 | F40: Кабельная | G40: линия | H40: КЛ-0,4 | I40: кВ | J40: от | K40: 2КТП | L40: № | M40: 2701 | N40: до | O40: ВРУ | P40: № | Q40: 45297 | U40: МКД № 4 по ул. Веронская в г. Краснодаре,Кабель АВБбШв | V40: сечение 4х95 мм2
B41: КЛ-0,4 кВ от 2КТП № 2701 до ВРУ № 1.1 МКД № 4 по ул. Веронская в г. Краснодаре,Кабель АВБбШв сечение 4х70 мм2 | C41: 560 | D41: =C41/1000 -> 0.56 | F41: Кабельная | G41: линия | H41: КЛ-0,4 | I41: кВ | J41: от | K41: 2КТП | L41: № | M41: 2701 | N41: до | O41: ВРУ | P41: № | Q41: 45292 | U41: МКД № 4 по ул. Веронская в г. Краснодаре,Кабель АВБбШв | V41: сечение 4х70 мм2
B42: КЛ-0,4 кВ от 2КТП № 2701 до ВРУ № 2.1 МКД № 6 по ул. Веронская в г. Краснодаре,Кабель АВБбШв сечение 4х95 мм2 | C42: 460 | D42: =C42/1000 -> 0.46 | F42: Кабельная | G42: линия | H42: КЛ-0,4 | I42: кВ | J42: от | K42: 2КТП | L42: № | M42: 2701 | N42: до | O42: ВРУ | P42: № | Q42: 45293 | U42: МКД № 6 по ул. Веронская в г. Краснодаре,Кабель АВБбШв | V42: сечение 4х95 мм2
B43: КЛ-0,4 кВ от 2КТП № 2701 до ВРУ № 3.1 МКД № 8 по ул. Веронская в г. Краснодаре,Кабель АВБбШв сечение 4х95 мм2 | C43: 590 | D43: =C43/1000 -> 0.59 | F43: Кабельная | G43: линия | H43: КЛ-0,4 | I43: кВ | J43: от | K43: 2КТП | L43: № | M43: 2701 | N43: до | O43: ВРУ | P43: № | Q43: 45294 | U43: МКД № 8 по ул. Веронская в г. Краснодаре,Кабель АВБбШв | V43: сечение 4х95 мм2
B44: КЛ-0,4 кВ от 2КТП № 2701 до ВРУ № 2.1 МКД № 8 по ул. Веронская в г. Краснодаре,Кабель АВБбШв сечение 4х70мм2 | C44: 680 | D44: =C44/1000 -> 0.68 | F44: Кабельная | G44: линия | H44: КЛ-0,4 | I44: кВ | J44: от | K44: 2КТП | L44: № | M44: 2701 | N44: до | O44: ВРУ | P44: № | Q44: 45293 | U44: МКД № 8 по ул. Веронская в г. Краснодаре,Кабель АВБбШв | V44: сечение 4х70мм2
B45: КЛ-0,4 кВ от 2КТП № 2701 до ВРУ № 4.1 МКД № 10 по ул. Веронская в г. Краснодаре,Кабель АВБбШв сечение 4х95 мм2 | C45: 270 | D45: =C45/1000 -> 0.27 | F45: Кабельная | G45: линия | H45: КЛ-0,4 | I45: кВ | J45: от | K45: 2КТП | L45: № | M45: 2701 | N45: до | O45: ВРУ | P45: № | Q45: 45295 | U45: МКД № 10 по ул. Веронская в г. Краснодаре,Кабель АВБбШв | V45: сечение 4х95 мм2
B46: КЛ-0,4 кВ от 2КТП № 2701 до ВРУ № 5.1 МКД № 12 по ул. Веронская в г. Краснодаре,Кабель АВБбШв сечение 4х95 мм2 | C46: 420 | D46: =C46/1000 -> 0.42 | F46: Кабельная | G46: линия | H46: КЛ-0,4 | I46: кВ | J46: от | K46: 2КТП | L46: № | M46: 2701 | N46: до | O46: ВРУ | P46: № | Q46: 45296 | U46: МКД № 12 по ул. Веронская в г. Краснодаре,Кабель АВБбШв | V46: сечение 4х95 мм2
B47: КЛ-0,4 кВ от 2КТП № 2701 до ВРУ № 2 МКД № 14 по ул. Веронская в г. Краснодаре,Кабель АВБбШв сечение 4х95 мм2 | C47: 220 | D47: =C47/1000 -> 0.22 | F47: Кабельная | G47: линия | H47: КЛ-0,4 | I47: кВ | J47: от | K47: 2КТП | L47: № | M47: 2701 | N47: до | O47: ВРУ | P47: № | Q47: 2 | R47: МКД | S47: № | T47: 14 | U47: по ул. Веронская в г. Краснодаре,Кабель АВБбШв сечение | V47: 4х95 мм2
B48: КЛ-0,4 кВ от 2КТП № 2701 до ВРУ № 3 МКД № 14 по ул. Веронская в г. Краснодаре,Кабель АВБбШв сечение 4х95 мм2 | C48: 180 | D48: =C48/1000 -> 0.18 | F48: Кабельная | G48: линия | H48: КЛ-0,4 | I48: кВ | J48: от | K48: 2КТП | L48: № | M48: 2701 | N48: до | O48: ВРУ | P48: № | Q48: 3 | R48: МКД | S48: № | T48: 14 | U48: по ул. Веронская в г. Краснодаре,Кабель АВБбШв сечение | V48: 4х95 мм2
B49: КЛ-0,4 кВ от 2КТП № 2701 до ВРУ № 7.1 МКД № 16 по ул. Веронская в г. Краснодаре,Кабель АВБбШв сечение 4х95 мм2 | C49: 280 | D49: =C49/1000 -> 0.28 | F49: Кабельная | G49: линия | H49: КЛ-0,4 | I49: кВ | J49: от | K49: 2КТП | L49: № | M49: 2701 | N49: до | O49: ВРУ | P49: № | Q49: 45298 | U49: МКД № 16 по ул. Веронская в г. Краснодаре,Кабель АВБбШв | V49: сечение 4х95 мм2
B50: КЛ-0,4 кВ от 2КТП № 2701 до ВРУ № 8.1 МКД № 18 по ул. Веронская в г. Краснодаре,Кабель АВБбШв сечение 4х95 мм2 | C50: 200 | D50: =C50/1000 -> 0.2 | F50: Кабельная | G50: линия | H50: КЛ-0,4 | I50: кВ | J50: от | K50: 2КТП | L50: № | M50: 2701 | N50: до | O50: ВРУ | P50: № | Q50: 45299 | U50: МКД № 18 по ул. Веронская в г. Краснодаре,Кабель АВБбШв | V50: сечение 4х95 мм2
B51: КЛ-0,4 кВ от 2КТП № 2701 до ВРУ № 9.1 МКД № 20 по ул. Веронская в г. Краснодаре,Кабель АВБбШв сечение 4х95 мм2 | C51: 500 | D51: =C51/1000 -> 0.5 | F51: Кабельная | G51: линия | H51: КЛ-0,4 | I51: кВ | J51: от | K51: 2КТП | L51: № | M51: 2701 | N51: до | O51: ВРУ | P51: № | Q51: 45300 | U51: МКД № 20 по ул. Веронская в г. Краснодаре,Кабель АВБбШв | V51: сечение 4х95 мм2
B63: Трансформаторная подстанция 2КТП-630/10/0,4 кВ № 2778п, расположенная в г. Краснодаре в ЖК «Зеленая Долина» | F63: =B63&$E$61&B64&$E$61 -> Трансформаторная подстанция 2КТП-630/10/0,4 кВ № 2778п, расположенная в г. Краснодаре в ЖК «Зеленая Долина» | G63: =C64 -> 1 260 кВА | H63: =D64 -> 1 953 400,00
C64: 1 260 кВА | D64: 1 953 400,00
B65: Трансформаторная подстанция 2КТП-1000/10/0,4 кВ № 2779п, расположенная в г. Краснодаре в ЖК «Зеленая Долина» | F65: =B65&$E$61&B66&$E$61 -> Трансформаторная подстанция 2КТП-1000/10/0,4 кВ № 2779п, расположенная в г. Краснодаре в ЖК «Зеленая Долина» | G65: =C66 -> 2 000 кВА | H65: =D66 -> 1 841 116,00
C66: 2 000 кВА | D66: 1 841 116,00
B67: Кабельная линия КЛ-10 кВ от 1 секции шин 2КТП № 2778п | F67: =B67&$E$61&B68&$E$61&B69 -> Кабельная линия КЛ-10 кВ от 1 секции шин 2КТП № 2778п до 1 секции шин 2КТП № 2779п Кабель АСБл-10, сечение 3х240 мм2 | G67: =C68 -> 1810 | H67: =D68 -> 325 140,00
B68: до 1 секции шин 2КТП № 2779п | C68: 1810 | D68: 325 140,00
B69: Кабель АСБл-10, сечение 3х240 мм2
B70: Кабельная линия КЛ-10 кВ от 2 секции шин 2КТП № 2778п | F70: =B70&$E$61&B71&$E$61&B72 -> Кабельная линия КЛ-10 кВ от 2 секции шин 2КТП № 2778п до 2 секции шин 2КТП № 2779п Кабель АСБл-10, сечение 3х240 мм2 | G70: =C71 -> 1810 | H70: =D71 -> 325 140,00
B71: до 2 секции шин 2КТП № 2779п | C71: 1810 | D71: 325 140,00
B72: Кабель АСБл-10, сечение 3х240 мм2
B73: Кабельная линия КЛ-10 кВ от 1 секции шин 2КТП № 2779п | F73: =B73&$E$61&B74&$E$61&B75 -> Кабельная линия КЛ-10 кВ от 1 секции шин 2КТП № 2779п до 1 секции шин 2КТП № 2780п Кабель АСБл-10, сечение 3х240 мм2 | G73: =C74 -> 720 | H73: =D74 -> 162 571,00
B74: до 1 секции шин 2КТП № 2780п | C74: 720 | D74: 162 571,00
B75: Кабель АСБл-10, сечение 3х240 мм2
B76: Кабельная линия КЛ-10 кВ от 1 секции шин 2КТП № 2779п | F76: =B76&$E$61&B77&$E$61&B78 -> Кабельная линия КЛ-10 кВ от 1 секции шин 2КТП № 2779п до 1 секции шин 2КТП № 2780п Кабель АСБл-10, сечение 3х240 мм2 | G76: =C77 -> 720 | H76: =D77 -> 162 571,00
B77: до 1 секции шин 2КТП № 2780п | C77: 720 | D77: 162 571,00
B78: Кабель АСБл-10, сечение 3х240 мм2
B79: Воздушная линия ВЛ-0,4 кВ от 2КТП № 2778 до ВРУ на участке с кадастровым номером 23:43:0107001:16255, | F79: =B79&$E$61&B80&$E$61 -> Воздушная линия ВЛ-0,4 кВ от 2КТП № 2778 до ВРУ на участке с кадастровым номером 23:43:0107001:16255,Кабель СИП-2 сечение 3х70 мм2 | G79: =C80 -> 245 | H79: =D80 -> 118 750,00
B80: Кабель СИП-2 сечение 3х70 мм2 | C80: 245 | D80: 118 750,00
B81: Воздушная линия ВЛ-0,4 кВ от 2КТП № 2778 до ВРУ на участке с кадастровым номером 23:43:0107001:16255, | F81: =B81&$E$61&B82&$E$61 -> Воздушная линия ВЛ-0,4 кВ от 2КТП № 2778 до ВРУ на участке с кадастровым номером 23:43:0107001:16255,Кабель СИП-2 сечение 3х70 мм2 | G81: =C82 -> 545 | H81: =D82 -> 293 830,00
B82: Кабель СИП-2 сечение 3х70 мм2 | C82: 545 | D82: 293 830,00
B83: Воздушная линия ВЛ-0,4 кВ от 2КТП № 2778 до ВРУ на участке с кадастровым номером 23:43:0107001:15406, | F83: =B83&$E$61&B84&$E$61 -> Воздушная линия ВЛ-0,4 кВ от 2КТП № 2778 до ВРУ на участке с кадастровым номером 23:43:0107001:15406,Кабель СИП-2 сечение 3х70 мм2 | G83: =C84 -> 810 | H83: =D84 -> 490 000,00
B84: Кабель СИП-2 сечение 3х70 мм2 | C84: 810 | D84: 490 000,00
B85: Воздушная линия ВЛ-0,4 кВ от 2КТП № 2778 до ВРУ на участке с кадастровым номером 23:43:0107001:37167, | F85: =B85&$E$61&B86&$E$61 -> Воздушная линия ВЛ-0,4 кВ от 2КТП № 2778 до ВРУ на участке с кадастровым номером 23:43:0107001:37167,Кабель СИП-2 сечение 3х70 мм2 | G85: =C86 -> 765 | H85: =D86 -> 434 00,00
B86: Кабель СИП-2 сечение 3х70 мм2 | C86: 765 | D86: 434 00,00
B87: Воздушная линия ВЛ-0,4 кВ от 2КТП № 2778 до ВРУ на участке с кадастровым номером 23:43:0107001:16269, | F87: =B87&$E$61&B88&$E$61 -> Воздушная линия ВЛ-0,4 кВ от 2КТП № 2778 до ВРУ на участке с кадастровым номером 23:43:0107001:16269,Кабель СИП-2 сечение 3х70 мм2 | G87: =C88 -> 280 | H87: =D88 -> 167 500,00
B88: Кабель СИП-2 сечение 3х70 мм2 | C88: 280 | D88: 167 500,00
B89: Воздушная линия ВЛ-0,4 кВ от 2КТП № 2778 до ВРУ на участке с кадастровым номером 23:43:0107001:33253, | F89: =B89&$E$61&B90&$E$61 -> Воздушная линия ВЛ-0,4 кВ от 2КТП № 2778 до ВРУ на участке с кадастровым номером 23:43:0107001:33253,Кабель СИП-2 сечение 3х70 мм2 | G89: =C90 -> 285 | H89: =D90 -> 100 000,00
B90: Кабель СИП-2 сечение 3х70 мм2 | C90: 285 | D90: 100 000,00
B91: Воздушная линия ВЛ-0,4 кВ от 2КТП № 2778 до ВРУ на участке с кадастровым номером 23:43:0107001:15552, | F91: =B91&$E$61&B92&$E$61 -> Воздушная линия ВЛ-0,4 кВ от 2КТП № 2778 до ВРУ на участке с кадастровым номером 23:43:0107001:15552,Кабель СИП-2 сечение 3х70 мм2 | G91: =C92 -> 440 | H91: =D92 -> 321 300,00
B92: Кабель СИП-2 сечение 3х70 мм2 | C92: 440 | D92: 321 300,00
B93: Воздушная линия ВЛ-0,4 кВ от 2КТП № 2778 до ВРУ на участке с кадастровым номером 23:43:0107001:15561, | F93: =B93&$E$61&B94&$E$61&B95 -> Воздушная линия ВЛ-0,4 кВ от 2КТП № 2778 до ВРУ на участке с кадастровым номером 23:43:0107001:15561,Кабель СИП-2 сечение 3х70 мм2 | G93: =C94 -> 545 | H93: =D94 -> 291 309,00
B94: Кабель СИП-2 сечение 3х70 мм2 | C94: 545 | D94: 291 309,00
B96: Воздушнаяная линия ВЛ-0,4 кВ от 2КТП № 2778 до ВРУ на участке с кадастровым номером 23:43:0107001:15843, | F96: =B96&$E$61&B97&$E$61 -> Воздушнаяная линия ВЛ-0,4 кВ от 2КТП № 2778 до ВРУ на участке с кадастровым номером 23:43:0107001:15843,Кабель СИП-2 сечение 3х70 мм2 | G96: =C97 -> 650 | H96: =D97 -> 428 251,00
B97: Кабель СИП-2 сечение 3х70 мм2 | C97: 650 | D97: 428 251,00
B98: Воздушная линия ВЛ-0,4 кВ от 2КТП № 2779 до ВРУ на участке с кадастровым номером 23:43:0107001:17433, | F98: =B98&$E$61&B99&$E$61 -> Воздушная линия ВЛ-0,4 кВ от 2КТП № 2779 до ВРУ на участке с кадастровым номером 23:43:0107001:17433,Кабель СИП-2 сечение 3х70 мм2 | G98: =C99 -> 720 | H98: =D99 -> 545 323,00
B99: Кабель СИП-2 сечение 3х70 мм2 | C99: 720 | D99: 545 323,00
B100: Воздушная линия ВЛ-0,4 кВ от 2КТП № 2779 до ВРУ на участке с кадастровым номером 23:43:0107001:15545, | F100: =B100&$E$61&B101&$E$61 -> Воздушная линия ВЛ-0,4 кВ от 2КТП № 2779 до ВРУ на участке с кадастровым номером 23:43:0107001:15545,Кабель СИП-2 сечение 3х70 мм2 | G100: =C101 -> 260 | H100: =D101 -> 67 500,00
B101: Кабель СИП-2 сечение 3х70 мм2 | C101: 260 | D101: 67 500,00
B102: Воздушная линия ВЛ-0,4 кВ от 2КТП № 2779 до ВРУ на участке с кадастровым номером 23:43:0107001:15549, | F102: =B102&$E$61&B103&$E$61 -> Воздушная линия ВЛ-0,4 кВ от 2КТП № 2779 до ВРУ на участке с кадастровым номером 23:43:0107001:15549,Кабель СИП-2 сечение 3х70 мм2 | G102: =C103 -> 360 | H102: =D103 -> 83 800,00
B103: Кабель СИП-2 сечение 3х70 мм2 | C103: 360 | D103: 83 800,00
B104: Воздушная линия ВЛ-0,4 кВ от 2КТП № 2779 до ВРУ на участке с кадастровым номером 23:43:0107001:15797, | F104: =B104&$E$61&B105&$E$61 -> Воздушная линия ВЛ-0,4 кВ от 2КТП № 2779 до ВРУ на участке с кадастровым номером 23:43:0107001:15797,Кабель СИП-2 сечение 3х70 мм2 | G104: =C105 -> 580 | H104: =D105 -> 331 256,00
B105: Кабель СИП-2 сечение 3х70 мм2 | C105: 580 | D105: 331 256,00
B106: Воздушная линия ВЛ-0,4 кВ от 2КТП № 2779 до ВРУ на участке с кадастровым номером 23:43:0107001:16125, | F106: =B106&$E$61&B107&$E$61 -> Воздушная линия ВЛ-0,4 кВ от 2КТП № 2779 до ВРУ на участке с кадастровым номером 23:43:0107001:16125,Кабель СИП-2 сечение 3х70 мм2 | G106: =C107 -> 630 | H106: =D107 -> 412 671,00
B107: Кабель СИП-2 сечение 3х70 мм2 | C107: 630 | D107: 412 671,00
B108: Воздушная линия ВЛ-0,4 кВ уличного освещения от 2КТП № 2779 в ЖК «Испания», | F108: =B108&$E$61&B109&$E$61 -> Воздушная линия ВЛ-0,4 кВ уличного освещения от 2КТП № 2779 в ЖК «Испания»,Кабель СИП-2 сечение 3х70 мм2 | G108: =C109 -> 390 | H108: =D109 -> 238 028,00
B109: Кабель СИП-2 сечение 3х70 мм2 | C109: 390 | D109: 238 028,00
B110: Воздушная линия ВЛ-0,4 кВ уличного освещения от 2КТП № 2779 в ЖК «Испания», | F110: =B110&$E$61&B111&$E$61 -> Воздушная линия ВЛ-0,4 кВ уличного освещения от 2КТП № 2779 в ЖК «Испания»,Кабель СИП-2 сечение 3х70 мм2 | G110: =C111 -> 420 | H110: =D111 -> 154 827,00
B111: Кабель СИП-2 сечение 3х70 мм2 | C111: 420 | D111: 154 827,00
B112: Воздушная линия ВЛ-0,4 кВ от 2КТП № 2780 до ВРУ по ул. Ютландская и ул. Атлантическая в ЖК «Испания 2», | F112: =B112&$E$61&B113&$E$61&B114 -> Воздушная линия ВЛ-0,4 кВ от 2КТП № 2780 до ВРУ по ул. Ютландская и ул. Атлантическая в ЖК «Испания 2»,Кабель СИП-2 сечение 3х70 мм2 | G112: =C113 -> 440 | H112: =D113 -> 200 00,00
B113: Кабель СИП-2 сечение 3х70 мм2 | C113: 440 | D113: 200 00,00
B115: Воздушная линия ВЛ-0,4 кВ от 2КТП № 2780 до ВРУ на участке с кадастровым номером 23:43:0107001:16277 в ЖК «Испания 2», | F115: =B115&$E$61&B116&$E$61 -> Воздушная линия ВЛ-0,4 кВ от 2КТП № 2780 до ВРУ на участке с кадастровым номером 23:43:0107001:16277 в ЖК «Испания 2»,Кабель СИП-2 сечение 3х70 мм2 | G115: =C116 -> 1900 | H115: =D116 -> 1 681 698,00
B116: Кабель СИП-2 сечение 3х70 мм2 | C116: 1900 | D116: 1 681 698,00
B117: Воздушная линия ВЛ-0,4 кВ уличного освещения от 2КТП № 2780 в ЖК «Испания 2», | F117: =B117&$E$61&B118&$E$61 -> Воздушная линия ВЛ-0,4 кВ уличного освещения от 2КТП № 2780 в ЖК «Испания 2»,Кабель СИП-2 сечение 3х70 мм2 | G117: =C118 -> 910 | H117: =D118 -> 607 920,00
B118: Кабель СИП-2 сечение 3х70 мм2 | C118: 910 | D118: 607 920,00
B119: Воздушная линия ВЛ-0,4 кВ уличного освещения от 2КТП № 2780 до ВРУ на участке с кадастровым номером 23:43:0107001:15199 в ЖК «Испания 2», | F119: =B119&$E$61&B120&$E$61 -> Воздушная линия ВЛ-0,4 кВ уличного освещения от 2КТП № 2780 до ВРУ на участке с кадастровым номером 23:43:0107001:15199 в ЖК «Испания 2»,Кабель СИП-2 сечение 3х70 мм2 | G119: =C120 -> 490 | H119: =D120 -> 370 442,00
B120: Кабель СИП-2 сечение 3х70 мм2 | C120: 490 | D120: 370 442,00
C122: =SUM(C67:C120) -> 16725 | G122: =SUM(G67:G120) -> 16725
B124: Трансформаторная подстанция 2КТП-630/10/0,4 кВ № 2778п, расположенная в г. Краснодаре в ЖК «Зеленая Долина» | C124: 1260
...

Sheet Лист3
E2: приказ | F2: ИК
B4: 0 | C4: 0 | D4: 0 | E4: 0 | F4: 0
B5: 937 | C5: Воздушная линия ВЛ-10 кВ, АС-35, от ПС 35/10 кВ «НС-3» до оп. № 1-50 ВЛ-10 кВ. | D5: 2650 | E5: 242 | F5: БП-000433 | G5: в направлении ТП-10/0,4 кВ №НС-3-102-937п
B6: 937 | C6: Воздушная линия ВЛ-10 кВ, АС-35, от оп. № 1-50 ВЛ-10 кВ., до РУ-10 кВ., ТП-10/0,4 кВ № НС-3-102- 937п/100 кВА. | D6: 60 | E6: 243 | F6: БП-000434
B7: 877 | C7: Воздушная линия ВЛ-10 кВ, АС-35, от оп. № 1-50 ВЛ-10 кВ., до РУ-10 кВ., ТП-10/0,4 кВ № НС-3-102- 877п/160 кВА. | D7: 353 | E7: 244 | F7: БП-000435
B8: 878 | C8: Воздушная линия ВЛ-10 кВ, АС-35, от оп. № 1-50 ВЛ-10 кВ., до РУ-10 кВ., ТП-10/0,4 кВ № НС-3-102- 878п/100 кВА. | D8: 828 | E8: 245 | F8: БП-000436
B9: 937 | C9: Воздушная линия ВЛ-0,4 кВ, АС-16, от РУ-0,4 кВ., ТП-10/0,4 кВ № НС-3-102- 937п/100 кВА., по ул. Хозяйственной. | D9: 250 | E9: 246 | F9: БП-000437
B10: 937 | C10: Воздушная линия ВЛ-0,4 кВ, АС-16, от РУ-0,4 кВ., ТП-10/0,4 кВ № НС-3-102- 937п/100 кВА., по ул. 2-й Ореховый проезд. | D10: 289 | E10: 247 | F10: БП-000438
B11: 937 | C11: Воздушная линия ВЛ-0,4 кВ, АС-16, от РУ-0,4 кВ., ТП-10/0,4 кВ № НС-3-102- 937п/100 кВА., по ул. 4-й Ореховый проезд. | D11: 327 | E11: 248 | F11: БП-000439 | Q11: 80.5
B12: 937 | C12: Воздушная линия ВЛ-0,4 кВ, АС-16, от РУ-0,4 кВ., ТП-10/0,4 кВ № НС-3-102- 937п/100 кВА., по ул. 3-й Ореховый проезд. | D12: 220 | E12: 249 | F12: БП-000440 | Q12: 107.5
B13: 937 | C13: Воздушная линия ВЛ-0,4 кВ, АС-16, от РУ-0,4 кВ., ТП-10/0,4 кВ № НС-3-102- 937п/100 кВА., по ул. 4-й Ореховый проезд. | D13: 230 | E13: 250 | F13: БП-000441 | Q13: 182.5
B14: 877 | C14: Воздушная линия ВЛ-0,4 кВ, АС-16, от РУ-0,4 кВ., ТП-10/0,4 кВ № НС-3-102- 877п/160 кВА., по ул. проезд Центральный. | D14: 210 | E14: 251 | F14: БП-000442 | Q14: 217.5
B15: 877 | C15: Воздушная линия ВЛ-0,4 кВ, АС-16, от РУ-0,4 кВ., ТП-10/0,4 кВ № НС-3-102- 877п/160 кВА., по ул. 1-й Ореховый проезд. | D15: 200 | E15: 252 | F15: БП-000443 | Q15: 241.5
B16: 877 | C16: Воздушная линия ВЛ-0,4 кВ, АС-16, от РУ-0,4 кВ., ТП-10/0,4 кВ № НС-3-102- 877п/160 кВА., по ул. Ореховой. | D16: 377 | E16: 253 | F16: БП-000444 | Q16: 363.5
B17: 877 | C17: Воздушная линия ВЛ-0,4 кВ, АС-16, от РУ-0,4 кВ., ТП-10/0,4 кВ № НС-3-102- 877п/160 кВА., по ул. Берёзовой. | D17: 363 | E17: 254 | F17: БП-000445 | Q17: 396.5
B18: 878 | C18: Воздушная линия ВЛ-0,4 кВ, АС-16, от РУ-0,4 кВ., ТП-10/0,4 кВ № НС-3-102- 878п/100 кВА., по ул. Центральной. | D18: 435 | E18: 255 | F18: БП-000446 | Q18: 398.5
B19: 877 | C19: Воздушная линия ВЛ-0,4 кВ, АС-16, от РУ-0,4 кВ., ТП-10/0,4 кВ № НС-3-102- 877п/160 кВА., по ул. Сосновой. | D19: 360 | E19: 256 | F19: БП-000447 | Q19: 235
B20: 877 | C20: Воздушная линия ВЛ-0,4 кВ, АС-16, от РУ-0,4 кВ., ТП-10/0,4 кВ № НС-3-102- 877п/160 кВА., по ул. Вишнёвой. | D20: 430 | E20: 257 | F20: БП-000448 | Q20: 398.5
B21: 878 | C21: Воздушная линия ВЛ-0,4 кВ, АС-16, от РУ-0,4 кВ., ТП-10/0,4 кВ № НС-3-102- 878п/100 кВА., по ул. Цветочной. | D21: 413 | E21: 258 | F21: БП-000449 | Q21: =SUM(Q11:Q20) -> 2621.5
B22: 878 | C22: Воздушная линия ВЛ-0,4 кВ, АС-16, от РУ-0,4 кВ., ТП-10/0,4 кВ № НС-3-102- 878п/100 кВА., по ул. Клубничной. | D22: 409 | E22: 259 | F22: БП-000450 | Q22: =Q21*2 -> 5243
B23: 878 | C23: Воздушная линия ВЛ-0,4 кВ, АС-16, от РУ-0,4 кВ., ТП-10/0,4 кВ № НС-3-102- 878п/100 кВА., по ул. Тополевой. | D23: 414 | E23: 260 | F23: БП-000451 | Q23: =Q22*2 -> 10486
B24: 878 | C24: Воздушная линия ВЛ-0,4 кВ, АС-16, от РУ-0,4 кВ., ТП-10/0,4 кВ № НС-3-102- 878п/100 кВА., по ул. Лесной. | D24: 410 | E24: 261 | F24: БП-000452
B25: 877 | C25: Воздушная линия ВЛ-0,4 кВ, АС-16, от РУ-0,4 кВ., ТП-10/0,4 кВ № НС-3-102- 877п/160 кВА., по ул. Парковой. | D25: 645 | E25: 262 | F25: БП-000453
C26: Трансформаторная подстанция ТП-10/0,4 кВ № НС-3-102- 937п/100 кВА., находящаяся по адресу: г. Краснодар, Прикубанский внутригородской округ, СНТ «Дубки», ул. Речная №2 | D26: 1 | F26: БП-000454
C27: Трансформаторная подстанция ТП-10/0,4 кВ № НС-3-102- 878п/100 кВА., находящаяся по адресу: г. Краснодар, Прикубанский внутригородской округ, СНТ «Дубки», ул. Лесная №10 | D27: 1 | F27: БП-000455
C28: Трансформаторная подстанция ТП-10/0,4 кВ № НС-3-102- 877п/160 кВА., находящаяся по адресу: г. Краснодар, Прикубанский внутригородской округ, СНТ «Дубки», ул. Ореховая №22 | D28: 1 | F28: БП-000456

Sheet Сверка с КЭСК
J1: 45861 | M1: 45864
I2: Сверка с КЭСК по сверки оборудования для прохождения критериев на 2025г | M2: Сверка с КЭСК по сверки оборудования для прохождения критериев на 2025г
C3: 1) Нет однолинейной схемы | I3: (цветом отмечены предоставленные документы) | M3: (цветом отмечены предоставленные документы)
C4: 1 | D4: Кабельная линия, 2КЛ-10 кВ., ААБл-10, 3х240 кв.мм., L=1410м. | I4: 1) Нет однолинейной схемы | M4: 1) Нет однолинейной схемы
I5: 1 | J5: Кабельная линия, 2КЛ-10 кВ., ААБл-10, 3х240 кв.мм., L=1410м. | M5: 2КЛ-10кВ АСБл 2(3*240мм2) от 2КТП по ул.Шумана 2 до 2БКТП №2103п
C6: =C4+1 -> 2 | D6: Кабельная линия, 2КЛ-10 кВ., ААБл-10, 3х240 кв.мм., L=2100м. | M6: 2КЛ-0,4 АВБбШв 4х120 L=375х2м (ТП-3106)
C7: =C5+1 -> 1 | D7: КЛ-0,4 кВ (коттеджи) от БКТП № 2108п до ВРУ коттеджей по ул Гамбургской | I7: =I5+1 -> 2 | J7: Кабельная линия, 2КЛ-10 кВ., ААБл-10, 3х240 кв.мм., L=2100м. | M7: КЛ 10 кВ З-2-113-БРТП-1974п, КЛ-10 кВ З-2-114-БРТП-1974п, ЖК Академический
C8: =C6+1 -> 3 | D8: КЛ-0,4 кВ (коттеджи) от БКТП № 2106п до ВРУ коттеджей по ул Ганноверской, выполненная кабелем АВБбШвнг-4х185 кв.мм., L=5608м | I8: =I7+1 -> 3 | J8: КЛ-0,4 кВ (коттеджи) от БКТП № 2108п до ВРУ коттеджей по ул Гамбургской | M8: 2КЛ-10 кВ от 2БРТП №3516п до точки врезки в КЛ-10 кВ , питающей 2КТП №ЕС-5, кабель АСБл-10, сечение 3*240 мм2
C9: =C7+1 -> 2 | D9: КЛ-0,4 кВ (коттеджи) от БКТП № 2106п до ВРУ коттеджей по ул Потсдамской, выполненная кабелем АВБбШвнг-4х185 кв.мм., L=6340м | I9: =I8+1 -> 4 | J9: КЛ-0,4 кВ (коттеджи) от БКТП № 2106п до ВРУ коттеджей по ул Ганноверской, выполненная кабелем АВБбШвнг-4х185 кв.мм., L=5608м | M9: 2КЛ-10 кВ от 2БРТП №3516п до РП №050, кабель АСБл-10, сечение 3*240 мм2
C10: =C8+1 -> 4 | D10: Кабельная линия, 2КЛ-10 кВ., ААБл-10, 3х240 кв.мм., L=760м. | I10: 2 | J10: КЛ-0,4 кВ (коттеджи) от БКТП № 2106п до ВРУ коттеджей по ул Потсдамской, выполненная кабелем АВБбШвнг-4х185 кв.мм., L=6340м | M10: 2БКТП-6/0,4 № 3310n/2x1б00кВА (ТП-3310п)
C11: =C9+1 -> 3 | D11: Кабельная линия, КЛ-0,4 кВ., АВБбШвнг-4х185 кв.мм., L=1720м. | I11: 4 | J11: Кабельная линия, 2КЛ-10 кВ., ААБл-10, 3х240 кв.мм., L=760м. | M11: КЛ-6кВ (луч А) АСБл, сечением 3 х 240 мм2 от 2БКТП-б/0 4 № 3009п до 2БКТП-6/0,4 N 3310п
C12: =C10+1 -> 5 | D12: Кабельная линия, 2КЛ-10 кВ., ААБл-10, 3х240 кв.мм., L=1470м. | I12: 3 | J12: Кабельная линия, КЛ-0,4 кВ., АВБбШвнг-4х185 кв.мм., L=1720м. | M12: КЛ-6кВ (луч Б) АСБл, сечением 3 х 240 мм2 от 2БКТП-б/0 4 № 3009п до 2БКТП-6/0,4 N 3310п
C13: =C11+1 -> 4 | D13: КЛ 0,4 кВ (коттеджи) от БКТП № 2107п до ВРУ коттеджей по ул Берлинской | I13: 5 | J13: Кабельная линия, 2КЛ-10 кВ., ААБл-10, 3х240 кв.мм., L=1470м. | M13: 2КЛ-0,4 кВ ВВГнг(А)-LЅ, сечением 2(4*240) мм2 on PY-0,4 кВ ТП-3310п дo BPY-1 Литер 1
C14: =C12+1 -> 6 | D14: КЛ-0,4 кВ (коттеджи) от БКТП № 2107п до ВРУ коттеджей по ул Мюнхенской, выполненная кабелем АВБбШвнг-4х185 кв.мм., | I14: 4 | J14: КЛ 0,4 кВ (коттеджи) от БКТП № 2107п до ВРУ коттеджей по ул Берлинской | M14: 2КЛ-0,4 кВ ВВГнг(А)-LЅ, сечением 2(4*240) мм2 on PY-0,4 кВ ТП-3310п дo BPY-2 Литер 1
C15: =C13+1 -> 5 | D15: Кабельная линия, 4КЛ-0,4 кВ., АВБбШвнг-4х185 кв.мм., L=5514м. | I15: 6 | J15: КЛ-0,4 кВ (коттеджи) от БКТП № 2107п до ВРУ коттеджей по ул Мюнхенской, выполненная кабелем АВБбШвнг-4х185 кв.мм., | M15: 2КЛ-0,4 кВ ВВГнг(А)-LЅ, сечением 2(4*240) мм2 on PY-0,4 кВ ТП-3310п дo BPY-3 Литер 1
C16: =C14+1 -> 7 | D16: Кабельная линия, 2КЛ-10 кВ., ААБл-10, 3х240 кв.мм., L= 425м. | I16: 5 | J16: Кабельная линия, 4КЛ-0,4 кВ., АВБбШвнг-4х185 кв.мм., L=5514м. | M16: 2КЛ-0,4 кВ ВВГнг(А)-LЅ, сечением (4*95) мм2 on PY-0,4 кВ ТП-3310п дo BY-1 Коммерция
C17: =C15+1 -> 6 | D17: Кабельная линия, 2КЛ-10 кВ., одножильная с изоляцией из сшитого полиэлитена с алюминевой жилой. Тип/марка: NA2XS(F)2Y, 500 кв.мм. L= 27 960 м | I17: 7 | J17: Кабельная линия, 2КЛ-10 кВ., ААБл-10, 3х240 кв.мм., L= 425м. | M17: 2КЛ-0,4 кВ ВВГнг(А)-LЅ, сечением (4*95) мм2 on PY-0,4 кВ ТП-3310п дo BY-2 Коммерция
C18: =C16+1 -> 8 | D18: КЛ 0,4 кВ АВБбШв4*25мм2 длиной 1069м | I18: 6 | J18: Кабельная линия, 2КЛ-10 кВ., одножильная с изоляцией из сшитого полиэлитена с алюминевой жилой. Тип/марка: NA2XS(F)2Y, 500 кв.мм. L= 27 960 м | M18: 2КЛ-0,4 кВ ВВГнг(А)-LЅ, сечением (4*95) мм2 on PY-0,4 кВ ТП-3310п дo BY-3 Коммерция
C19: =C17+1 -> 7 | D19: КЛ 0,4 кВ 4х120 мм2 от ТП-2431п до кот.общей протяж. 320м | I19: 8 | J19: КЛ 0,4 кВ АВБбШв4*25мм2 длиной 1069м | M19: 2КЛ-0,4 кВ ВВГнг(А)-LЅ, сечением 2(4*240) мм2 on PY-0,4 кВ ТП-3310п дo BY-1 Литер 3 автостоянка
C20: =C18+1 -> 9 | D20: КЛ 10 кВ 3х120 мм2 БКТП2430п-ТП2431п ЖК "Казанский", ул. Восточная | I20: 7 | J20: КЛ 0,4 кВ 4х120 мм2 от ТП-2431п до кот.общей протяж. 320м | M20: Закрытая ТП-10/0,4 кВ №3162п/2*1250 кВа
C21: =C19+1 -> 8 | D21: 4КЛ-10 АСБл 3*240 мм от врезки в КЛ 10кВ между БРТП 2103п БКТП 2108п до 2КТП-2431п | I21: 9 | J21: КЛ 10 кВ 3х120 мм2 БКТП2430п-ТП2431п ЖК "Казанский", ул. Восточная | M21: КЛ-10 кВ, АСБл-10 (3х240 кв.мм.), от муфты №2 на 2КЛ-10 кВ. (АПвПу-10 (3х500 кв.мм.), до 2 сш РУ-10 кВ ЗТП-10/0,4 кВ № 3162п/2х1250 кВА.
... C109: =C107+1 -> 52 | D109: КЛ-0,4 кВ от 2КТП-400/10/0,4 кВ №3518 к ВРУ жилого дома №80, корп.5 по ул.Лиссабонской в г. Краснодаре, протяженность 11м. | I109: 53 | J109: КЛ-0,4 кВ от 2КТП-400/10/0,4 кВ №3518 к ВРУ жилого дома №80, корп.4 по ул.Лиссабонской в г. Краснодаре, протяженность 107м. | M109: ВЛ-0,4 кВ от ТП № 1465п до ВРУ жилых домов по ул. Сиреневой
I110: 52 | J110: КЛ-0,4 кВ от 2КТП-400/10/0,4 кВ №3518 к ВРУ жилого дома №80, корп.5 по ул.Лиссабонской в г. Краснодаре, протяженность 11м. | M110: ВЛ-0,4 кВ от ТП № 1465п до ВРУ жилых домов по ул. Садовой
C111: 2) Нет приказов на ввод основного средства в эксплуатацию. | I111: =I110+1 -> 53 | J111: 2КЛ-10кВ АСБл 2(3*240мм2) от 2КТП по ул.Шумана 2 до 2БКТП №2103п | M111: КТП-400/10/0,4 кВ №ТП-Н540-1
C112: 1 | D112: 2БКТП-2456п | I112: =I111+1 -> 54 | J112: КЛ-0,4 кВ от ТП-3106п до ВРУ литер 5 в ЖК «Модеград» | M112: КЛ-0,4 от ТП-Н540-1 до ВРУ потребителейпгт. Джубга, мкр. «Лермонтов сад»
C113: =C112+1 -> 2 | D113: КЛ 10 кВ от 2КТП-10/0,4 кВ №2456п до 2КТП-10/0,4 кВ №2457п | I113: =I112+1 -> 55 | J113: КЛ 10 кВ З-2-113-БРТП-1974п, КЛ-10 кВ З-2-114-БРТП-1974п, ЖК Академический | M113: КЛ-10 кВ от КРН-36 до ТП-Н540-1
C114: =C113+1 -> 3 | D114: КЛ 0,4 кВ от 2БКТП-2456п | I114: =I113+1 -> 56 | J114: 2КЛ-10 кВ от 2БРТП №3516п до точки врезки в КЛ-10 кВ , питающей 2КТП №ЕС-5, кабель АСБл-10, сечение 3*240 мм2 | K114: новые договора | M114: КТП-400/10/0,4 кВ (ТП-Н540-2)
C115: =C114+1 -> 4 | D115: КЛ 0,4 кВ от 2БКТП-2456п | I115: =I114+1 -> 57 | J115: 2КЛ-10 кВ от 2БРТП №3516п до РП №050, кабель АСБл-10, сечение 3*240 мм2 | M115: 2БКТП-1250/10/0,4 ТП-3023п
C116: =C115+1 -> 5 | D116: КТП-2457п | I116: =I115+1 -> 58 | J116: 2БКТП-6/0,4 № 3310n/2x1б00кВА (ТП-3310п) | M116: 2КЛ-0,4 кВ от ТП-3023п до ВУ17-0,4 кВБС9 (жилого дома)
C117: =C116+1 -> 6 | D117: КТП-2730п | I117: =I116+1 -> 59 | J117: КЛ-6кВ (луч А) АСБл, сечением 3 х 240 мм2 от 2БКТП-б/0 4 № 3009п до 2БКТП-6/0,4 N 3310п | M117: 2КЛ-0,4 кВ от ТП-3023п до ВРУ9-0,4 кВБС9 (ком. помещ.)
C118: =C117+1 -> 7 | D118: КЛ 0,4 кВ от 2КТП №2701п до ВРУ жилых домов КЛ-0,4 кВ L=2930м | I118: =I117+1 -> 60 | J118: КЛ-6кВ (луч Б) АСБл, сечением 3 х 240 мм2 от 2БКТП-б/0 4 № 3009п до 2БКТП-6/0,4 N 3310п | M118: 2КЛ-0,4 кВ от ТП-3023п до ВУ19-0,4 кВБС10 (жилого дома)
C119: =C118+1 -> 8 | D119: КЛ-0,4 кВ от 2КТП по ул.Шумана 2 до ВРУ жилых домов | I119: =I118+1 -> 61 | J119: 2КЛ-0,4 кВ ВВГнг(А)-LЅ, сечением 2(4*240) мм2 on PY-0,4 кВ ТП-3310п дo BPY-1 Литер 1 | M119: 2КЛ-0,4 кВ от ТП-3023п до ВРУ10-0,4 кВБС10 (ком. помещ.)
C120: =C119+1 -> 9 | D120: КЛ-0,4 кВ от 2КТП-10/0,4 кВ №3115п до ВРУ многоквартир домов | I120: =I119+1 -> 62 | J120: 2КЛ-0,4 кВ ВВГнг(А)-LЅ, сечением 2(4*240) мм2 on PY-0,4 кВ ТП-3310п дo BPY-2 Литер 1 | M120: 2КЛ-0,4 кВ от ТП-3023п до ВРУ ИТП-2Кабельная линия
C121: =C120+1 -> 10 | D121: 2КЛ-10 кВ АСБл 2(3*240мм2)от 2БРТП №2103 до 2КТП-3116п | I121: =I120+1 -> 63 | J121: 2КЛ-0,4 кВ ВВГнг(А)-LЅ, сечением 2(4*240) мм2 on PY-0,4 кВ ТП-3310п дo BPY-3 Литер 1 | M121: 2КЛ-0,4 кВ от ТП-3023п до ВУ5-0,4 кВБС3 (жилого дома)
C122: =C121+1 -> 11 | D122: КЛ-0,4кВ от 2КТП №3116п до ВРУ жилых домов | I122: =I121+1 -> 64 | J122: 2КЛ-0,4 кВ ВВГнг(А)-LЅ, сечением (4*95) мм2 on PY-0,4 кВ ТП-3310п дo BY-1 Коммерция | M122: 2КЛ-0,4 кВ от ТП-3023п до ВРУ3-0,4 кВБС3 (жилого дома)
C123: =C122+1 -> 12 | D123: 2КЛ-10 кВ от 2КТП-10/0,4 кВ №2543п до 2КТП-10/0,4 кВ № 3116п | I123: =I122+1 -> 65 | J123: 2КЛ-0,4 кВ ВВГнг(А)-LЅ, сечением (4*95) мм2 on PY-0,4 кВ ТП-3310п дo BY-2 Коммерция | M123: 2КЛ-0,4 кВ от ТП-3023п до ВУ7-0,4 кВБС4 (жилого дома)
C124: =C123+1 -> 13 | D124: КЛ-0,4 кВ от 2КТП-3106п до ВРУ жилого дома Литер 3 L=1380м | I124: =I123+1 -> 66 | J124: 2КЛ-0,4 кВ ВВГнг(А)-LЅ, сечением (4*95) мм2 on PY-0,4 кВ ТП-3310п дo BY-3 Коммерция | M124: 2КЛ-0,4 кВ от ТП-3023п до ВРУ4-0,4 кВБС4 (ком. пом.)
C125: =C124+1 -> 14 | D125: КЛ-0,4кВ от 2КТП-2288п | I125: =I124+1 -> 67 | J125: 2КЛ-0,4 кВ ВВГнг(А)-LЅ, сечением 2(4*240) мм2 on PY-0,4 кВ ТП-3310п дo BY-1 Литер 3 автостоянка | M125: 2КЛ-0,4 кВ от ТП-3023п до ВУ9-0,4 кВБС5 (жилого дома)
C126: =C125+1 -> 15 | D126: КЛ-10 кВ от ПС 110-10 Военгородок до БКТП-2430п - новая конфигурация | I126: =I125+1 -> 68 | J126: Закрытая ТП-10/0,4 кВ №3162п/2*1250 кВа | M126: 2КЛ-0,4 кВ от ТП-3023п до ВРУ5-0,4 кВБС5 (ком. пом.)
I127: =I126+1 -> 69 | J127: КЛ-10 кВ, АСБл-10 (3х240 кв.мм.), от муфты №2 на 2КЛ-10 кВ. (АПвПу-10 (3х500 кв.мм.), до 2 сш РУ-10 кВ ЗТП-10/0,4 кВ № 3162п/2х1250 кВА. | M127: ТП-1680п
C128: 3) Нет инвентарных карт (ОС-6) | I128: =I127+1 -> 70 | J128: КЛ-10 кВ, АСБл-10 (3х240 кв.мм.), от муфты №1 на 2КЛ-10 кВ. (АПвПу-10 (3х500 кв.мм.), до 1 сш РУ-10 кВ ЗТП-10/0,4 кВ № 3162п/2х1250 кВА. | M128: КЛ 10 кВ от ПС «Восточная» до ТП-1680п
C129: 1 | D129: КЛ 10 кВ от 2КТП-10/0,4 кВ №2456п до 2КТП-10/0,4 кВ №2457п | I129: =I128+1 -> 71 | J129: КТП-10/0,4 кВ №НС-8-4-51п/630 кВа | M129: 2КЛ-10 кВ от ТП-1680п до ТП-3280п
C130: =C129+1 -> 2 | D130: КЛ 0,4 кВ от 2БКТП-2456п 1320м | I130: =I129+1 -> 72 | J130: КЛ-10 кВ, АСБл-10 (3х240 кв.мм.), от 2 сш РУ-10 кВ ПС 35/10/6 кВ «НС-8» до РУ-10 кВ КТП-10/0,4 кВ № НС-8-4-51п/630 кВА. | M130: КТП-6/0,4 кВ (ТП-1069п)
C131: =C130+1 -> 3 | D131: КЛ 0,4 кВ от 2БКТП-2456п 1845м | I131: =I130+1 -> 73 | J131: КЛ-10 кВ, АСБл-10 (3х240 кв.мм.), от РУ-10 кВ КТП-10/0,4 кВ № НС-8-4-51п/630 кВА до РУ-10 кВ КТП-10/0,4 кВ № НС-8-4-52п/630 кВА. | M131: ВЛ-0,4 кВ от ТП-1069п АВ-2 до железобетонной опоры №5
C132: =C131+1 -> 4 | D132: Сети наружного освещения: КЛ АВБбШв-4*16 общей протяж 300м с опорамиОГК-9 и кранштейнами. | I132: =I131+1 -> 74 | J132: ВКЛ. Л1.1. от РУНН КТП № НС-8-4-51п/630 кВА, до опоры №1.1.17, СИП-2, 3х95+1х70+1х16 | M132: ВЛ-0,4 кВ от ТП-1069п АВ-4 до железобетонной опоры №9
C133: =C132+1 -> 5 | D133: 2КТП-2231п | I133: =I132+1 -> 75 | J133: ВКЛ. Л1.1.1, от РУНН КТП № НС-8-4-51п/630 кВА от опоры №1.1.4 до опоры №1.1.5, СИП-2, 3х16 | M133: ВЛ-0,4 кВ от ТП-1069п АВ-5 до железобетонной опоры №9
C134: =C133+1 -> 6 | D134: КЛ-10кВ АСБл 2(3*240мм2) | I134: =I133+1 -> 76 | J134: ВКЛ. Л1.1.2, от РУНН КТП № НС-8-4-51п/630 кВА от опоры №1.1.9 до опоры №1.1.10, СИП-2, 4х16 | M134: ВЛ-0,4 кВ от железобетонной опоры №9 до железобетонной опоры №11
C135: =C134+1 -> 7 | D135: КЛ-0,4кВ АВБбШв (4*50 мм) | I135: =I134+1 -> 77 | J135: ВКЛ. Л1.2. от РУНН КТП № НС-8-4-51п/630 кВА, до опоры №1.2.11, СИП-2, 3х95+1х70+1х16 | M135: ВЛ-0,4 кВ от железобетонной опоры №9 до железобетонной опоры №11
C136: =C135+1 -> 8 | D136: КЛ 0,4 кВ от 2КТП №2701п до ВРУ жилых домов КЛ-0,4 кВ L=2930м | I136: =I135+1 -> 78 | J136: ВКЛ. Л1.3. от РУНН КТП № НС-8-4-51п/630 кВА, до опоры №1.3.14, СИП-2, 3х95+1х70+1х16 | M136: ВЛ-0,4 кВ от железобетонной опоры №9 до железобетонной опоры №13
C137: =C136+1 -> 9 | D137: КЛ-0,4 кВ от 2КТП по ул.Шумана 2 до ВРУ жилых домов | I137: =I136+1 -> 79 | J137: ВКЛ. Л1.4. от РУНН КТП № НС-8-4-51п/630 кВА, до опоры №1.4.4, СИП-2, 3х95+1х70+1х16 | M137: ВЛ-0,4 кВ от железобетонной опоры №9 до железобетонной опоры №13
C138: =C137+1 -> 10 | D138: КЛ-0,4 кВ от 2КТП-10/0,4 кВ №3115п до ВРУ многоквартир домов | I138: =I137+1 -> 80 | J138: ВКЛ. Л1.4.1 от РУНН КТП № НС-8-4-51п/630 кВА от опоры № 1.4.3 до опоры №1.4.25, СИП-2, 3х70+1х54,6+1х16 | M138: ВЛ-0,4 кВ от железобетонной опоры №3 до ВРУ многокв. жил. д. корп.10Ответвление от воздушной линии (Н-1)
C139: =C138+1 -> 11 | D139: 2КЛ-10 кВ АСБл 2(3*240мм2)от 2БРТП №2103 до 2КТП-3116п | I139: =I138+1 -> 81 | J139: ВКЛ. Л1.4.2 от РУНН КТП № НС-8-4-51п/630 кВА от опоры № 1.4.4 до опоры №1.4.26, СИП-2, 3х70+1х54,6+1х16 | M139: ВЛ-0,4 кВ от железобетонной опоры №5 до ВРУ многокв. жил. д. корп.9Ответвление от воздушной линии (Н-1)
C140: =C139+1 -> 12 | D140: КЛ-0,4кВ от 2КТП №3116п до ВРУ жилых домов | I140: =I139+1 -> 82 | J140: ВКЛ. Л1.4.3 от РУНН КТП № НС-8-4-51п/630 кВА от опоры № 1.4.4 до опоры №1.4.32, СИП-2, 3х35+1х54,6+1х16 | M140: ВЛ-0,4 кВ от железобетонной опоры №5 до ВРУ многокв. жил. д. корп.8Ответвление от воздушной линии (Н-1)
C141: =C140+1 -> 13 | D141: 2КЛ-10 кВ от 2КТП-10/0,4 кВ №2543п до 2КТП-10/0,4 кВ № 3116п | I141: =I140+1 -> 83 | J141: КТП-10/0,4 кВ № НС-8-4-52п/630 кВА. | M141: ВЛ-0,4 кВ от железобетонной опоры №7 до ВРУ многокв. жил. д. корп.7Ответвление от воздушной линии (Н-2)
... C143: =C142+1 -> 15 | D143: КЛ-0,4кВ от 2КТП-2288п 1224м | I143: =I142+1 -> 85 | J143: ВКЛ. Л2.2. от РУНН КТП № НС-8-4-52п/630 кВА, до опоры №2.2.14, СИП-2, 3х95+1х70+1х16 | M143: ВЛ-0,4 кВ от железобетонной опоры №9 до ВРУ многокв. жил. д. корп.5Ответвление от воздушной линии (Н-2)
I144: =I143+1 -> 86 | J144: ВКЛ. Л2.3. от РУНН КТП № НС-8-4-52п/630 кВА, до опоры №2.3.12, СИП-2, 3х95+1х70+1х16 | M144: ВЛ-0,4 кВ от железобетонной опоры №11 до ВРУ многокв. жил. д. корп.4Ответвление от воздушной линии (Н-3.1)
C145: 4) Отсутствует информация о договорах купли продажи или СМР | I145: =I144+1 -> 87 | J145: ВКЛ. Л2.4. от РУНН КТП № НС-8-4-52п/630 кВА, до опоры №2.4.9, СИП-2, 3х50+1х54,6+1х16 | M145: ВЛ-0,4 кВ от железобетонной опоры №11 до ВРУ многокв. жил. д. корп.3Ответвление от воздушной линии (Н-3.2)
I146: =I145+1 -> 88 | J146: ВКЛ. Л2.5. от РУНН КТП № НС-8-4-52п/630 кВА, до опоры №2.5.18, СИП-2, 3х95+1х70+1х16 | M146: ВЛ-0,4 кВ от железобетонной опоры №13 до ВРУ многокв. жил. д. корп.2Ответвление от воздушной линии (Н-3.3)
C147: =C146+1 -> 1 | D147: КЛ-0,4 от 2БКТП-2108п до ВРУ на з/у с к/н 23:43:0106012:40239 (ул.Есаулко), L=315м | I147: =I146+1 -> 89 | J147: ВКЛ. Л2.5.1. от РУНН КТП № НС-8-4-52п/630 кВА от опоры № 2.5.8 до опоры №2.5.9, СИП-2, 2х16 | M147: ВЛ-0,4 кВ от железобетонной опоры №13 до ВРУ многокв. жил. д. корп.1Ответвление от воздушной линии (Н-3.4)
C148: =C147+1 -> 2 | D148: КЛ-0,4 кВ от 2КТП-2962п до ВРУ на з/у с к/н 23:43:01066012:4112, 23:43:01066012:4378 (ул.Есаулко), L=159м. | I148: =I147+1 -> 90 | J148: ВКЛ. Л2.6. от РУНН КТП № НС-8-4-52п/630 кВА до опоры №2.6.7, СИП-2, 3х70+1х54,6+1х16 | M148: ТП-3375п
C149: =C148+1 -> 3 | D149: КЛ-0,4 кВ от 2КТП-3024п до ВРУ на з/у с к/н 23:43:01066012:4109, L=80м. | I149: =I148+1 -> 91 | J149: ВКЛ. Л2.6.1 от РУНН КТП № НС-8-4-52п/630 кВА от опоры № 2.6.1 до опоры №2.6.11, СИП-2, 3х35+1х54,6+1х16 | M149: КЛ-6 кВ от ТП-1076п до ТП-3375п, АСБл-10, сечение 3*240 мм2
C150: =C149+1 -> 4 | D150: КЛ 0,4 кВ от 2КТП №2701п до ВРУ жилых домов КЛ-0,4 кВ L=2930м | I150: =I149+1 -> 92 | J150: ВКЛ. Л2.6.2 от РУНН КТП № НС-8-4-52п/630 кВА от опоры № 2.6.3 до опоры №2.6.14, СИП-2, 3х35+1х54,6+1х16 | M150: КТП-6/0,4 кВ №НС-11-7-1076п/630кВа (ТП-1076п)
C151: =C150+1 -> 5 | D151: КЛ-0,4 кВ от 2КТП по ул.Шумана 2 до ВРУ жилых домов | I151: =I150+1 -> 93 | J151: ВКЛ. Л2.6.3 от РУНН КТП № НС-8-4-52п/630 кВА от опоры № 2.6.5 до опоры №2.6.16, СИП-2, 4х16 | M151: КЛ-6 кВ от муфты М1, место рассечки КЛ-6 кВ от ПС 35/6 кВ «НС-11» ТП-1076п
C152: =C151+1 -> 6 | D152: КЛ-0,4 кВ от 2КТП-10/0,4 кВ №3115п до ВРУ многоквартир домов | I152: =I151+1 -> 94 | J152: КЛ М1 от РУВН КТП № НС-8-4-51п/630 кВА, до РУВН КТП № НС-8-4-52п/630 кВА, ААБл-10, 3х25 кв.мм. | M152: КЛ-6 кВ от муфты М2, место рассечки КЛ-6 кВ от ПС 35/6 кВ «НС-11» до ТП-1076п
C153: =C152+1 -> 7 | D153: 2КЛ-10 кВ АСБл 2(3*240мм2)от 2БРТП №2103 до 2КТП-3116п | I153: =I152+1 -> 95 | J153: 2БКТП-1000/10/0,4-У1-03 №1908п | M153: ВЛИ-Н1 0,4 кВ от ТП-1076п до опор №1,6,7,8,9,10
C154: =C153+1 -> 8 | D154: КЛ-0,4кВ от 2КТП №3116п до ВРУ жилых домов | I154: =I153+1 -> 96 | J154: КЛ -10 кВ от 1-й секции шин 2БКТП № 1908п до 1-й секции шин 2БКТП № 1909п | M154: ВЛИ-Н2 0,4 кВ от ТП-1076п до опор №1,14
C155: =C154+1 -> 9 | D155: 2КЛ-10 кВ от 2КТП-10/0,4 кВ №2543п до 2КТП-10/0,4 кВ № 3116п | I155: =I154+1 -> 97 | J155: КЛ -10 кВ от 2-й секции шин 2БКТП № 1908п до 2-й секции шин 2БКТП № 1909п | M155: Ответвление от ВЛИ-Н2 0,4 кВ от опоры № 14 до ВРУ многокв. жил. д. ул. им. Генерала Петрова, 42, корп. 1
C156: =C155+1 -> 10 | D156: КЛ-0,4 кВ от 2КТП-3106п до ВРУ жилого дома Литер 3 L=1380м | I156: =I155+1 -> 98 | J156: КЛ -0,4 кВ от 2БКТП № 1908п до ВРУ 1 подъезда МКД по ул. Покрышкина, д. 4/8 | M156: Ответвление от ВЛИ-Н2 0,4 кВ от опоры № 14 до ВРУ многокв. жил. д. ул. им. Генерала Петрова, 42, корп. 2
C157: =C156+1 -> 11 | D157: КЛ-0,4кВ 1224м | I157: =I156+1 -> 99 | J157: КЛ -0,4 кВ от 2БКТП № 1908п до ВРУ 5 подъезда МКД по ул. Покрышкина, д. 4/5 | M157: Ответвление от ВЛИ-Н1 0,4 кВ от опоры № 7 до ВРУ-к1 МКД ул. Измаильская, д. 82, корп.1,2
I158: =I157+1 -> 100 | J158: КЛ -0,4 кВ от 2БКТП № 1908п до ВРУ 1 подъезда МКД по ул. Покрышкина, д. 4/5 | M158: Ответвление от ВЛИ-Н1 0,4 кВ от опоры № 8 до ВРУ МКД ул. Измаильская, д. 80, корп.1
C159: 5) Отсутствует подтверждение (регистрация) права собственности (ЕГРН) или ЗКИ. | I159: =I158+1 -> 101 | J159: уличного освещения КЛ-0,4 кВ от 2БКТП № 1908п по ул. Покрышкина | M159: Ответвление от ВЛИ-Н1 0,4 кВ от опоры № 8 до ВРУ МКД ул. Измаильская, д. 80, корп.2
I160: =I159+1 -> 102 | J160: 2БКТП-1000/10/0,4-У1-03 №1909п | M160: Ответвление от ВЛИ-Н1 0,4 кВ от опоры № 10 до ВРУ МКД ул. Измаильская, д. 78, корп.1
C161: =C160+1 -> 1 | D161: КЛ-0,4 кВ от 2КТП-1000/10/0,4 кВ №3107п к ВРУ много кв жил дома №8 по ул. Античная, L=164м | I161: =I160+1 -> 103 | J161: КЛ-10 кВ от 1-й секции шин 2БКТП № 1909п до 1-й секции шин 2БКТП № 1910п | M161: Ответвление от ВЛИ-Н1 0,4 кВ от опоры № 10 до ВРУ МКД ул. Измаильская, д. 78, корп.2
C162: =C161+1 -> 2 | D162: КЛ-0,4 кВ от 2КТП-1000/10/0,4 кВ №3107п до точки врезки в сущ КЛ-10 кВ протяженностью 111м. | I162: =I161+1 -> 104 | J162: КЛ-10 кВ от 2-й секции шин 2БКТП № 1909п до 2-й секции шин 2БКТП № 1910п | M162: ТП-10/0,4 кВ № НС-3-102- 937п/100 кВА
C163: =C162+1 -> 3 | D163: КЛ-10 кВ от ПС 110-10 Военгородок до БКТП-2430п - новая конфигурация | I163: =I162+1 -> 105 | J163: КЛ-0,4 кВ от 2БКТП № 1909п до ВРУ 1 подъезда МКД по ул. Покрышкина, д. 4/10 | M163: ВЛ-10 кВ, АС-35, от ПС 35/10 кВ «НС-3» до оп. № 1-50 ВЛ-10 кВ.
C164: =C163+1 -> 4 | D164: КЛ-0,4 кВ от 2БКТП №3380п до ВРУ на з.у. с кад.номером 23:43:0106012:5249, кабель АВБбШв, сечения 4*240 мм2, L=120м. | I164: =I163+1 -> 106 | J164: КЛ-0,4 кВ от 2БКТП № 1909п до ВРУ 2 подъезда МКД по ул. Покрышкина, д. 4/10 | M164: ВЛ-10 кВ, АС-35, от оп. № 1-50 ВЛ-10 кВ., до РУ-10 кВ., ТП-10/0,4 кВ № НС-3-102- 937п/100 кВА.
C165: =C164+1 -> 5 | D165: КЛ-0,4 кВ от 2БКТП №3380п до ВРУ на з.у. с кад.номером 23:43:0106012:5250, кабель АВБбШв, сечения 4*240 мм2, L=129м. | I165: =I164+1 -> 107 | J165: КЛ-0,4 кВ от 2БКТП № 1909п до ВРУ 1 подъезда МКД по ул. Покрышкина, д. 4/9 | M165: ВЛ-0,4 кВ, АС-16, от РУ-0,4 кВ., ТП-10/0,4 кВ № НС-3-102- 937п/100 кВА., по ул. Хозяйственной.
C166: =C165+1 -> 6 | D166: КЛ-0,4 кВ от 2БКТП №3380п до ВРУ на з.у. с кад.номером 23:43:0106012:4098, кабель АВБбШв, сечения 4*240 мм2, L=100м. | I166: =I165+1 -> 108 | J166: уличного освещения КЛ-0,4 кВ от 2БКТП № 1909п по ул. Покрышкина | M166: ВЛ-0,4 кВ, АС-16, от РУ-0,4 кВ., ТП-10/0,4 кВ № НС-3-102- 937п/100 кВА., по ул. 2-й Ореховый проезд.
C167: =C166+1 -> 7 | D167: КЛ-0,4 кВ от 2БКТП №3380п до ВРУ на з.у. с кад.номером 23:43:0106012:2179, кабель АВБбШв, сечения 4*240 мм2, L=110м. | I167: =I166+1 -> 109 | J167: 2БКТП-1000/10/0,4-У1-03 №1910п | M167: ВЛ-0,4 кВ, АС-16, от РУ-0,4 кВ., ТП-10/0,4 кВ № НС-3-102- 937п/100 кВА., по ул. 4-й Ореховый проезд.
C168: =C167+1 -> 8 | D168: ТП 3473 2КТПП-1250/10/0,4 | I168: =I167+1 -> 110 | J168: КЛ -0,4 кВ от 2БКТП № 1910п до ВРУ 2 подъезда МКД по ул. Покрышкина, д. 4/9 | M168: ВЛ-0,4 кВ, АС-16, от РУ-0,4 кВ., ТП-10/0,4 кВ № НС-3-102- 937п/100 кВА., по ул. 3-й Ореховый проезд.
C169: =C168+1 -> 9 | D169: КЛ-0,4 кВ от 2БКТП-1250/10/0,4 кВ №3473п к ВРУ жил дома №4/15, L-190м | I169: =I168+1 -> 111 | J169: КЛ -0,4 кВ от 2БКТП № 1910п до ВРУ 3 подъезда МКД по ул. Покрышкина, д. 4/9 | M169: ВЛ-0,4 кВ, АС-16, от РУ-0,4 кВ., ТП-10/0,4 кВ № НС-3-102- 937п/100 кВА., по ул. 4-й Ореховый проезд.
C170: =C169+1 -> 10 | D170: 2КЛ-10 кВ от 2КТП №3473п до точки врезки в существующую КЛ-10 кВ, АСБл-10, сечение 3*240 мм2. | I170: =I169+1 -> 112 | J170: КЛ -0,4 кВ от 2БКТП № 1910п до ВРУ 5 подъезда МКД по ул. Покрышкина, д. 4/9 | M170: ТП-10/0,4 кВ № НС-3-102- 878п/100 кВА
C171: =C170+1 -> 11 | D171: КЛ-0,4 кВ от 2КТП №3473 до ВРУ жилого дома г.Краснодар, кабель АВБбШв, сечение 4*185 мм2 | I171: =I170+1 -> 113 | J171: КЛ -0,4 кВ от 2БКТП № 1910п до ВРУ 1 подъезда МКД по ул. Покрышкина, д. 2/3 | M171: ВЛ-10 кВ, АС-35, от оп. № 1-50 ВЛ-10 кВ., до РУ-10 кВ., ТП-10/0,4 кВ № НС-3-102- 878п/100 кВА.
C172: =C171+1 -> 12 | D172: ТП-3516 2БРТП-1250 кВА 10/0,4 | I172: =I171+1 -> 114 | J172: КЛ -0,4 кВ от 2БКТП № 1910п до ВРУ 1 подъезда МКД по ул. Покрышкина, д. 4/7 | M172: ВЛ-0,4 кВ, АС-16, от РУ-0,4 кВ., ТП-10/0,4 кВ № НС-3-102- 878п/100 кВА., по ул. Центральной.
... C185: =C184+1 -> 25 | D185: КЛ-0,4 кВ от 2КТП-400/10/0,4 кВ №3518 к ВРУ жилого дома №80, корп.5 по ул.Лиссабонской в г. Краснодаре, протяженность 11м. | I185: =I184+1 -> 127 | J185: КЛ -0,4 кВ от 2БКТП № 1911п до ВРУ 2 подъезда МКД по ул. Покрышкина, д. 4/4. | M185: ВЛ-0,4 кВ, АС-16, от РУ-0,4 кВ., ТП-10/0,4 кВ № НС-3-102- 877п/160 кВА., по ул. Парковой.
C186: =C185+1 -> 26 | D186: 2КТП-1000/10/0,4 кВ №3520п | I186: =I185+1 -> 128 | J186: 2БКТП-630/10/0,4 кВ №2780п
C187: =C186+1 -> 27 | D187: КЛ-0,4кВ от 2КТП-1000/10/0,4 кВ №3520п к ВРУ жилого дома литера 6, протяженностью 122м | I187: =I186+1 -> 129 | J187: 2КЛ-10 кВ от 2КТП №2780 до 2КТП №2779 кабель АСБл-10, сечение 3*240 мм2
C188: =C187+1 -> 28 | D188: КЛ-10кВ от 2КТП-1000/10/0,4 кВ №3520п до 2КТП-100/10/0,4 кВ №2962, протяженностью 38м | I188: =I187+1 -> 130 | J188: 2КТП-630/10/0,4 кВ № 2626п
C189: =C188+1 -> 29 | D189: КТП-400/10/0,4 кВ №2543п, в ЖК "Португалия"Краснодар | I189: =I188+1 -> 131 | J189: 2КЛ-10 кВ от 2КТП № 2626п до 2КТП № 2787п
C190: =C189+1 -> 30 | D190: КЛ-0,4 кВ от 2КТП-400/10/0,4 кВ №2543 к ВРУ жилого дома №109, корп. 25 по ул.Лиссабонскойв г. Краснодаре, протяженность 211м. | I190: =I189+1 -> 132 | J190: 2КЛ-10 кВ от 2КТП № 2626п до 2КТП № 3290п
C191: =C190+1 -> 31 | D191: КЛ-0,4 кВ от 2КТП-400/10/0,4 кВ №2543 к ВРУ жилого дома №109, корп. 24 по ул.Лиссабонскойв г. Краснодаре, протяженность 95м. | I191: =I190+1 -> 133 | J191: ВЛ-0,4 кВ от 2КТП № 2626п до ВРУ жилых домов по ул. им. Атамана Евдокимова в г. Краснодаре
C192: =C191+1 -> 32 | D192: КЛ-0,4 кВ от 2КТП-400/10/0,4 кВ №2543 к ВРУ жилого дома №109, корп. 20 по ул.Лиссабонскойв г. Краснодаре, протяженность 294м. | I192: =I191+1 -> 134 | J192: ВЛ-0,4 кВ от 2КТП № 2626п до ВРУ жилых домов по ул. им. Писателя В.П. Неподобы в г. Краснодаре
C193: =C192+1 -> 33 | D193: КЛ-0,4 кВ от 2КТП-400/10/0,4 кВ №2543 к ВРУ жилого дома №109, корп. 27 по ул.Лиссабонскойв г. Краснодаре, протяженность 74м. | I193: =I192+1 -> 135 | J193: 2КТП-630/10/0,4 кВ № 2787п
C194: =C193+1 -> 34 | D194: КЛ-10 кВ от 2КТП-400/10/0,4 кВ №2543 до точки врезки в сущ КЛ-10 в ЖК "Португалия", протяженность 3м. | I194: =I193+1 -> 136 | J194: ВЛ-0,4 кВ от 2КТП № 2787п до ВРУ жилых домов по ул. им. Писателя И.Ф. Вараввы в г. Краснодаре
C195: =C194+1 -> 35 | D195: КЛ-0,4 кВ от 2КТП-400/10/0,4 кВ №2543 к ВРУ жилого дома №109, корп. 27 по ул.Лиссабонскойв г. Краснодаре, протяженность 7м. | I195: =I194+1 -> 137 | J195: ВЛ-0,4 кВ от 2КТП № 2787п до ВРУ жилых домов по ул. им. Писателя В.П. Бардадыма в г. Краснодаре
C196: =C195+1 -> 36 | D196: КЛ-0,4 кВ от 2КТП-400/10/0,4 кВ №2543 к ВРУ жилого дома №109, корп. 22 по ул.Лиссабонскойв г. Краснодаре, протяженность 56м. | I196: =I195+1 -> 138 | J196: ВЛ-0,4 кВ от 2КТП № 2787п до ВРУ жилых домов по ул. им. Писателя Василенко в г. Краснодаре
C197: =C196+1 -> 37 | D197: КЛ-0,4 кВ от 2КТП-400/10/0,4 кВ №2543 к ВРУ жилого дома №109, корп. 23 по ул.Лиссабонскойв г. Краснодаре, протяженность 52м. | I197: =I196+1 -> 139 | J197: 2КТП-630/10/0,4 кВ № 2961п
... C213: =C212+1 -> 53 | D213: ТП 3131 | I213: =I212+1 -> 155 | J213: КЛ-0,4 кВ от КТП № Н732п до ШУО
I214: =I213+1 -> 156 | J214: КЛ-0,4 кВ от КТП № Н732п до ВРУ ввод-1 МКД № 3А корп. 1 по ул. Газовиков в с. Небуг
I215: =I214+1 -> 157 | J215: КЛ-0,4 кВ от КТП № Н732п до ВРУ ввод-2 МКД № 3А корп. 1 по ул. Газовиков в с. Небуг
...

Sheet 31.07
A1: 0 | B1: 0 | C1: 45501 | D1: 0 | E1: 0 | F1: 45502 | G1: 0 | H1: 0 | I1: 0 | J1: 45503 | K1: 0 | L1: 0 | M1: 45504 | N1: 0 | O1: 0 | P1: 45505 | Q1: 0 | R1: 0 | S1: 45508 | U1: 0 | V1: 45509 | Y1: 0 | Z1: 45510
B2: Сверка с КЭСК по сверки оборудования для прохождения критериев на 2025г | E2: Сверка с КЭСК по сверки оборудования для прохождения критериев на 2025г | I2: Сверка с КЭСК по сверки оборудования для прохождения критериев на 2025г | L2: Сверка с КЭСК по сверки оборудования для прохождения критериев на 2025г | O2: Сверка с КЭСК по сверки оборудования для прохождения критериев на 2025г | R2: Сверка с КЭСК по сверки оборудования для прохождения критериев на 2025г | U2: Сверка с КЭСК по сверки оборудования для прохождения критериев на 2025г | Y2: Сверка с КЭСК по сверки оборудования для прохождения критериев на 2025г
B3: (цветом отмечены предоставленные документы) | E3: (цветом отмечены предоставленные документы) | I3: (цветом отмечены предоставленные документы) | L3: (цветом отмечены предоставленные документы) | O3: (цветом отмечены предоставленные документы) | R3: (цветом отмечены предоставленные документы) | U3: (цветом отмечены предоставленные документы)
B4: 1) Нет однолинейной схемы | E4: 1) Нет однолинейной схемы | I4: 1) Нет однолинейной схемы | L4: 1) Нет однолинейной схемы | O4: 1) Нет однолинейной схемы | R4: 1) Нет однолинейной схемы | U4: 1) Нет однолинейной схемы | Y4: 1) Нет однолинейной схемы
B5: 1 | C5: Кабельная линия, 2КЛ-10 кВ., ААБл-10, 3х240 кв.мм., L=1410м. | E5: 1 | F5: Кабельная линия, 2КЛ-10 кВ., ААБл-10, 3х240 кв.мм., L=1410м. | I5: 1 | J5: Кабельная линия, 2КЛ-10 кВ., ААБл-10, 3х240 кв.мм., L=1410м. | L5: 1 | M5: Кабельная линия, 2КЛ-10 кВ., ААБл-10, 3х240 кв.мм., L=1410м. | O5: 1 | P5: КТП-400/10/0,4 кВ № 1465п | R5: 1 | S5: КЛ-0,4 кВ от 2КТП № 2701 до ВРУ № 1 МКД № 14 по ул. Веронская в г. Краснодаре,Кабель АВБбШв сечение 4х95 мм2 | T5: новые договора | U5: 1 | V5: КЛ-0,4 кВ от 2КТП № 2701 до ВРУ № 1 МКД № 14 по ул. Веронская в г. Краснодаре,Кабель АВБбШв сечение 4х95 мм2 | W5: новые договора | Y5: 1 | Z5: КЛ-0,4 кВ от 2КТП № 2701 до ВРУ № 1 МКД № 14 по ул. Веронская в г. Краснодаре,Кабель АВБбШв сечение 4х95 мм2
C6: Кабельная линия, 2КЛ-10 кВ., ААБл-10, 3х240 кв.мм., L=2100м. | F6: Кабельная линия, 2КЛ-10 кВ., ААБл-10, 3х240 кв.мм., L=2100м. | J6: Кабельная линия, 2КЛ-10 кВ., ААБл-10, 3х240 кв.мм., L=2100м. | M6: Кабельная линия, 2КЛ-10 кВ., ААБл-10, 3х240 кв.мм., L=2100м. | O6: =O5+1 -> 2 | P6: ВЛ-0,4 кВ от ТП № 1465п до опоры № 1 | R6: =R5+1 -> 2 | S6: КЛ-0,4 кВ от 2КТП № 2701 до ВРУ № 6.1 МКД № 4 по ул. Веронская в г. Краснодаре,Кабель АВБбШв сечение 4х95 мм2 | U6: =U5+1 -> 2 | V6: КЛ-0,4 кВ от 2КТП № 2701 до ВРУ № 6.1 МКД № 4 по ул. Веронская в г. Краснодаре,Кабель АВБбШв сечение 4х95 мм2 | Y6: =Y5+1 -> 2 | Z6: КЛ-0,4 кВ от 2КТП № 2701 до ВРУ № 6.1 МКД № 4 по ул. Веронская в г. Краснодаре,Кабель АВБбШв сечение 4х95 мм2
B7: =B5+1 -> 2 | C7: КЛ-0,4 кВ (коттеджи) от БКТП № 2108п до ВРУ коттеджей по ул Гамбургской | E7: =E5+1 -> 2 | F7: КЛ-0,4 кВ (коттеджи) от БКТП № 2108п до ВРУ коттеджей по ул Гамбургской | I7: =I5+1 -> 2 | J7: КЛ-0,4 кВ (коттеджи) от БКТП № 2108п до ВРУ коттеджей по ул Гамбургской | L7: =L5+1 -> 2 | M7: КЛ-0,4 кВ (коттеджи) от БКТП № 2108п до ВРУ коттеджей по ул Гамбургской | O7: =O6+1 -> 3 | P7: ВЛ-0,4 кВ от ТП № 1465п до ВРУ жилых домов по ул. Малиновой | R7: =R6+1 -> 3 | S7: КЛ-0,4 кВ от 2КТП № 2701 до ВРУ № 1.1 МКД № 4 по ул. Веронская в г. Краснодаре,Кабель АВБбШв сечение 4х70 мм2 | U7: =U6+1 -> 3 | V7: КЛ-0,4 кВ от 2КТП № 2701 до ВРУ № 1.1 МКД № 4 по ул. Веронская в г. Краснодаре,Кабель АВБбШв сечение 4х70 мм2 | Y7: =Y6+1 -> 3 | Z7: КЛ-0,4 кВ от 2КТП № 2701 до ВРУ № 1.1 МКД № 4 по ул. Веронская в г. Краснодаре,Кабель АВБбШв сечение 4х70 мм2
B8: =B7+1 -> 3 | C8: КЛ-0,4 от 2БКТП-2108п до ВРУ на з/у с к/н 23:43:0106012:40239 (ул.Есаулко), L=315м | E8: =E7+1 -> 3 | F8: КЛ-0,4 от 2БКТП-2108п до ВРУ на з/у с к/н 23:43:0106012:40239 (ул.Есаулко), L=315м | I8: =I7+1 -> 3 | J8: КЛ-0,4 от 2БКТП-2108п до ВРУ на з/у с к/н 23:43:0106012:40239 (ул.Есаулко), L=315м | L8: =L7+1 -> 3 | M8: КЛ-0,4 от 2БКТП-2108п до ВРУ на з/у с к/н 23:43:0106012:40239 (ул.Есаулко), L=315м | O8: =O7+1 -> 4 | P8: ВЛ-0,4 кВ от ТП № 1465п до ВРУ жилых домов по ул. Абрикосовой | R8: =R7+1 -> 4 | S8: КЛ-0,4 кВ от 2КТП № 2701 до ВРУ № 2.1 МКД № 6 по ул. Веронская в г. Краснодаре,Кабель АВБбШв сечение 4х95 мм2 | U8: =U7+1 -> 4 | V8: КЛ-0,4 кВ от 2КТП № 2701 до ВРУ № 2.1 МКД № 6 по ул. Веронская в г. Краснодаре,Кабель АВБбШв сечение 4х95 мм2 | Y8: =Y7+1 -> 4 | Z8: КЛ-0,4 кВ от 2КТП № 2701 до ВРУ № 2.1 МКД № 6 по ул. Веронская в г. Краснодаре,Кабель АВБбШв сечение 4х95 мм2
B9: =B8+1 -> 4 | C9: КЛ-0,4 кВ (коттеджи) от БКТП № 2106п до ВРУ коттеджей по ул Ганноверской, выполненная кабелем АВБбШвнг-4х185 кв.мм., L=5608м | E9: =E8+1 -> 4 | F9: КЛ-0,4 кВ (коттеджи) от БКТП № 2106п до ВРУ коттеджей по ул Ганноверской, выполненная кабелем АВБбШвнг-4х185 кв.мм., L=5608м | I9: =I8+1 -> 4 | J9: КЛ-0,4 кВ (коттеджи) от БКТП № 2106п до ВРУ коттеджей по ул Ганноверской, выполненная кабелем АВБбШвнг-4х185 кв.мм., L=5608м | L9: =L8+1 -> 4 | M9: КЛ-0,4 кВ (коттеджи) от БКТП № 2106п до ВРУ коттеджей по ул Ганноверской, выполненная кабелем АВБбШвнг-4х185 кв.мм., L=5608м | O9: =O8+1 -> 5 | P9: ВЛ-0,4 кВ от ТП № 1465п до ВРУ жилых домов по ул. Виноградной | R9: =R8+1 -> 5 | S9: КЛ-0,4 кВ от 2КТП № 2701 до ВРУ № 3.1 МКД № 8 по ул. Веронская в г. Краснодаре,Кабель АВБбШв сечение 4х95 мм2 | U9: =U8+1 -> 5 | V9: КЛ-0,4 кВ от 2КТП № 2701 до ВРУ № 3.1 МКД № 8 по ул. Веронская в г. Краснодаре,Кабель АВБбШв сечение 4х95 мм2 | Y9: =Y8+1 -> 5 | Z9: КЛ-0,4 кВ от 2КТП № 2701 до ВРУ № 3.1 МКД № 8 по ул. Веронская в г. Краснодаре,Кабель АВБбШв сечение 4х95 мм2
B10: 2 | C10: КЛ-0,4 кВ (коттеджи) от БКТП № 2106п до ВРУ коттеджей по ул Потсдамской, выполненная кабелем АВБбШвнг-4х185 кв.мм., L=6340м | E10: 2 | F10: КЛ-0,4 кВ (коттеджи) от БКТП № 2106п до ВРУ коттеджей по ул Потсдамской, выполненная кабелем АВБбШвнг-4х185 кв.мм., L=6340м | I10: 2 | J10: КЛ-0,4 кВ (коттеджи) от БКТП № 2106п до ВРУ коттеджей по ул Потсдамской, выполненная кабелем АВБбШвнг-4х185 кв.мм., L=6340м | L10: 2 | M10: КЛ-0,4 кВ (коттеджи) от БКТП № 2106п до ВРУ коттеджей по ул Потсдамской, выполненная кабелем АВБбШвнг-4х185 кв.мм., L=6340м | O10: =O9+1 -> 6 | P10: ВЛ-0,4 кВ от ТП № 1465п до ВРУ жилых домов по ул. Вишневой | R10: =R9+1 -> 6 | S10: КЛ-0,4 кВ от 2КТП № 2701 до ВРУ № 2.1 МКД № 8 по ул. Веронская в г. Краснодаре,Кабель АВБбШв сечение 4х70мм2 | U10: =U9+1 -> 6 | V10: КЛ-0,4 кВ от 2КТП № 2701 до ВРУ № 2.1 МКД № 8 по ул. Веронская в г. Краснодаре,Кабель АВБбШв сечение 4х70мм2 | Y10: =Y9+1 -> 6 | Z10: КЛ-0,4 кВ от 2КТП № 2701 до ВРУ № 2.1 МКД № 8 по ул. Веронская в г. Краснодаре,Кабель АВБбШв сечение 4х70мм2
B11: 4 | C11: Кабельная линия, 2КЛ-10 кВ., ААБл-10, 3х240 кв.мм., L=760м. | E11: 4 | F11: Кабельная линия, 2КЛ-10 кВ., ААБл-10, 3х240 кв.мм., L=760м. | I11: 4 | J11: Кабельная линия, 2КЛ-10 кВ., ААБл-10, 3х240 кв.мм., L=760м. | L11: 4 | M11: Кабельная линия, 2КЛ-10 кВ., ААБл-10, 3х240 кв.мм., L=760м. | O11: =O10+1 -> 7 | P11: ВЛ-0,4 кВ от ТП № 1465п до ВРУ жилых домов по ул. Клубничной | R11: =R10+1 -> 7 | S11: КЛ-0,4 кВ от 2КТП № 2701 до ВРУ № 4.1 МКД № 10 по ул. Веронская в г. Краснодаре,Кабель АВБбШв сечение 4х95 мм2 | U11: =U10+1 -> 7 | V11: КЛ-0,4 кВ от 2КТП № 2701 до ВРУ № 4.1 МКД № 10 по ул. Веронская в г. Краснодаре,Кабель АВБбШв сечение 4х95 мм2 | Y11: =Y10+1 -> 7 | Z11: КЛ-0,4 кВ от 2КТП № 2701 до ВРУ № 4.1 МКД № 10 по ул. Веронская в г. Краснодаре,Кабель АВБбШв сечение 4х95 мм2
B12: 3 | C12: Кабельная линия, КЛ-0,4 кВ., АВБбШвнг-4х185 кв.мм., L=1720м. | E12: 3 | F12: Кабельная линия, КЛ-0,4 кВ., АВБбШвнг-4х185 кв.мм., L=1720м. | I12: 3 | J12: Кабельная линия, КЛ-0,4 кВ., АВБбШвнг-4х185 кв.мм., L=1720м. | L12: 3 | M12: Кабельная линия, КЛ-0,4 кВ., АВБбШвнг-4х185 кв.мм., L=1720м. | O12: =O11+1 -> 8 | P12: ВЛ-0,4 кВ от ТП № 1465п до ВРУ жилых домов по ул. Сливовой | R12: =R11+1 -> 8 | S12: КЛ-0,4 кВ от 2КТП № 2701 до ВРУ № 5.1 МКД № 12 по ул. Веронская в г. Краснодаре,Кабель АВБбШв сечение 4х95 мм2 | U12: =U11+1 -> 8 | V12: КЛ-0,4 кВ от 2КТП № 2701 до ВРУ № 5.1 МКД № 12 по ул. Веронская в г. Краснодаре,Кабель АВБбШв сечение 4х95 мм2 | Y12: =Y11+1 -> 8 | Z12: КЛ-0,4 кВ от 2КТП № 2701 до ВРУ № 5.1 МКД № 12 по ул. Веронская в г. Краснодаре,Кабель АВБбШв сечение 4х95 мм2
B13: 5 | C13: Кабельная линия, 2КЛ-10 кВ., ААБл-10, 3х240 кв.мм., L=1470м. | E13: 5 | F13: Кабельная линия, 2КЛ-10 кВ., ААБл-10, 3х240 кв.мм., L=1470м. | I13: 5 | J13: Кабельная линия, 2КЛ-10 кВ., ААБл-10, 3х240 кв.мм., L=1470м. | L13: 5 | M13: Кабельная линия, 2КЛ-10 кВ., ААБл-10, 3х240 кв.мм., L=1470м. | O13: =O12+1 -> 9 | P13: ВЛ-0,4 кВ от ТП № 1465п до ВРУ жилых домов по ул. Сиреневой | R13: =R12+1 -> 9 | S13: КЛ-0,4 кВ от 2КТП № 2701 до ВРУ № 2 МКД № 14 по ул. Веронская в г. Краснодаре,Кабель АВБбШв сечение 4х95 мм2 | U13: =U12+1 -> 9 | V13: КЛ-0,4 кВ от 2КТП № 2701 до ВРУ № 2 МКД № 14 по ул. Веронская в г. Краснодаре,Кабель АВБбШв сечение 4х95 мм2 | Y13: =Y12+1 -> 9 | Z13: КЛ-0,4 кВ от 2КТП № 2701 до ВРУ № 2 МКД № 14 по ул. Веронская в г. Краснодаре,Кабель АВБбШв сечение 4х95 мм2
B14: 4 | C14: КЛ 0,4 кВ (коттеджи) от БКТП № 2107п до ВРУ коттеджей по ул Берлинской | E14: 4 | F14: КЛ 0,4 кВ (коттеджи) от БКТП № 2107п до ВРУ коттеджей по ул Берлинской | I14: 4 | J14: КЛ 0,4 кВ (коттеджи) от БКТП № 2107п до ВРУ коттеджей по ул Берлинской | L14: 4 | M14: КЛ 0,4 кВ (коттеджи) от БКТП № 2107п до ВРУ коттеджей по ул Берлинской | O14: =O13+1 -> 10 | P14: ВЛ-0,4 кВ от ТП № 1465п до ВРУ жилых домов по ул. Садовой | R14: =R13+1 -> 10 | S14: КЛ-0,4 кВ от 2КТП № 2701 до ВРУ № 3 МКД № 14 по ул. Веронская в г. Краснодаре,Кабель АВБбШв сечение 4х95 мм2 | U14: =U13+1 -> 10 | V14: КЛ-0,4 кВ от 2КТП № 2701 до ВРУ № 3 МКД № 14 по ул. Веронская в г. Краснодаре,Кабель АВБбШв сечение 4х95 мм2 | Y14: =Y13+1 -> 10 | Z14: КЛ-0,4 кВ от 2КТП № 2701 до ВРУ № 3 МКД № 14 по ул. Веронская в г. Краснодаре,Кабель АВБбШв сечение 4х95 мм2
B15: 6 | C15: КЛ-0,4 кВ (коттеджи) от БКТП № 2107п до ВРУ коттеджей по ул Мюнхенской, выполненная кабелем АВБбШвнг-4х185 кв.мм., | E15: 6 | F15: КЛ-0,4 кВ (коттеджи) от БКТП № 2107п до ВРУ коттеджей по ул Мюнхенской, выполненная кабелем АВБбШвнг-4х185 кв.мм., | I15: 6 | J15: КЛ-0,4 кВ (коттеджи) от БКТП № 2107п до ВРУ коттеджей по ул Мюнхенской, выполненная кабелем АВБбШвнг-4х185 кв.мм., | L15: 6 | M15: КЛ-0,4 кВ (коттеджи) от БКТП № 2107п до ВРУ коттеджей по ул Мюнхенской, выполненная кабелем АВБбШвнг-4х185 кв.мм., | O15: =O14+1 -> 11 | P15: КТП-400/10/0,4 кВ №ТП-Н540-1 | R15: =R14+1 -> 11 | S15: КЛ-0,4 кВ от 2КТП № 2701 до ВРУ № 7.1 МКД № 16 по ул. Веронская в г. Краснодаре,Кабель АВБбШв сечение 4х95 мм2 | U15: =U14+1 -> 11 | V15: КЛ-0,4 кВ от 2КТП № 2701 до ВРУ № 7.1 МКД № 16 по ул. Веронская в г. Краснодаре,Кабель АВБбШв сечение 4х95 мм2 | Y15: =Y14+1 -> 11 | Z15: КЛ-0,4 кВ от 2КТП № 2701 до ВРУ № 7.1 МКД № 16 по ул. Веронская в г. Краснодаре,Кабель АВБбШв сечение 4х95 мм2
B16: 5 | C16: Кабельная линия, 4КЛ-0,4 кВ., АВБбШвнг-4х185 кв.мм., L=5514м. | E16: 5 | F16: Кабельная линия, 4КЛ-0,4 кВ., АВБбШвнг-4х185 кв.мм., L=5514м. | I16: 5 | J16: Кабельная линия, 4КЛ-0,4 кВ., АВБбШвнг-4х185 кв.мм., L=5514м. | L16: 5 | M16: Кабельная линия, 4КЛ-0,4 кВ., АВБбШвнг-4х185 кв.мм., L=5514м. | O16: =O15+1 -> 12 | P16: КЛ-0,4 от ТП-Н540-1 до ВРУ потребителейпгт. Джубга, мкр. «Лермонтов сад» | R16: =R15+1 -> 12 | S16: КЛ-0,4 кВ от 2КТП № 2701 до ВРУ № 8.1 МКД № 18 по ул. Веронская в г. Краснодаре,Кабель АВБбШв сечение 4х95 мм2 | U16: =U15+1 -> 12 | V16: КЛ-0,4 кВ от 2КТП № 2701 до ВРУ № 8.1 МКД № 18 по ул. Веронская в г. Краснодаре,Кабель АВБбШв сечение 4х95 мм2 | Y16: =Y15+1 -> 12 | Z16: КЛ-0,4 кВ от 2КТП № 2701 до ВРУ № 8.1 МКД № 18 по ул. Веронская в г. Краснодаре,Кабель АВБбШв сечение 4х95 мм2
B17: 7 | C17: Кабельная линия, 2КЛ-10 кВ., ААБл-10, 3х240 кв.мм., L= 425м. | E17: 7 | F17: Кабельная линия, 2КЛ-10 кВ., ААБл-10, 3х240 кв.мм., L= 425м. | I17: 7 | J17: Кабельная линия, 2КЛ-10 кВ., ААБл-10, 3х240 кв.мм., L= 425м. | L17: 7 | M17: Кабельная линия, 2КЛ-10 кВ., ААБл-10, 3х240 кв.мм., L= 425м. | O17: =O16+1 -> 13 | P17: КЛ-10 кВ от КРН-36 до ТП-Н540-1 | R17: =R16+1 -> 13 | S17: КЛ-0,4 кВ от 2КТП № 2701 до ВРУ № 9.1 МКД № 20 по ул. Веронская в г. Краснодаре,Кабель АВБбШв сечение 4х95 мм2 | U17: =U16+1 -> 13 | V17: КЛ-0,4 кВ от 2КТП № 2701 до ВРУ № 9.1 МКД № 20 по ул. Веронская в г. Краснодаре,Кабель АВБбШв сечение 4х95 мм2 | Y17: =Y16+1 -> 13 | Z17: КЛ-0,4 кВ от 2КТП № 2701 до ВРУ № 9.1 МКД № 20 по ул. Веронская в г. Краснодаре,Кабель АВБбШв сечение 4х95 мм2
B18: 6 | C18: Кабельная линия, 2КЛ-10 кВ., одножильная с изоляцией из сшитого полиэлитена с алюминевой жилой. Тип/марка: NA2XS(F)2Y, 500 кв.мм. L= 27 960 м | E18: 6 | F18: Кабельная линия, 2КЛ-10 кВ., одножильная с изоляцией из сшитого полиэлитена с алюминевой жилой. Тип/марка: NA2XS(F)2Y, 500 кв.мм. L= 27 960 м | I18: 6 | J18: Кабельная линия, 2КЛ-10 кВ., одножильная с изоляцией из сшитого полиэлитена с алюминевой жилой. Тип/марка: NA2XS(F)2Y, 500 кв.мм. L= 27 960 м | L18: 6 | M18: Кабельная линия, 2КЛ-10 кВ., одножильная с изоляцией из сшитого полиэлитена с алюминевой жилой. Тип/марка: NA2XS(F)2Y, 500 кв.мм. L= 27 960 м | O18: =O17+1 -> 14 | P18: КТП-400/10/0,4 кВ (ТП-Н540-2) | R18: =R17+1 -> 14 | S18: ВЛ-0,4 кВ от 2КТП № 2780 до ВРУ по ул. Ютландская и ул. Атлантическая в ЖК «Испания 2»,Кабель СИП-2 сечение 3х70 мм2 | U18: =U17+1 -> 14 | V18: ВЛ-0,4 кВ от 2КТП № 2780 до ВРУ по ул. Ютландская и ул. Атлантическая в ЖК «Испания 2»,Кабель СИП-2 сечение 3х70 мм2 | Y18: =Y17+1 -> 14 | Z18: ТП-1680п
B19: 8 | C19: КЛ АСБл-10 3х70 мм2 с аллюмин.жилами в свинц оболочке с бумажной изоляц, 1480м | E19: 8 | F19: КЛ АСБл-10 3х70 мм2 с аллюмин.жилами в свинц оболочке с бумажной изоляц, 1480м | I19: 8 | J19: КЛ АСБл-10 3х70 мм2 с аллюмин.жилами в свинц оболочке с бумажной изоляц, 1480м | L19: 8 | M19: КЛ АСБл-10 3х70 мм2 с аллюмин.жилами в свинц оболочке с бумажной изоляц, 1480м | O19: =O18+1 -> 15 | P19: 2БКТП-1250/10/0,4 ТП-3023п | R19: =R18+1 -> 15 | S19: ВЛ-0,4 кВ от 2КТП № 2780 до ВРУ на участке с кадастровым номером 23:43:0107001:16277 в ЖК «Испания 2»,Кабель СИП-2 сечение 3х70 мм2 | U19: =U18+1 -> 15 | V19: ВЛ-0,4 кВ от 2КТП № 2780 до ВРУ на участке с кадастровым номером 23:43:0107001:16277 в ЖК «Испания 2»,Кабель СИП-2 сечение 3х70 мм2 | Y19: =Y18+1 -> 15 | Z19: КЛ 10 кВ от ПС «Восточная» до ТП-1680п
B20: 7 | C20: КЛ 10 кВ от 2КТП-10/0,4 кВ №2456п до 2КТП-10/0,4 кВ №2457п | E20: 7 | F20: КЛ 10 кВ от 2КТП-10/0,4 кВ №2456п до 2КТП-10/0,4 кВ №2457п | I20: 7 | J20: КЛ 10 кВ от 2КТП-10/0,4 кВ №2456п до 2КТП-10/0,4 кВ №2457п | L20: 7 | M20: КЛ 10 кВ от 2КТП-10/0,4 кВ №2456п до 2КТП-10/0,4 кВ №2457п | O20: =O19+1 -> 16 | P20: 2КЛ-0,4 кВ от ТП-3023п до ВУ17-0,4 кВБС9 (жилого дома) | R20: =R19+1 -> 16 | S20: ВЛ-0,4 кВ уличного освещения от 2КТП № 2780 в ЖК «Испания 2»,Кабель СИП-2 сечение 3х70 мм2 | U20: =U19+1 -> 16 | V20: ВЛ-0,4 кВ уличного освещения от 2КТП № 2780 в ЖК «Испания 2»,Кабель СИП-2 сечение 3х70 мм2 | Y20: =Y19+1 -> 16 | Z20: 2КЛ-10 кВ от ТП-1680п до ТП-3280п
B21: 9 | C21: КЛ 0,4 кВ | E21: 9 | F21: КЛ 0,4 кВ | I21: 9 | J21: КЛ 0,4 кВ | L21: 9 | M21: КЛ 0,4 кВ | O21: =O20+1 -> 17 | P21: 2КЛ-0,4 кВ от ТП-3023п до ВРУ9-0,4 кВБС9 (ком. помещ.) | R21: =R20+1 -> 17 | S21: ВЛ-0,4 кВ уличного освещения от 2КТП № 2780 до ВРУ на участке с кадастровым номером 23:43:0107001:15199 в ЖК «Испания 2»,Кабель СИП-2 сечение 3х70 мм2 | U21: =U20+1 -> 17 | V21: ВЛ-0,4 кВ уличного освещения от 2КТП № 2780 до ВРУ на участке с кадастровым номером 23:43:0107001:15199 в ЖК «Испания 2»,Кабель СИП-2 сечение 3х70 мм2 | Y21: =Y20+1 -> 17 | Z21: КЛ-0,4 кВ от 2КТП-1000/10/0,4 кВ № 5-122п до ВРУ-0,4 кВ, кабель АВБбШв, сечение 4х50 мм2
... B73: 35 | C73: КЛ-0,4 кВ АВБШВ 4*50 179м | E73: 35 | F73: КЛ-0,4 кВ АВБШВ 4*50 179м | I73: 35 | J73: КЛ-0,4 кВ АВБШВ 4*50 179м | L73: 35 | M73: КЛ-0,4 кВ АВБШВ 4*50 179м | O73: =O72+1 -> 69 | P73: КЛ-0,4 кВ от 2-й секции шин 2КТП № 3388п до ВРУ № 4 МКД № 40 по ул. Метальникова, кабель АВБбШв, сечение 4х150 мм2 | R73: =R72+1 -> 69 | S73: КЛ-0,4 кВ от 2КТП-630/10/0,4 кВ № 1-205п до ВРУ-0,4 кВ, кабель АВБбШв, сечение 4х150 мм2 | U73: =U72+1 -> 69 | V73: КЛ-0,4 кВ от 2КТП-630/10/0,4 кВ № 1-205п до ВРУ-0,4 кВ, кабель АВБбШв, сечение 4х150 мм2 | Y73: =Y72+1 -> 69 | Z73: ВЛ-0,4 кВ уличного освещения от 2КТП № 2779 в ЖК «Испания»,Кабель СИП-2 сечение 3х70 мм2
B74: 34 | C74: КЛ-0,4 кВ АВБШВ 4*95 470м | E74: 34 | F74: КЛ-0,4 кВ АВБШВ 4*95 470м | I74: 34 | J74: КЛ-0,4 кВ АВБШВ 4*95 470м | L74: 34 | M74: КЛ-0,4 кВ АВБШВ 4*95 470м | O74: =O73+1 -> 70 | P74: 2БКТП-1600/6/0,4 кВ № 3421п | R74: =R73+1 -> 70 | S74: КЛ-0,4 кВ от 2КТП-630/10/0,4 кВ № 1-205п до ВРУ-0,4 кВ, кабель АВБбШв, сечение 4х95 мм2 | U74: =U73+1 -> 70 | V74: КЛ-0,4 кВ от 2КТП-630/10/0,4 кВ № 1-205п до ВРУ-0,4 кВ, кабель АВБбШв, сечение 4х95 мм2
B75: 36 | C75: 2КЛ-10 кВ АСБл 2(3*240мм2) L=2*290=180м | E75: 36 | F75: 2КЛ-10 кВ АСБл 2(3*240мм2) L=2*290=180м | I75: 36 | J75: 2КЛ-10 кВ АСБл 2(3*240мм2) L=2*290=180м | L75: 36 | M75: 2КЛ-10 кВ АСБл 2(3*240мм2) L=2*290=180м | O75: =O74+1 -> 71 | P75: КЛ-6 кВ от 1 секции шин 2БКТП № 3421п до 1 секции шин 2БКТП № 3388п,кабель АПВпу2г сечение 3х(1х240мм2) | R75: =R74+1 -> 71 | S75: КЛ-0,4 кВ от 2КТП-630/10/0,4 кВ № 1-205п до ВРУ-0,4 кВ аптека, кабель АВБбШв, сечение 4х50 мм2 | U75: =U74+1 -> 71 | V75: КЛ-0,4 кВ от 2КТП-630/10/0,4 кВ № 1-205п до ВРУ-0,4 кВ аптека, кабель АВБбШв, сечение 4х50 мм2 | Y75: 2) Нет приказов на ввод основного средства в эксплуатацию.
B76: 35 | C76: КЛ-0,4кВ от 2КТП-10/0,4 кВ №2642п до ВРУ многокравтирных домов, выполненная кабелем АВБбШв (4*185 мм), L=949м. | E76: 35 | F76: КЛ-0,4кВ от 2КТП-10/0,4 кВ №2642п до ВРУ многокравтирных домов, выполненная кабелем АВБбШв (4*185 мм), L=949м. | I76: 35 | J76: КЛ-0,4кВ от 2КТП-10/0,4 кВ №2642п до ВРУ многокравтирных домов, выполненная кабелем АВБбШв (4*185 мм), L=949м. | L76: 35 | M76: КЛ-0,4кВ от 2КТП-10/0,4 кВ №2642п до ВРУ многокравтирных домов, выполненная кабелем АВБбШв (4*185 мм), L=949м. | O76: =O75+1 -> 72 | P76: КЛ-6 кВ от 2 секции шин 2БКТП № 3421п до 2 секции шин 2БКТП № 3388п,кабель АПВпу2г сечение 3х(1х240мм2) | R76: =R75+1 -> 72 | S76: КТП-630/10/0,4 кВ № А-3-1099п | U76: =U75+1 -> 72 | V76: КТП-630/10/0,4 кВ № А-3-1099п | Y76: 1
B77: 37 | C77: КЛ-10кВ АСБл 2(3*240мм2) | E77: 37 | F77: КЛ-10кВ АСБл 2(3*240мм2) | I77: 37 | J77: КЛ-10кВ АСБл 2(3*240мм2) | L77: 37 | M77: КЛ-10кВ АСБл 2(3*240мм2) | O77: =O76+1 -> 73 | P77: КЛ-0,4 кВ от 1-й секции шин 2КТП № 3421п до ВРУ № 1 МКД № 38 по ул. Метальникова, кабель АВБбШв, сечение 4х150 мм2 | R77: =R76+1 -> 73 | S77: КВЛ-10 кВ от КТП-630/10/0,4 кВ № А-3-1099п до опоры № 1-6, кабель СИП3, сечение 1х70 мм2 | U77: =U76+1 -> 73 | V77: КВЛ-10 кВ от КТП-630/10/0,4 кВ № А-3-1099п до опоры № 1-6, кабель СИП3, сечение 1х70 мм2
B78: 36 | C78: КЛ-0,4кВ АВБбШв (4*50 мм) | E78: 36 | F78: КЛ-0,4кВ АВБбШв (4*50 мм) | I78: 36 | J78: КЛ-0,4кВ АВБбШв (4*50 мм) | L78: 36 | M78: КЛ-0,4кВ АВБбШв (4*50 мм) | O78: =O77+1 -> 74 | P78: КЛ-0,4 кВ от 2-й секции шин 2КТП № 3421п до ВРУ № 1 МКД № 38 по ул. Метальникова, кабель АВБбШв, сечение 4х150 мм2 | R78: =R77+1 -> 74 | S78: КВЛ-10 кВ от КТП-630/10/0,4 кВ № А-3-1099п до опоры № 2-65, кабель АПвПуг-10-1, сечение 3х300 мм2 | U78: =U77+1 -> 74 | V78: КВЛ-10 кВ от КТП-630/10/0,4 кВ № А-3-1099п до опоры № 2-65, кабель АПвПуг-10-1, сечение 3х300 мм2 | Y78: 3) Нет инвентарных карт (ОС-6)
B79: 38 | C79: КЛ-10кВ АСБл 2(3*240мм2) | E79: 38 | F79: КЛ-10кВ АСБл 2(3*240мм2) | I79: 38 | J79: КЛ-10кВ АСБл 2(3*240мм2) | L79: 38 | M79: КЛ-10кВ АСБл 2(3*240мм2) | O79: =O78+1 -> 75 | P79: КЛ-0,4 кВ от 1-й секции шин 2КТП № 3421п до ВРУ № 2 МКД № 38 по ул. Метальникова, кабель АВБбШв, сечение 4х150 мм2 | R79: =R78+1 -> 75 | S79: КЛ-0,4 кВ от КТП-630/10/0,4 кВ № А-3-1099п до ВРУ 0,4 кВ потребителей, кабель СИП, сечение 1х50 мм2 | U79: =U78+1 -> 75 | V79: КЛ-0,4 кВ от КТП-630/10/0,4 кВ № А-3-1099п до ВРУ 0,4 кВ потребителей, кабель СИП, сечение 1х50 мм2 | Y79: 1
B80: 37 | C80: КЛ-0,4кВ АВБбШв (4*50 мм) | E80: 37 | F80: КЛ-0,4кВ АВБбШв (4*50 мм) | I80: 37 | J80: КЛ-0,4кВ АВБбШв (4*50 мм) | L80: 37 | M80: КЛ-0,4кВ АВБбШв (4*50 мм) | O80: =O79+1 -> 76 | P80: КЛ-0,4 кВ от 2-й секции шин 2КТП № 3421п до ВРУ № 2 МКД № 38 по ул. Метальникова, кабель АВБбШв, сечение 4х150 мм2 | R80: =R79+1 -> 76 | S80: 2БКТП-1000/6/0,4 кВ № 3388п | U80: =U79+1 -> 76 | V80: 2БКТП-1000/6/0,4 кВ № 3388п
B81: 39 | C81: КЛ-10 кВ от 2БКТП-1225п до 2БКТП-1000/10/0,4 кВ №2014п, L=482м. | E81: 39 | F81: КЛ-10 кВ от 2БКТП-1225п до 2БКТП-1000/10/0,4 кВ №2014п, L=482м. | I81: 39 | J81: КЛ-10 кВ от 2БКТП-1225п до 2БКТП-1000/10/0,4 кВ №2014п, L=482м. | L81: 39 | M81: КЛ-10 кВ от 2БКТП-1225п до 2БКТП-1000/10/0,4 кВ №2014п, L=482м. | O81: =O80+1 -> 77 | P81: КЛ-0,4 кВ от 1-й секции шин 2КТП № 3421п до ВРУ № 3 МКД № 38 по ул. Метальникова, кабель АВБбШв, сечение 4х150 мм2 | R81: =R80+1 -> 77 | S81: КЛ-6 кВ от 1 секции шин ТП-2898п до 1 секции шин 2БКТП-1000/6/0,4 кВ № 3388п,кабель АПВпу2г сечение 3х(1х240мм2) | U81: =U80+1 -> 77 | V81: КЛ-6 кВ от 1 секции шин ТП-2898п до 1 секции шин 2БКТП-1000/6/0,4 кВ № 3388п,кабель АПВпу2г сечение 3х(1х240мм2) | Y81: 4) Отсутствует информация о договорах купли продажи или СМР
B82: 38 | C82: КЛ-10 кВ от 2БКТП-1000/10/0,4 кВ №2014п до 2БКТП-1000/10/0,4 кВ №2015п, L=350м. | E82: 38 | F82: КЛ-10 кВ от 2БКТП-1000/10/0,4 кВ №2014п до 2БКТП-1000/10/0,4 кВ №2015п, L=350м. | I82: 38 | J82: КЛ-10 кВ от 2БКТП-1000/10/0,4 кВ №2014п до 2БКТП-1000/10/0,4 кВ №2015п, L=350м. | L82: 38 | M82: КЛ-10 кВ от 2БКТП-1000/10/0,4 кВ №2014п до 2БКТП-1000/10/0,4 кВ №2015п, L=350м. | O82: =O81+1 -> 78 | P82: КЛ-0,4 кВ от 2-й секции шин 2КТП № 3421п до ВРУ № 3 МКД № 38 по ул. Метальникова, кабель АВБбШв, сечение 4х150 мм2 | R82: =R81+1 -> 78 | S82: КЛ-6 кВ от 2 секции шин ТП-2898п до 2 секции шин 2БКТП-1000/6/0,4 кВ № 3388п,кабель АПВпу2г сечение 3х(1х240мм2) | U82: =U81+1 -> 78 | V82: КЛ-6 кВ от 2 секции шин ТП-2898п до 2 секции шин 2БКТП-1000/6/0,4 кВ № 3388п,кабель АПВпу2г сечение 3х(1х240мм2)
B83: 40 | C83: КЛ-0,4 кВ от 2БКТП-1000/10/0,4 кВ №2014п и 2БКТП-1000/10/0,4 кВ №2015п к ВРУ жилыхдомов в ЖК "Европейский", L=9420м. | E83: 40 | F83: КЛ-0,4 кВ от 2БКТП-1000/10/0,4 кВ №2014п и 2БКТП-1000/10/0,4 кВ №2015п к ВРУ жилыхдомов в ЖК "Европейский", L=9420м. | I83: 40 | J83: КЛ-0,4 кВ от 2БКТП-1000/10/0,4 кВ №2014п и 2БКТП-1000/10/0,4 кВ №2015п к ВРУ жилыхдомов в ЖК "Европейский", L=9420м. | L83: 40 | M83: КЛ-0,4 кВ от 2БКТП-1000/10/0,4 кВ №2014п и 2БКТП-1000/10/0,4 кВ №2015п к ВРУ жилыхдомов в ЖК "Европейский", L=9420м. | O83: =O82+1 -> 79 | P83: КЛ-0,4 кВ от 1-й секции шин 2КТП № 3421п до ВРУ № 4 МКД № 38 по ул. Метальникова, кабель АВБбШв, сечение 4х150 мм2 | R83: =R82+1 -> 79 | S83: КЛ-0,4 кВ от 1-й секции шин 2КТП № 3388п до ВРУ № 1 МКД № 40 по ул. Метальникова, кабель АВБбШв, сечение 4х150 мм2 | U83: =U82+1 -> 79 | V83: КЛ-0,4 кВ от 1-й секции шин 2КТП № 3388п до ВРУ № 1 МКД № 40 по ул. Метальникова, кабель АВБбШв, сечение 4х150 мм2 | Y83: =Y82+1 -> 1 | Z83: 2КЛ-10 кВ от 1 сш РП-3489п до 1 сш 2БКТП-ЗТ-4, длиной 402,5 м
B84: 39 | C84: КЛ-10 кВ от II с.ш. 2КТП-ккв-1000/10/0,4 №3206 до Iiс.ш.2КТП-кк-1250/10/0,4 кВ №3207п | E84: 39 | F84: КЛ-10 кВ от II с.ш. 2КТП-ккв-1000/10/0,4 №3206 до Iiс.ш.2КТП-кк-1250/10/0,4 кВ №3207п | I84: 39 | J84: КЛ-10 кВ от II с.ш. 2КТП-ккв-1000/10/0,4 №3206 до Iiс.ш.2КТП-кк-1250/10/0,4 кВ №3207п | L84: 39 | M84: КЛ-10 кВ от II с.ш. 2КТП-ккв-1000/10/0,4 №3206 до Iiс.ш.2КТП-кк-1250/10/0,4 кВ №3207п | O84: =O83+1 -> 80 | P84: КЛ-0,4 кВ от 2-й секции шин 2КТП № 3421п до ВРУ № 4 МКД № 38 по ул. Метальникова, кабель АВБбШв, сечение 4х150 мм2 | R84: =R83+1 -> 80 | S84: КЛ-0,4 кВ от 2-й секции шин 2КТП № 3388п до ВРУ № 1 МКД № 40 по ул. Метальникова, кабель АВБбШв, сечение 4х150 мм2 | U84: =U83+1 -> 80 | V84: КЛ-0,4 кВ от 2-й секции шин 2КТП № 3388п до ВРУ № 1 МКД № 40 по ул. Метальникова, кабель АВБбШв, сечение 4х150 мм2 | Y84: 2 | Z84: 2КЛ-10 кВ от 2 сш РП-3489п до 2 сш 2БКТП-ЗТ-4, длиной 402,5 м
B85: 41 | C85: КЛ-10 кВ от с.ш. 2КТП-ккв-1000/10/0,4 до с.ш.2КТП-кк-1250/10/0,4 кВ №3208п | E85: 41 | F85: КЛ-10 кВ от с.ш. 2КТП-ккв-1000/10/0,4 до с.ш.2КТП-кк-1250/10/0,4 кВ №3208п | I85: 41 | J85: КЛ-10 кВ от с.ш. 2КТП-ккв-1000/10/0,4 до с.ш.2КТП-кк-1250/10/0,4 кВ №3208п | L85: 41 | M85: КЛ-10 кВ от с.ш. 2КТП-ккв-1000/10/0,4 до с.ш.2КТП-кк-1250/10/0,4 кВ №3208п | O85: =O84+1 -> 81 | P85: 2БКТП-2000/6/0,4 кВ № 3422п | R85: =R84+1 -> 81 | S85: КЛ-0,4 кВ от 1-й секции шин 2КТП № 3388п до ВРУ № 2 МКД № 40 по ул. Метальникова, кабель АВБбШв, сечение 4х150 мм2 | U85: =U84+1 -> 81 | V85: КЛ-0,4 кВ от 1-й секции шин 2КТП № 3388п до ВРУ № 2 МКД № 40 по ул. Метальникова, кабель АВБбШв, сечение 4х150 мм2 | Y85: 6) | Z85: ОСНОВНЫЕ ВОПРОСЫ/РИСКИ
B86: 40 | C86: КЛ-10 кВ от II с.ш. 2КТП-ккв-1000/10/0,4 №3206 до II с.ш.2КТП-кк-1250/10/0,4 кВ №3208п | E86: 40 | F86: КЛ-10 кВ от II с.ш. 2КТП-ккв-1000/10/0,4 №3206 до II с.ш.2КТП-кк-1250/10/0,4 кВ №3208п | I86: 40 | J86: КЛ-10 кВ от II с.ш. 2КТП-ккв-1000/10/0,4 №3206 до II с.ш.2КТП-кк-1250/10/0,4 кВ №3208п | L86: 40 | M86: КЛ-10 кВ от II с.ш. 2КТП-ккв-1000/10/0,4 №3206 до II с.ш.2КТП-кк-1250/10/0,4 кВ №3208п | O86: =O85+1 -> 82 | P86: КЛ-6 кВ от 1 секции шин 2БКТП № 3421п до 1 секции шин 2БКТП № 3422п,кабель АПВпу2г сечение 3х(1х240мм2) | R86: =R85+1 -> 82 | S86: КЛ-0,4 кВ от 2-й секции шин 2КТП № 3388п до ВРУ № 2 МКД № 40 по ул. Метальникова, кабель АВБбШв, сечение 4х150 мм2 | U86: =U85+1 -> 82 | V86: КЛ-0,4 кВ от 2-й секции шин 2КТП № 3388п до ВРУ № 2 МКД № 40 по ул. Метальникова, кабель АВБбШв, сечение 4х150 мм2 | Z86: (полный перечень в таблице по сверке) | AB86: РИСКИ
B87: 42 | C87: КЛ-10 кВ от II с.ш. 2КТП-ккв-1000/10/0,4 №3206 до II с.ш.2КТП-кк-1250/10/0,4 кВ №3208п | E87: 42 | F87: КЛ-10 кВ от II с.ш. 2КТП-ккв-1000/10/0,4 №3206 до II с.ш.2КТП-кк-1250/10/0,4 кВ №3208п | I87: 42 | J87: КЛ-10 кВ от II с.ш. 2КТП-ккв-1000/10/0,4 №3206 до II с.ш.2КТП-кк-1250/10/0,4 кВ №3208п | L87: 42 | M87: КЛ-10 кВ от II с.ш. 2КТП-ккв-1000/10/0,4 №3206 до II с.ш.2КТП-кк-1250/10/0,4 кВ №3208п | O87: =O86+1 -> 83 | P87: КЛ-6 кВ от 2 секции шин 2БКТП № 3421п до 2 секции шин 2БКТП № 3422п,кабель АПВпу2г сечение 3х(1х240мм2) | R87: =R86+1 -> 83 | S87: КЛ-0,4 кВ от 1-й секции шин 2КТП № 3388п до ВРУ № 3 МКД № 40 по ул. Метальникова, кабель АВБбШв, сечение 4х150 мм2 | U87: =U86+1 -> 83 | V87: КЛ-0,4 кВ от 1-й секции шин 2КТП № 3388п до ВРУ № 3 МКД № 40 по ул. Метальникова, кабель АВБбШв, сечение 4х150 мм2 | Z87: Перечень оборудования | AA87: Риски | AB87: кВа | AC87: км
B88: 41 | C88: КЛ-0,4 кВ от 2КТП-3206п | E88: 41 | F88: КЛ-0,4 кВ от 2КТП-3206п | I88: 41 | J88: КЛ-0,4 кВ от 2КТП-3206п | L88: 41 | M88: КЛ-0,4 кВ от 2КТП-3206п | R88: =R87+1 -> 84 | S88: КЛ-0,4 кВ от 2-й секции шин 2КТП № 3388п до ВРУ № 3 МКД № 40 по ул. Метальникова, кабель АВБбШв, сечение 4х150 мм2 | U88: =U87+1 -> 84 | V88: КЛ-0,4 кВ от 2-й секции шин 2КТП № 3388п до ВРУ № 3 МКД № 40 по ул. Метальникова, кабель АВБбШв, сечение 4х150 мм2 | Y88: 1 | Z88: 2КЛ-10кВ АСБл 2(3*240мм2) от 2КТП по ул.Шумана 2 до 2БКТП №2103п | AA88: Инвентаризация, строка 35, уточнение тех.характиристик; (линия в 900м 10кВ, по итогам уточнения тех.характеристик после инвентаризации перешла в линию 2980м см.ТП-2103, письмо 29,07.24 12:54) | AC88: 2.08 | AD88: ДКП/ЕГРН | AE88: Выписка из ЕГРН, кадастровый номер: 23:43:0107001:48756 (2980м)
B89: 43 | C89: КЛ-0,4 кВ от 2КТП-3206п | E89: 43 | F89: КЛ-0,4 кВ от 2КТП-3206п | I89: 43 | J89: КЛ-0,4 кВ от 2КТП-3206п | L89: 43 | M89: КЛ-0,4 кВ от 2КТП-3206п | O89: 2) Нет приказов на ввод основного средства в эксплуатацию. | R89: =R88+1 -> 85 | S89: КЛ-0,4 кВ от 1-й секции шин 2КТП № 3388п до ВРУ № 4 МКД № 40 по ул. Метальникова, кабель АВБбШв, сечение 4х150 мм2 | U89: =U88+1 -> 85 | V89: КЛ-0,4 кВ от 1-й секции шин 2КТП № 3388п до ВРУ № 4 МКД № 40 по ул. Метальникова, кабель АВБбШв, сечение 4х150 мм2 | Y89: =Y88+1 -> 2 | Z89: КЛ-0,4 кВ от 2КТП-2962п до ВРУ на з/у с к/н 23:43:01066012:4112, 23:43:01066012:4378 (ул.Есаулко), L=159м. | AA89: Риски: где Ростехнодзор? Ответ 29.07.24 нет акта Ростехнадзора; | AC89: 0.159 | AD89: СМР/ЗКИ | AE89: Заключение кадастрового инженера от 27.06.2024г.
B90: 42 | C90: КЛ-0,4 кВ от 2КТП-3206п | E90: 42 | F90: КЛ-0,4 кВ от 2КТП-3206п | I90: 42 | J90: КЛ-0,4 кВ от 2КТП-3206п | L90: 42 | M90: КЛ-0,4 кВ от 2КТП-3206п | O90: 1 | P90: 2БКТП-1000/10/0,4 кВ №2014п | R90: =R89+1 -> 86 | S90: КЛ-0,4 кВ от 2-й секции шин 2КТП № 3388п до ВРУ № 4 МКД № 40 по ул. Метальникова, кабель АВБбШв, сечение 4х150 мм2 | U90: =U89+1 -> 86 | V90: КЛ-0,4 кВ от 2-й секции шин 2КТП № 3388п до ВРУ № 4 МКД № 40 по ул. Метальникова, кабель АВБбШв, сечение 4х150 мм2 | Y90: =Y89+1 -> 3 | Z90: 2КЛ-10кВ АСБл 3х240 мм от БРТП 2103п до 2КТП-2701п L=734х2 (КЛ 10кВ от 2КТП-2701п до БРТП-2103п, АСБл 10 кВ (3*240) L=2*730=1460м) | AA90: Инвентаризация, строка 14, уточнение тех.параметров; В ДКП 1468м, в ЕГРН 1460м и в ИК 1468м (оставляем наименьшее) | AC90: 1.46 | AD90: ДКП/ЕГРН | AE90: Выписка из ЕГРН, кадастровый номер: 23:43:0107001:48764 от 09.04.2024
B91: 44 | C91: КЛ-0,4 кВ от 2КТП-3206п | E91: 44 | F91: КЛ-0,4 кВ от 2КТП-3206п | I91: 44 | J91: КЛ-0,4 кВ от 2КТП-3206п | L91: 44 | M91: КЛ-0,4 кВ от 2КТП-3206п | O91: =O90+1 -> 2 | P91: 2БКТП-1000/10/0,4 кВ №2015п | R91: =R90+1 -> 87 | S91: 2БКТП-1600/6/0,4 кВ № 3421п | U91: =U90+1 -> 87 | V91: 2БКТП-1600/6/0,4 кВ № 3421п | Y91: =Y90+1 -> 4 | Z91: КЛ 0,4 кВ от 2КТП №2701п до ВРУ жилых домов КЛ-0,4 кВ L=2930м | AA91: КЛ выявлена при инвентаризации, нет ДКП; | AC91: 2.93 | AD91: ЕГРН | AE91: Выписка из ЕГРН, кадастровый номер: 23:43:0107001:49017 от 31.05.2024
B92: 43 | C92: КЛ-0,4 кВ от 2КТП-3206п | E92: 43 | F92: КЛ-0,4 кВ от 2КТП-3206п | I92: 43 | J92: КЛ-0,4 кВ от 2КТП-3206п | L92: 43 | M92: КЛ-0,4 кВ от 2КТП-3206п | O92: =O91+1 -> 3 | P92: КЛ-10 кВ от 2БКТП-1225п до 2БКТП-1000/10/0,4 кВ №2014п, L=482м. | R92: =R91+1 -> 88 | S92: КЛ-6 кВ от 1 секции шин 2БКТП № 3421п до 1 секции шин 2БКТП № 3388п,кабель АПВпу2г сечение 3х(1х240мм2) | U92: =U91+1 -> 88 | V92: КЛ-6 кВ от 1 секции шин 2БКТП № 3421п до 1 секции шин 2БКТП № 3388п,кабель АПВпу2г сечение 3х(1х240мм2) | Y92: =Y91+1 -> 5 | Z92: КЛ-0,4 кВ от 2КТП по ул.Шумана 2 до ВРУ жилых домов | AA92: Инвентаризация, строка 37 уточнение тех.характеристик до 2535м; в приказе №30 длина указана 1960м. Пояснения от главного бухгалтера: в данном случае нового приказа не будет, так как она введена раньше с длиной 1960 метров по ДКП №22. (длина уточнена в результате инвентаризации) | AC92: =2.535-1.96 -> 0.575 | AD92: ДКП/ЕГРН | AE92: Выписка из ЕГРН, 23:43:0107001:48755 КЛ-0,4кВ 2535м;
B93: 45 | C93: КЛ-0,4 кВ от 2КТП-3206п | E93: 45 | F93: КЛ-0,4 кВ от 2КТП-3206п | I93: 45 | J93: КЛ-0,4 кВ от 2КТП-3206п | L93: 45 | M93: КЛ-0,4 кВ от 2КТП-3206п | O93: =O92+1 -> 4 | P93: КЛ-10 кВ от 2БКТП-1000/10/0,4 кВ №2014п до 2БКТП-1000/10/0,4 кВ №2015п, L=350м. | R93: =R92+1 -> 89 | S93: КЛ-6 кВ от 2 секции шин 2БКТП № 3421п до 2 секции шин 2БКТП № 3388п,кабель АПВпу2г сечение 3х(1х240мм2) | U93: =U92+1 -> 89 | V93: КЛ-6 кВ от 2 секции шин 2БКТП № 3421п до 2 секции шин 2БКТП № 3388п,кабель АПВпу2г сечение 3х(1х240мм2) | Y93: =Y92+1 -> 6 | Z93: 2КЛ-10 кВ АСБл 2(3*240мм2)от 2БРТП №2103 до 2КТП-3116п | AA93: КЛ выявлена при инвентаризации, нет ДКП; | AC93: 3.2 | AD93: ЕГРН | AE93: Выписка из ЕГРН, кадастровый номер 23:43:0107001:48758 (10 кВ 3200м);
B94: 44 | C94: КЛ-0,4 кВ от 2КТП-3206п | E94: 44 | F94: КЛ-0,4 кВ от 2КТП-3206п | I94: 44 | J94: КЛ-0,4 кВ от 2КТП-3206п | L94: 44 | M94: КЛ-0,4 кВ от 2КТП-3206п | O94: =O93+1 -> 5 | P94: КЛ-0,4 кВ от 2БКТП-1000/10/0,4 кВ №2014п и 2БКТП-1000/10/0,4 кВ №2015п к ВРУ жилыхдомов в ЖК "Европейский", L=9420м. | R94: =R93+1 -> 90 | S94: КЛ-0,4 кВ от 1-й секции шин 2КТП № 3421п до ВРУ № 1 МКД № 38 по ул. Метальникова, кабель АВБбШв, сечение 4х150 мм2 | U94: =U93+1 -> 90 | V94: КЛ-0,4 кВ от 1-й секции шин 2КТП № 3421п до ВРУ № 1 МКД № 38 по ул. Метальникова, кабель АВБбШв, сечение 4х150 мм2 | Y94: =Y93+1 -> 7 | Z94: КЛ-0,4кВ от 2КТП №3116п до ВРУ жилых домов | AA94: Инвентаризация, строка 39, уточнение тех.характеристик; ранее линия оформлена на длину 1850м по ДКП №22, по результатам инвентаризации уточнена 3440м; | AC94: =3.44-1.85 -> 1.59 | AD94: ДКП/ЕГРН | AE94: Выписка из ЕГРН, кадастровый номер 23:43:0107001:48757 (0,4 кВ 3440м);
B95: 46 | C95: КЛ-0,4 кВ от 2КТП-3206п | E95: 46 | F95: КЛ-0,4 кВ от 2КТП-3206п | I95: 46 | J95: КЛ-0,4 кВ от 2КТП-3206п | L95: 46 | M95: КЛ-0,4 кВ от 2КТП-3206п | R95: =R94+1 -> 91 | S95: КЛ-0,4 кВ от 2-й секции шин 2КТП № 3421п до ВРУ № 1 МКД № 38 по ул. Метальникова, кабель АВБбШв, сечение 4х150 мм2 | U95: =U94+1 -> 91 | V95: КЛ-0,4 кВ от 2-й секции шин 2КТП № 3421п до ВРУ № 1 МКД № 38 по ул. Метальникова, кабель АВБбШв, сечение 4х150 мм2 | Y95: =Y94+1 -> 8 | Z95: КЛ-0,4 кВ от 2КТП-3106п до ВРУ жилого дома Литер 3 L=1380м | AA95: КЛ выявлена при инвентаризации, нет ДКП; | AC95: 1.38 | AD95: ЕГРН | AE95: Выписка из ЕГРН, кадастровый номер 23:43:0106012:17207 от 23.12.2022 КЛ-0,4 (1,38 т.м);
B96: 45 | C96: КЛ-0,4 кВ от I с.ш. 2КТП-ккв-1000/10/0,4 №3206 до ВРУ Административного здания Литер 7,2 до с.ш.2КТП-кк-1250/10/0,4 кВ №3208п | E96: 45 | F96: КЛ-0,4 кВ от I с.ш. 2КТП-ккв-1000/10/0,4 №3206 до ВРУ Административного здания Литер 7,2 до с.ш.2КТП-кк-1250/10/0,4 кВ №3208п | I96: 45 | J96: КЛ-0,4 кВ от I с.ш. 2КТП-ккв-1000/10/0,4 №3206 до ВРУ Административного здания Литер 7,2 до с.ш.2КТП-кк-1250/10/0,4 кВ №3208п | L96: 45 | M96: КЛ-0,4 кВ от I с.ш. 2КТП-ккв-1000/10/0,4 №3206 до ВРУ Административного здания Литер 7,2 до с.ш.2КТП-кк-1250/10/0,4 кВ №3208п | O96: 3) Нет инвентарных карт (ОС-6) | R96: =R95+1 -> 92 | S96: КЛ-0,4 кВ от 1-й секции шин 2КТП № 3421п до ВРУ № 2 МКД № 38 по ул. Метальникова, кабель АВБбШв, сечение 4х150 мм2 | U96: =U95+1 -> 92 | V96: КЛ-0,4 кВ от 1-й секции шин 2КТП № 3421п до ВРУ № 2 МКД № 38 по ул. Метальникова, кабель АВБбШв, сечение 4х150 мм2 | Y96: =Y95+1 -> 9 | Z96: КЛ-0,4 кВ от ТП-3106п до ВРУ литер 5 в ЖК «Модеград» | AA96: КЛ выявлена при инвентаризации, нет ДКП; | AC96: 0.78 | AD96: ЕГРН | AE96: Выписка из ЕГРН, кадастровый номер 23:43:0106012:35341 (0,4 кВ 780м);
B97: 47 | C97: КЛ-0,4 кВ от 2КТП-3206п | E97: 47 | F97: КЛ-0,4 кВ от 2КТП-3206п | I97: 47 | J97: КЛ-0,4 кВ от 2КТП-3206п | L97: 47 | M97: КЛ-0,4 кВ от 2КТП-3206п | O97: 1 | P97: 2БКТП-1000/10/0,4 кВ №2014п | R97: =R96+1 -> 93 | S97: КЛ-0,4 кВ от 2-й секции шин 2КТП № 3421п до ВРУ № 2 МКД № 38 по ул. Метальникова, кабель АВБбШв, сечение 4х150 мм2 | U97: =U96+1 -> 93 | V97: КЛ-0,4 кВ от 2-й секции шин 2КТП № 3421п до ВРУ № 2 МКД № 38 по ул. Метальникова, кабель АВБбШв, сечение 4х150 мм2 | Y97: =Y96+1 -> 10 | Z97: КЛ-0,4 кВ от 2КТП-10/0,4 кВ №3024 до ВРУ многоквартир домов | AA97: Риски: в ДКП ссылка на ЕГРН (23:43:0106012:2966 (0,4кВ) от 23.10.2019 186м)
B98: 46 | C98: КЛ-0,4 кВ от 2КТП-3206п | E98: 46 | F98: КЛ-0,4 кВ от 2КТП-3206п | I98: 46 | J98: КЛ-0,4 кВ от 2КТП-3206п | L98: 46 | M98: КЛ-0,4 кВ от 2КТП-3206п | O98: =O97+1 -> 2 | P98: 2БКТП-1000/10/0,4 кВ №2015п | R98: =R97+1 -> 94 | S98: КЛ-0,4 кВ от 1-й секции шин 2КТП № 3421п до ВРУ № 3 МКД № 38 по ул. Метальникова, кабель АВБбШв, сечение 4х150 мм2 | U98: =U97+1 -> 94 | V98: КЛ-0,4 кВ от 1-й секции шин 2КТП № 3421п до ВРУ № 3 МКД № 38 по ул. Метальникова, кабель АВБбШв, сечение 4х150 мм2 | Y98: =Y97+1 -> 11 | Z98: КЛ-0,4 кВ от 2КТП-3024п до ВРУ на з/у с к/н 23:43:01066012:4109, L=80м. | AA98: где Ростехнадзор? Ответ 29.07.24 нет акта Ростехнадзора; | AC98: 0.08
B99: 48 | C99: КЛ-0,4 кВ от 2КТП-3206п | E99: 48 | F99: КЛ-0,4 кВ от 2КТП-3206п | I99: 48 | J99: КЛ-0,4 кВ от 2КТП-3206п | L99: 48 | M99: КЛ-0,4 кВ от 2КТП-3206п | O99: =O98+1 -> 3 | P99: КЛ-10 кВ от 2БКТП-1225п до 2БКТП-1000/10/0,4 кВ №2014п, L=482м. | R99: =R98+1 -> 95 | S99: КЛ-0,4 кВ от 2-й секции шин 2КТП № 3421п до ВРУ № 3 МКД № 38 по ул. Метальникова, кабель АВБбШв, сечение 4х150 мм2 | U99: =U98+1 -> 95 | V99: КЛ-0,4 кВ от 2-й секции шин 2КТП № 3421п до ВРУ № 3 МКД № 38 по ул. Метальникова, кабель АВБбШв, сечение 4х150 мм2 | Y99: =Y98+1 -> 12 | Z99: КЛ-10 кВ от 2БКТП-1225п до 2БКТП-1000/10/0,4 кВ №2014п, L=482м. | AA99: данная линия отражена на ОС ТП-2014; Риски: В ДКП отмечено что данная линия в 482м это недвижимое имущество;
B100: 47 | C100: КЛ-0,4 кВ от 2КТП-3206п | E100: 47 | F100: КЛ-0,4 кВ от 2КТП-3206п | I100: 47 | J100: КЛ-0,4 кВ от 2КТП-3206п | L100: 47 | M100: КЛ-0,4 кВ от 2КТП-3206п | O100: =O99+1 -> 4 | P100: КЛ-10 кВ от 2БКТП-1000/10/0,4 кВ №2014п до 2БКТП-1000/10/0,4 кВ №2015п, L=350м. | R100: =R99+1 -> 96 | S100: КЛ-0,4 кВ от 1-й секции шин 2КТП № 3421п до ВРУ № 4 МКД № 38 по ул. Метальникова, кабель АВБбШв, сечение 4х150 мм2 | U100: =U99+1 -> 96 | V100: КЛ-0,4 кВ от 1-й секции шин 2КТП № 3421п до ВРУ № 4 МКД № 38 по ул. Метальникова, кабель АВБбШв, сечение 4х150 мм2 | Y100: =Y99+1 -> 13 | Z100: КЛ-10 кВ от 2БКТП-1000/10/0,4 кВ №2014п до 2БКТП-1000/10/0,4 кВ №2015п, L=350м. | AA100: Риски: В ДКП отмечено что данная линия в 350м это недвижимое имущество;
B101: 49 | C101: КЛ-0,4 кВ от 2КТП-3206п | E101: 49 | F101: КЛ-0,4 кВ от 2КТП-3206п | I101: 49 | J101: КЛ-0,4 кВ от 2КТП-3206п | L101: 49 | M101: КЛ-0,4 кВ от 2КТП-3206п | O101: =O100+1 -> 5 | P101: КЛ-0,4 кВ от 2БКТП-1000/10/0,4 кВ №2014п и 2БКТП-1000/10/0,4 кВ №2015п к ВРУ жилыхдомов в ЖК "Европейский", L=9420м. | R101: =R100+1 -> 97 | S101: КЛ-0,4 кВ от 2-й секции шин 2КТП № 3421п до ВРУ № 4 МКД № 38 по ул. Метальникова, кабель АВБбШв, сечение 4х150 мм2 | U101: =U100+1 -> 97 | V101: КЛ-0,4 кВ от 2-й секции шин 2КТП № 3421п до ВРУ № 4 МКД № 38 по ул. Метальникова, кабель АВБбШв, сечение 4х150 мм2 | Y101: =Y100+1 -> 14 | Z101: 2КТП-3207п | AA101: Риски: в акте приема обор-я ошибочно 2*1000, в ДКП и ИК 2*1250. | AB101: 500
B102: 48 | C102: КЛ-0,4 кВ от 2КТП-3206п | E102: 48 | F102: КЛ-0,4 кВ от 2КТП-3206п | I102: 48 | J102: КЛ-0,4 кВ от 2КТП-3206п | L102: 48 | M102: КЛ-0,4 кВ от 2КТП-3206п | R102: =R101+1 -> 98 | S102: 2БКТП-2000/6/0,4 кВ № 3422п | U102: =U101+1 -> 98 | V102: 2БКТП-2000/6/0,4 кВ № 3422п | Y102: =Y101+1 -> 15 | Z102: 2КТП-3208п | AA102: Риски: в акте приема обор-я ошибочно 2*1000, в ДКП, приказе №7 и ИК 2*1250. | AB102: 500
B103: 50 | C103: КЛ-0,4 кВ от 2КТП-3207п | E103: 50 | F103: КЛ-0,4 кВ от 2КТП-3207п | I103: 50 | J103: КЛ-0,4 кВ от 2КТП-3207п | L103: 50 | M103: КЛ-0,4 кВ от 2КТП-3207п | O103: 4) Отсутствует информация о договорах купли продажи или СМР | R103: =R102+1 -> 99 | S103: КЛ-6 кВ от 1 секции шин 2БКТП № 3421п до 1 секции шин 2БКТП № 3422п,кабель АПВпу2г сечение 3х(1х240мм2) | U103: =U102+1 -> 99 | V103: КЛ-6 кВ от 1 секции шин 2БКТП № 3421п до 1 секции шин 2БКТП № 3422п,кабель АПВпу2г сечение 3х(1х240мм2) | Y103: =Y102+1 -> 16 | Z103: КЛ 0,4 кВ от КТП 3526п | AA103: Акта Ростехнадзора нет; сумма в КС-3 + разработка проектной документации= сумма ИК;
B104: 49 | C104: КЛ-0,4 кВ от 2КТП-3207п | E104: 49 | F104: КЛ-0,4 кВ от 2КТП-3207п | I104: 49 | J104: КЛ-0,4 кВ от 2КТП-3207п | L104: 49 | M104: КЛ-0,4 кВ от 2КТП-3207п | R104: =R103+1 -> 100 | S104: КЛ-6 кВ от 2 секции шин 2БКТП № 3421п до 2 секции шин 2БКТП № 3422п,кабель АПВпу2г сечение 3х(1х240мм2) | U104: =U103+1 -> 100 | V104: КЛ-6 кВ от 2 секции шин 2БКТП № 3421п до 2 секции шин 2БКТП № 3422п,кабель АПВпу2г сечение 3х(1х240мм2) | Y104: =Y103+1 -> 17 | Z104: 2КЛ-10 кВ от 1 сш РП-3489п до 1 сш 2БКТП-ЗТ-4, длиной 402,5 м | AA104: почему в шабке ОС-6 и приказе №212 все линии названы 0,4 кВ:? Риск: данные линии построены в рамках договора СМР №32413250806 на СМР и ПНР ЖК Зеленый театр от 04.03.2024, но ОС-6 и Приказ о вводе содержат суммы из др договора с Стройкомплекссистем №32413183640; | AC104: 0.4025
B105: 51 | C105: КЛ-0,4 кВ от 2КТП-3207п | E105: 51 | F105: КЛ-0,4 кВ от 2КТП-3207п | I105: 51 | J105: КЛ-0,4 кВ от 2КТП-3207п | L105: 51 | M105: КЛ-0,4 кВ от 2КТП-3207п | O105: =O104+1 -> 1 | P105: КЛ 0,4 кВ от 2КТП №2701п до ВРУ жилых домов КЛ-0,4 кВ L=2930м | R105: =R104+1 -> 101 | S105: 2КТП-630/10/0,4 кВ № 2778п, расположенная в г. Краснодаре в ЖК «Зеленая Долина» | U105: =U104+1 -> 101 | V105: 2КТП-630/10/0,4 кВ № 2778п, расположенная в г. Краснодаре в ЖК «Зеленая Долина» | Y105: =Y104+1 -> 18 | Z105: 2КЛ-10 кВ от 2 сш РП-3489п до 2 сш 2БКТП-ЗТ-4, длиной 402,5 м | AA105: почему в шабке ОС-6 и приказе №212 все линии названы 0,4 кВ:? Риск: данные линии построены в рамках договора СМР №32413250806 на СМР и ПНР ЖК Зеленый театр от 04.03.2024, но ОС-6 и Приказ о вводе содержат суммы из др договора с Стройкомплекссистем №32413183640; | AC105: 0.4025
B106: 50 | C106: КЛ-0,4 кВ от 2КТП-3207п | E106: 50 | F106: КЛ-0,4 кВ от 2КТП-3207п | I106: 50 | J106: КЛ-0,4 кВ от 2КТП-3207п | L106: 50 | M106: КЛ-0,4 кВ от 2КТП-3207п | O106: =O105+1 -> 2 | P106: 2КЛ-10 кВ АСБл 2(3*240мм2)от 2БРТП №2103 до 2КТП-3116п | R106: =R105+1 -> 102 | S106: КЛ-10 кВ от 1 секции шин 2КТП № 2778п до 1 секции шин 2КТП № 2779п Кабель АСБл-10, сечение 3х240 мм2 | U106: =U105+1 -> 102 | V106: КЛ-10 кВ от 1 секции шин 2КТП № 2778п до 1 секции шин 2КТП № 2779п Кабель АСБл-10, сечение 3х240 мм2 | Y106: =Y105+1 -> 19 | Z106: КЛ-10 кВ М1 от РУВН КТП № НС-8-4-51п/630 кВА, до РУВН КТП № НС-8-4-52п/630 кВА, ААБл-10, 3х25 кв.мм. | AA106: линия отнесена в 10 кВ исключительно согласно инфы в ЗКИ!
B107: 52 | C107: КЛ-0,4 кВ от 2КТП-3207п | E107: 52 | F107: КЛ-0,4 кВ от 2КТП-3207п | I107: 52 | J107: КЛ-0,4 кВ от 2КТП-3207п | L107: 52 | M107: КЛ-0,4 кВ от 2КТП-3207п | O107: =O106+1 -> 3 | P107: КЛ-0,4 кВ от 2КТП-3106п до ВРУ жилого дома Литер 3 L=1380м | R107: =R106+1 -> 103 | S107: КЛ-10 кВ от 2 секции шин 2КТП № 2778п до 2 секции шин 2КТП № 2779п Кабель АСБл-10, сечение 3х240 мм2 | U107: =U106+1 -> 103 | V107: КЛ-10 кВ от 2 секции шин 2КТП № 2778п до 2 секции шин 2КТП № 2779п Кабель АСБл-10, сечение 3х240 мм2 | Y107: =Y106+1 -> 20 | Z107: КТП-6/0,4 кВ (ТП-1069п) | AA107: РИСК: В ДКП п.8 указано что у продавца был ЕГРН (07.06.19 №23:43:0124041:3750-23/001/2019-3), как оно стало движимым?
B108: 51 | C108: КЛ-0,4 кВ от 2КТП-3207п | E108: 51 | F108: КЛ-0,4 кВ от 2КТП-3207п | I108: 51 | J108: КЛ-0,4 кВ от 2КТП-3207п | L108: 51 | M108: КЛ-0,4 кВ от 2КТП-3207п | O108: =O107+1 -> 4 | P108: КЛ-0,4 кВ от ТП-3106п до ВРУ литер 5 в ЖК «Модеград» | R108: =R107+1 -> 104 | S108: ВЛ-0,4 кВ от 2КТП № 2778 до ВРУ на участке с кадастровым номером 23:43:0107001:16255,Кабель СИП-2 сечение 3х70 мм2 | U108: =U107+1 -> 104 | V108: ВЛ-0,4 кВ от 2КТП № 2778 до ВРУ на участке с кадастровым номером 23:43:0107001:16255,Кабель СИП-2 сечение 3х70 мм2 | Y108: =Y107+1 -> 21 | Z108: ВЛ-0,4 кВ от ТП-1069п АВ-2 до железобетонной опоры №5 | AA108: РИСК: В ДКП п.8 указано что у продавца был ЕГРН (07.06.19 №23:43:0124041:3750-23/001/2019-3), как оно стало движимым?
B109: 53 | C109: КЛ-0,4 кВ от 2КТП-3207п | E109: 53 | F109: КЛ-0,4 кВ от 2КТП-3207п | I109: 53 | J109: КЛ-0,4 кВ от 2КТП-3207п | L109: 53 | M109: КЛ-0,4 кВ от 2КТП-3207п | O109: =O108+1 -> 5 | P109: КЛ-0,4 кВ от 2БКТП-Сармат-1 до ВРУ Литера 1, длиной 1 830 м | R109: =R108+1 -> 105 | S109: ВЛ-0,4 кВ от 2КТП № 2778 до ВРУ на участке с кадастровым номером 23:43:0107001:16255,Кабель СИП-2 сечение 3х70 мм2 | U109: =U108+1 -> 105 | V109: ВЛ-0,4 кВ от 2КТП № 2778 до ВРУ на участке с кадастровым номером 23:43:0107001:16255,Кабель СИП-2 сечение 3х70 мм2 | Y109: =Y108+1 -> 22 | Z109: ВЛ-0,4 кВ от ТП-1069п АВ-4 до железобетонной опоры №9 | AA109: РИСК: В ДКП п.8 указано что у продавца был ЕГРН (07.06.19 №23:43:0124041:3750-23/001/2019-3), как оно стало движимым?
B110: 52 | C110: КЛ-0,4 кВ от 2КТП-3207п | E110: 52 | F110: КЛ-0,4 кВ от 2КТП-3207п | I110: 52 | J110: КЛ-0,4 кВ от 2КТП-3207п | L110: 52 | M110: КЛ-0,4 кВ от 2КТП-3207п | O110: =O109+1 -> 6 | P110: КЛ-0,4 кВ от 2БКТП-Сармат-1 до ВРУ Литера К1, длиной 428 м | R110: =R109+1 -> 106 | S110: ВЛ-0,4 кВ от 2КТП № 2778 до ВРУ на участке с кадастровым номером 23:43:0107001:15406,Кабель СИП-2 сечение 3х70 мм2 | U110: =U109+1 -> 106 | V110: ВЛ-0,4 кВ от 2КТП № 2778 до ВРУ на участке с кадастровым номером 23:43:0107001:15406,Кабель СИП-2 сечение 3х70 мм2 | Y110: =Y109+1 -> 23 | Z110: ВЛ-0,4 кВ от ТП-1069п АВ-5 до железобетонной опоры №9 | AA110: РИСК: В ДКП п.8 указано что у продавца был ЕГРН (07.06.19 №23:43:0124041:3750-23/001/2019-3), как оно стало движимым?
B111: =B110+1 -> 53 | C111: КЛ-0,4 кВ от 2КТП-3207п | E111: =E110+1 -> 53 | F111: КЛ-0,4 кВ от 2КТП-3207п | I111: =I110+1 -> 53 | J111: КЛ-0,4 кВ от 2КТП-3207п | L111: =L110+1 -> 53 | M111: КЛ-0,4 кВ от 2КТП-3207п | O111: =O110+1 -> 7 | P111: КЛ-0,4 кВ от 2БКТП-Сармат-1 до ВРУ Литера С1, длиной 280 м | R111: =R110+1 -> 107 | S111: ВЛ-0,4 кВ от 2КТП № 2778 до ВРУ на участке с кадастровым номером 23:43:0107001:37167,Кабель СИП-2 сечение 3х70 мм2 | U111: =U110+1 -> 107 | V111: ВЛ-0,4 кВ от 2КТП № 2778 до ВРУ на участке с кадастровым номером 23:43:0107001:37167,Кабель СИП-2 сечение 3х70 мм2 | Y111: =Y110+1 -> 24 | Z111: ВЛ-0,4 кВ от железобетонной опоры №9 до железобетонной опоры №11 | AA111: РИСК: В ДКП п.8 указано что у продавца был ЕГРН (07.06.19 №23:43:0124041:3750-23/001/2019-3), как оно стало движимым?
B112: =B111+1 -> 54 | C112: КЛ-0,4 кВ от 2КТП-3207п | E112: =E111+1 -> 54 | F112: КЛ-0,4 кВ от 2КТП-3207п | I112: =I111+1 -> 54 | J112: КЛ-0,4 кВ от 2КТП-3207п | L112: =L111+1 -> 54 | M112: КЛ-0,4 кВ от 2КТП-3207п | O112: =O111+1 -> 8 | P112: КЛ-0,4 кВ от 2БКТП-Сармат-2 до ВРУ Литера 2, длиной 1 776 м | R112: =R111+1 -> 108 | S112: ВЛ-0,4 кВ от 2КТП № 2778 до ВРУ на участке с кадастровым номером 23:43:0107001:16269,Кабель СИП-2 сечение 3х70 мм2 | U112: =U111+1 -> 108 | V112: ВЛ-0,4 кВ от 2КТП № 2778 до ВРУ на участке с кадастровым номером 23:43:0107001:16269,Кабель СИП-2 сечение 3х70 мм2 | Y112: =Y111+1 -> 25 | Z112: ВЛ-0,4 кВ от железобетонной опоры №9 до железобетонной опоры №11 | AA112: РИСК: В ДКП п.8 указано что у продавца был ЕГРН (07.06.19 №23:43:0124041:3750-23/001/2019-3), как оно стало движимым?
B113: =B112+1 -> 55 | C113: КЛ-0,4 кВ от 2КТП-3207п | E113: =E112+1 -> 55 | F113: КЛ-0,4 кВ от 2КТП-3207п | I113: =I112+1 -> 55 | J113: КЛ-0,4 кВ от 2КТП-3207п | L113: =L112+1 -> 55 | M113: КЛ-0,4 кВ от 2КТП-3207п | O113: =O112+1 -> 9 | P113: КЛ-0,4 кВ от 2БКТП-Сармат-2 до ВРУ Литера С2, длиной 292 м | R113: =R112+1 -> 109 | S113: ВЛ-0,4 кВ от 2КТП № 2778 до ВРУ на участке с кадастровым номером 23:43:0107001:33253,Кабель СИП-2 сечение 3х70 мм2 | U113: =U112+1 -> 109 | V113: ВЛ-0,4 кВ от 2КТП № 2778 до ВРУ на участке с кадастровым номером 23:43:0107001:33253,Кабель СИП-2 сечение 3х70 мм2 | Y113: =Y112+1 -> 26 | Z113: ВЛ-0,4 кВ от железобетонной опоры №9 до железобетонной опоры №13 | AA113: РИСК: В ДКП п.8 указано что у продавца был ЕГРН (07.06.19 №23:43:0124041:3750-23/001/2019-3), как оно стало движимым?
B114: =B113+1 -> 56 | C114: КЛ-0,4 кВ от 2КТП-3207п | E114: =E113+1 -> 56 | F114: КЛ-0,4 кВ от 2КТП-3207п | I114: =I113+1 -> 56 | J114: КЛ-0,4 кВ от 2КТП-3207п | L114: =L113+1 -> 56 | M114: КЛ-0,4 кВ от 2КТП-3207п | O114: =O113+1 -> 10 | P114: 2КЛ-10 кВ от 1 сш РП-3489п до 1 сш 2БКТП-ЗТ-4, длиной 402,5 м | R114: =R113+1 -> 110 | S114: ВЛ-0,4 кВ от 2КТП № 2778 до ВРУ на участке с кадастровым номером 23:43:0107001:15552,Кабель СИП-2 сечение 3х70 мм2 | U114: =U113+1 -> 110 | V114: ВЛ-0,4 кВ от 2КТП № 2778 до ВРУ на участке с кадастровым номером 23:43:0107001:15552,Кабель СИП-2 сечение 3х70 мм2 | Y114: =Y113+1 -> 27 | Z114: ВЛ-0,4 кВ от железобетонной опоры №9 до железобетонной опоры №13 | AA114: РИСК: В ДКП п.8 указано что у продавца был ЕГРН (07.06.19 №23:43:0124041:3750-23/001/2019-3), как оно стало движимым?
B115: =B114+1 -> 57 | C115: КЛ-0,4 кВ от 2КТП-3207п | E115: =E114+1 -> 57 | F115: КЛ-0,4 кВ от 2КТП-3207п | I115: =I114+1 -> 57 | J115: КЛ-0,4 кВ от 2КТП-3207п | L115: =L114+1 -> 57 | M115: КЛ-0,4 кВ от 2КТП-3207п | O115: =O114+1 -> 11 | P115: 2КЛ-10 кВ от 2 сш РП-3489п до 2 сш 2БКТП-ЗТ-4, длиной 402,5 м | R115: =R114+1 -> 111 | S115: ВЛ-0,4 кВ от 2КТП № 2778 до ВРУ на участке с кадастровым номером 23:43:0107001:15561,Кабель СИП-2 сечение 3х70 мм2 | U115: =U114+1 -> 111 | V115: ВЛ-0,4 кВ от 2КТП № 2778 до ВРУ на участке с кадастровым номером 23:43:0107001:15561,Кабель СИП-2 сечение 3х70 мм2 | Y115: =Y114+1 -> 28 | Z115: ВЛ-0,4 кВ от железобетонной опоры №3 до ВРУ многокв. жил. д. корп.10Ответвление от воздушной линии (Н-1) | AA115: РИСК: В ДКП п.8 указано что у продавца был ЕГРН (07.06.19 №23:43:0124041:3750-23/001/2019-3), как оно стало движимым?
B116: =B115+1 -> 58 | C116: КЛ-0,4 кВ от 2КТП-3207п | E116: =E115+1 -> 58 | F116: КЛ-0,4 кВ от 2КТП-3207п | I116: =I115+1 -> 58 | J116: КЛ-0,4 кВ от 2КТП-3207п | L116: =L115+1 -> 58 | M116: КЛ-0,4 кВ от 2КТП-3207п | R116: =R115+1 -> 112 | S116: ВЛ-0,4 кВ от 2КТП № 2778 до ВРУ на участке с кадастровым номером 23:43:0107001:15843,Кабель СИП-2 сечение 3х70 мм2 | U116: =U115+1 -> 112 | V116: ВЛ-0,4 кВ от 2КТП № 2778 до ВРУ на участке с кадастровым номером 23:43:0107001:15843,Кабель СИП-2 сечение 3х70 мм2 | Y116: =Y115+1 -> 29 | Z116: ВЛ-0,4 кВ от железобетонной опоры №5 до ВРУ многокв. жил. д. корп.9Ответвление от воздушной линии (Н-1) | AA116: РИСК: В ДКП п.8 указано что у продавца был ЕГРН (07.06.19 №23:43:0124041:3750-23/001/2019-3), как оно стало движимым?
B117: =B116+1 -> 59 | C117: КЛ-0,4 кВ от 2КТП-3208п | E117: =E116+1 -> 59 | F117: КЛ-0,4 кВ от 2КТП-3208п | I117: =I116+1 -> 59 | J117: КЛ-0,4 кВ от 2КТП-3208п | L117: =L116+1 -> 59 | M117: КЛ-0,4 кВ от 2КТП-3208п | O117: 5) Отсутствует подтверждение (регистрация) права собственности (ЕГРН) или ЗКИ. | R117: =R116+1 -> 113 | S117: 2КТП-1000/10/0,4 кВ № 2779п, расположенная в г. Краснодаре в ЖК «Зеленая Долина» | U117: =U116+1 -> 113 | V117: 2КТП-1000/10/0,4 кВ № 2779п, расположенная в г. Краснодаре в ЖК «Зеленая Долина» | Y117: =Y116+1 -> 30 | Z117: ВЛ-0,4 кВ от железобетонной опоры №5 до ВРУ многокв. жил. д. корп.8Ответвление от воздушной линии (Н-1) | AA117: РИСК: В ДКП п.8 указано что у продавца был ЕГРН (07.06.19 №23:43:0124041:3750-23/001/2019-3), как оно стало движимым?
B118: =B117+1 -> 60 | C118: КЛ-0,4 кВ от 2КТП-3208п | E118: =E117+1 -> 60 | F118: КЛ-0,4 кВ от 2КТП-3208п | I118: =I117+1 -> 60 | J118: КЛ-0,4 кВ от 2КТП-3208п | L118: =L117+1 -> 60 | M118: КЛ-0,4 кВ от 2КТП-3208п | R118: =R117+1 -> 114 | S118: КЛ-10 кВ от 1 секции шин 2КТП № 2779п до 1 секции шин 2КТП № 2780п Кабель АСБл-10, сечение 3х240 мм2 | U118: =U117+1 -> 114 | V118: КЛ-10 кВ от 1 секции шин 2КТП № 2779п до 1 секции шин 2КТП № 2780п Кабель АСБл-10, сечение 3х240 мм2 | Y118: =Y117+1 -> 31 | Z118: ВЛ-0,4 кВ от железобетонной опоры №7 до ВРУ многокв. жил. д. корп.7Ответвление от воздушной линии (Н-2) | AA118: РИСК: В ДКП п.8 указано что у продавца был ЕГРН (07.06.19 №23:43:0124041:3750-23/001/2019-3), как оно стало движимым?
B119: =B118+1 -> 61 | C119: КЛ-0,4 кВ от 2КТП-3208п | E119: =E118+1 -> 61 | F119: КЛ-0,4 кВ от 2КТП-3208п | I119: =I118+1 -> 61 | J119: КЛ-0,4 кВ от 2КТП-3208п | L119: =L118+1 -> 61 | M119: КЛ-0,4 кВ от 2КТП-3208п | O119: 0 | R119: =R118+1 -> 115 | S119: КЛ-10 кВ от 2 секции шин 2КТП № 2779п до 1 секции шин 2КТП № 2780п Кабель АСБл-10, сечение 3х240 мм2 | U119: =U118+1 -> 115 | V119: КЛ-10 кВ от 2 секции шин 2КТП № 2779п до 1 секции шин 2КТП № 2780п Кабель АСБл-10, сечение 3х240 мм2 | Y119: =Y118+1 -> 32 | Z119: ВЛ-0,4 кВ от железобетонной опоры №7 до ВРУ многокв. жил. д. корп.6Ответвление от воздушной линии (Н-2) | AA119: РИСК: В ДКП п.8 указано что у продавца был ЕГРН (07.06.19 №23:43:0124041:3750-23/001/2019-3), как оно стало движимым?
B120: =B119+1 -> 62 | C120: КЛ-0,4 кВ от 2КТП-3208п | E120: =E119+1 -> 62 | F120: КЛ-0,4 кВ от 2КТП-3208п | I120: =I119+1 -> 62 | J120: КЛ-0,4 кВ от 2КТП-3208п | L120: =L119+1 -> 62 | M120: КЛ-0,4 кВ от 2КТП-3208п | R120: =R119+1 -> 116 | S120: ВЛ-0,4 кВ от 2КТП № 2779 до ВРУ на участке с кадастровым номером 23:43:0107001:17433,Кабель СИП-2 сечение 3х70 мм2 | U120: =U119+1 -> 116 | V120: ВЛ-0,4 кВ от 2КТП № 2779 до ВРУ на участке с кадастровым номером 23:43:0107001:17433,Кабель СИП-2 сечение 3х70 мм2 | Y120: =Y119+1 -> 33 | Z120: ВЛ-0,4 кВ от железобетонной опоры №9 до ВРУ многокв. жил. д. корп.5Ответвление от воздушной линии (Н-2) | AA120: РИСК: В ДКП п.8 указано что у продавца был ЕГРН (07.06.19 №23:43:0124041:3750-23/001/2019-3), как оно стало движимым?
B121: =B120+1 -> 63 | C121: КЛ-0,4 кВ от 2КТП-3208п | E121: =E120+1 -> 63 | F121: КЛ-0,4 кВ от 2КТП-3208п | I121: =I120+1 -> 63 | J121: КЛ-0,4 кВ от 2КТП-3208п | L121: =L120+1 -> 63 | M121: КЛ-0,4 кВ от 2КТП-3208п | O121: 6) Отсутствует подтверждение (регистрация) права собственности (ЕГРН) или ЗКИ. | P121: ВОПРОСЫ к ТСО/РИСКИ | R121: =R120+1 -> 117 | S121: ВЛ-0,4 кВ от 2КТП № 2779 до ВРУ на участке с кадастровым номером 23:43:0107001:15545,Кабель СИП-2 сечение 3х70 мм2 | U121: =U120+1 -> 117 | V121: ВЛ-0,4 кВ от 2КТП № 2779 до ВРУ на участке с кадастровым номером 23:43:0107001:15545,Кабель СИП-2 сечение 3х70 мм2 | Y121: =Y120+1 -> 34 | Z121: ВЛ-0,4 кВ от железобетонной опоры №11 до ВРУ многокв. жил. д. корп.4Ответвление от воздушной линии (Н-3.1) | AA121: РИСК: В ДКП п.8 указано что у продавца был ЕГРН (07.06.19 №23:43:0124041:3750-23/001/2019-3), как оно стало движимым?
B122: =B121+1 -> 64 | C122: КЛ-0,4 кВ от 2КТП-3208п | E122: =E121+1 -> 64 | F122: КЛ-0,4 кВ от 2КТП-3208п | I122: =I121+1 -> 64 | J122: КЛ-0,4 кВ от 2КТП-3208п | L122: =L121+1 -> 64 | M122: КЛ-0,4 кВ от 2КТП-3208п | R122: =R121+1 -> 118 | S122: ВЛ-0,4 кВ от 2КТП № 2779 до ВРУ на участке с кадастровым номером 23:43:0107001:15549,Кабель СИП-2 сечение 3х70 мм2 | U122: =U121+1 -> 118 | V122: ВЛ-0,4 кВ от 2КТП № 2779 до ВРУ на участке с кадастровым номером 23:43:0107001:15549,Кабель СИП-2 сечение 3х70 мм2 | Y122: =Y121+1 -> 35 | Z122: ВЛ-0,4 кВ от железобетонной опоры №11 до ВРУ многокв. жил. д. корп.3Ответвление от воздушной линии (Н-3.2) | AA122: РИСК: В ДКП п.8 указано что у продавца был ЕГРН (07.06.19 №23:43:0124041:3750-23/001/2019-3), как оно стало движимым?
B123: =B122+1 -> 65 | C123: КЛ-0,4 кВ от 2КТП-3208п | E123: =E122+1 -> 65 | F123: КЛ-0,4 кВ от 2КТП-3208п | I123: =I122+1 -> 65 | J123: КЛ-0,4 кВ от 2КТП-3208п | L123: =L122+1 -> 65 | M123: КЛ-0,4 кВ от 2КТП-3208п | R123: =R122+1 -> 119 | S123: ВЛ-0,4 кВ от 2КТП № 2779 до ВРУ на участке с кадастровым номером 23:43:0107001:15797,Кабель СИП-2 сечение 3х70 мм2 | U123: =U122+1 -> 119 | V123: ВЛ-0,4 кВ от 2КТП № 2779 до ВРУ на участке с кадастровым номером 23:43:0107001:15797,Кабель СИП-2 сечение 3х70 мм2 | Y123: =Y122+1 -> 36 | Z123: ВЛ-0,4 кВ от железобетонной опоры №13 до ВРУ многокв. жил. д. корп.2Ответвление от воздушной линии (Н-3.3) | AA123: РИСК: В ДКП п.8 указано что у продавца был ЕГРН (07.06.19 №23:43:0124041:3750-23/001/2019-3), как оно стало движимым?
B124: =B123+1 -> 66 | C124: КЛ-0,4 кВ от 2КТП-3208п | E124: =E123+1 -> 66 | F124: КЛ-0,4 кВ от 2КТП-3208п | I124: =I123+1 -> 66 | J124: КЛ-0,4 кВ от 2КТП-3208п | L124: =L123+1 -> 66 | M124: КЛ-0,4 кВ от 2КТП-3208п | R124: =R123+1 -> 120 | S124: ВЛ-0,4 кВ от 2КТП № 2779 до ВРУ на участке с кадастровым номером 23:43:0107001:16125,Кабель СИП-2 сечение 3х70 мм2 | U124: =U123+1 -> 120 | V124: ВЛ-0,4 кВ от 2КТП № 2779 до ВРУ на участке с кадастровым номером 23:43:0107001:16125,Кабель СИП-2 сечение 3х70 мм2 | Y124: =Y123+1 -> 37 | Z124: ВЛ-0,4 кВ от железобетонной опоры №13 до ВРУ многокв. жил. д. корп.1Ответвление от воздушной линии (Н-3.4) | AA124: РИСК: В ДКП п.8 указано что у продавца был ЕГРН (07.06.19 №23:43:0124041:3750-23/001/2019-3), как оно стало движимым?
B125: =B124+1 -> 67 | C125: КЛ-0,4 кВ от 2КТП-3208п | E125: =E124+1 -> 67 | F125: КЛ-0,4 кВ от 2КТП-3208п | I125: =I124+1 -> 67 | J125: КЛ-0,4 кВ от 2КТП-3208п | L125: =L124+1 -> 67 | M125: КЛ-0,4 кВ от 2КТП-3208п | R125: =R124+1 -> 121 | S125: ВЛ-0,4 кВ уличного освещения от 2КТП № 2779 в ЖК «Испания»,Кабель СИП-2 сечение 3х70 мм2 | U125: =U124+1 -> 121 | V125: ВЛ-0,4 кВ уличного освещения от 2КТП № 2779 в ЖК «Испания»,Кабель СИП-2 сечение 3х70 мм2 | AB125: =SUM(AB88:AB124) -> 1000 | AC125: =SUM(AC88:AC124) -> 15.039
B126: =B125+1 -> 68 | C126: КЛ-0,4 кВ от 2КТП-3208п | E126: =E125+1 -> 68 | F126: КЛ-0,4 кВ от 2КТП-3208п | I126: =I125+1 -> 68 | J126: КЛ-0,4 кВ от 2КТП-3208п | L126: =L125+1 -> 68 | M126: КЛ-0,4 кВ от 2КТП-3208п | R126: =R125+1 -> 122 | S126: ВЛ-0,4 кВ уличного освещения от 2КТП № 2779 в ЖК «Испания»,Кабель СИП-2 сечение 3х70 мм2 | U126: =U125+1 -> 122 | V126: ВЛ-0,4 кВ уличного освещения от 2КТП № 2779 в ЖК «Испания»,Кабель СИП-2 сечение 3х70 мм2
B127: =B126+1 -> 69 | C127: КЛ-0,4 кВ от 2КТП-3208п | E127: =E126+1 -> 69 | F127: КЛ-0,4 кВ от 2КТП-3208п | I127: =I126+1 -> 69 | J127: КЛ-0,4 кВ от 2КТП-3208п | L127: =L126+1 -> 69 | M127: КЛ-0,4 кВ от 2КТП-3208п
B128: =B127+1 -> 70 | C128: КЛ-0,4 кВ от 2КТП-3208п | E128: =E127+1 -> 70 | F128: КЛ-0,4 кВ от 2КТП-3208п | I128: =I127+1 -> 70 | J128: КЛ-0,4 кВ от 2КТП-3208п | L128: =L127+1 -> 70 | M128: КЛ-0,4 кВ от 2КТП-3208п | R128: 2) Нет приказов на ввод основного средства в эксплуатацию. | U128: 2) Нет приказов на ввод основного средства в эксплуатацию.
B129: =B128+1 -> 71 | C129: КЛ-0,4 кВ от 2КТП-3208п | E129: =E128+1 -> 71 | F129: КЛ-0,4 кВ от 2КТП-3208п | I129: =I128+1 -> 71 | J129: КЛ-0,4 кВ от 2КТП-3208п | L129: =L128+1 -> 71 | M129: КЛ-0,4 кВ от 2КТП-3208п | R129: 1 | S129: КЛ-0,4 кВ от 2КТП № 2701 до ВРУ № 1 МКД № 14 по ул. Веронская в г. Краснодаре,Кабель АВБбШв сечение 4х95 мм2 | T129: новые договора | U129: 1 | W129: новые договора
B130: =B129+1 -> 72 | C130: КЛ-0,4 кВ от 2КТП-3208п | E130: =E129+1 -> 72 | F130: КЛ-0,4 кВ от 2КТП-3208п | I130: =I129+1 -> 72 | J130: КЛ-0,4 кВ от 2КТП-3208п | L130: =L129+1 -> 72 | M130: КЛ-0,4 кВ от 2КТП-3208п | R130: =R129+1 -> 2 | S130: КЛ-0,4 кВ от 2КТП № 2701 до ВРУ № 6.1 МКД № 4 по ул. Веронская в г. Краснодаре,Кабель АВБбШв сечение 4х95 мм2
B131: =B130+1 -> 73 | C131: КЛ-0,4 кВ от 2КТП-3208п | E131: =E130+1 -> 73 | F131: КЛ-0,4 кВ от 2КТП-3208п | I131: =I130+1 -> 73 | J131: КЛ-0,4 кВ от 2КТП-3208п | L131: =L130+1 -> 73 | M131: КЛ-0,4 кВ от 2КТП-3208п | R131: =R130+1 -> 3 | S131: КЛ-0,4 кВ от 2КТП № 2701 до ВРУ № 1.1 МКД № 4 по ул. Веронская в г. Краснодаре,Кабель АВБбШв сечение 4х70 мм2 | U131: 3) Нет инвентарных карт (ОС-6)
B132: =B131+1 -> 74 | C132: КЛ-10 кВ от 1 с.ш. РУ-10 кВ ТП №2759 до 1 с.ш. РУ-10 кВ ТП№2760 | E132: =E131+1 -> 74 | F132: КЛ-10 кВ от 1 с.ш. РУ-10 кВ ТП №2759 до 1 с.ш. РУ-10 кВ ТП№2760 | I132: =I131+1 -> 74 | J132: КЛ-10 кВ от 1 с.ш. РУ-10 кВ ТП №2759 до 1 с.ш. РУ-10 кВ ТП№2760 | L132: =L131+1 -> 74 | M132: КЛ-10 кВ от 1 с.ш. РУ-10 кВ ТП №2759 до 1 с.ш. РУ-10 кВ ТП№2760 | R132: =R131+1 -> 4 | S132: КЛ-0,4 кВ от 2КТП № 2701 до ВРУ № 2.1 МКД № 6 по ул. Веронская в г. Краснодаре,Кабель АВБбШв сечение 4х95 мм2 | U132: 1
B133: =B132+1 -> 75 | C133: КЛ-10 кВ от 1 с.ш. РУ-10 кВ ТП №2759 до 2 с.ш. РУ-10 кВ ТП№2760 | E133: =E132+1 -> 75 | F133: КЛ-10 кВ от 1 с.ш. РУ-10 кВ ТП №2759 до 2 с.ш. РУ-10 кВ ТП№2760 | I133: =I132+1 -> 75 | J133: КЛ-10 кВ от 1 с.ш. РУ-10 кВ ТП №2759 до 2 с.ш. РУ-10 кВ ТП№2760 | L133: =L132+1 -> 75 | M133: КЛ-10 кВ от 1 с.ш. РУ-10 кВ ТП №2759 до 2 с.ш. РУ-10 кВ ТП№2760 | R133: =R132+1 -> 5 | S133: КЛ-0,4 кВ от 2КТП № 2701 до ВРУ № 3.1 МКД № 8 по ул. Веронская в г. Краснодаре,Кабель АВБбШв сечение 4х95 мм2
B134: =B133+1 -> 76 | C134: КЛ-0,4 кВ от РУ-0,4 кВ ТП№2759 до ВРУ ж/д (литер №37,1 б/с) | E134: =E133+1 -> 76 | F134: КЛ-0,4 кВ от РУ-0,4 кВ ТП№2759 до ВРУ ж/д (литер №37,1 б/с) | I134: =I133+1 -> 76 | J134: КЛ-0,4 кВ от РУ-0,4 кВ ТП№2759 до ВРУ ж/д (литер №37,1 б/с) | L134: =L133+1 -> 76 | M134: КЛ-0,4 кВ от РУ-0,4 кВ ТП№2759 до ВРУ ж/д (литер №37,1 б/с) | R134: =R133+1 -> 6 | S134: КЛ-0,4 кВ от 2КТП № 2701 до ВРУ № 2.1 МКД № 8 по ул. Веронская в г. Краснодаре,Кабель АВБбШв сечение 4х70мм2 | U134: 4) Отсутствует информация о договорах купли продажи или СМР
B135: =B134+1 -> 77 | C135: КЛ-0,4 кВ от РУ-0,4 кВ ТП№2759 до ВРУ ж/д (литер №37,4 б/с) | E135: =E134+1 -> 77 | F135: КЛ-0,4 кВ от РУ-0,4 кВ ТП№2759 до ВРУ ж/д (литер №37,4 б/с) | I135: =I134+1 -> 77 | J135: КЛ-0,4 кВ от РУ-0,4 кВ ТП№2759 до ВРУ ж/д (литер №37,4 б/с) | L135: =L134+1 -> 77 | M135: КЛ-0,4 кВ от РУ-0,4 кВ ТП№2759 до ВРУ ж/д (литер №37,4 б/с) | R135: =R134+1 -> 7 | S135: КЛ-0,4 кВ от 2КТП № 2701 до ВРУ № 4.1 МКД № 10 по ул. Веронская в г. Краснодаре,Кабель АВБбШв сечение 4х95 мм2
B136: =B135+1 -> 78 | C136: КЛ-0,4 кВ от РУ-0,4 кВ ТП№2759 до ВРУ ж/д (литер №37,2 б/с) | E136: =E135+1 -> 78 | F136: КЛ-0,4 кВ от РУ-0,4 кВ ТП№2759 до ВРУ ж/д (литер №37,2 б/с) | I136: =I135+1 -> 78 | J136: КЛ-0,4 кВ от РУ-0,4 кВ ТП№2759 до ВРУ ж/д (литер №37,2 б/с) | L136: =L135+1 -> 78 | M136: КЛ-0,4 кВ от РУ-0,4 кВ ТП№2759 до ВРУ ж/д (литер №37,2 б/с) | R136: =R135+1 -> 8 | S136: КЛ-0,4 кВ от 2КТП № 2701 до ВРУ № 5.1 МКД № 12 по ул. Веронская в г. Краснодаре,Кабель АВБбШв сечение 4х95 мм2 | U136: =U135+1 -> 1 | V136: 2КЛ-10 кВ от 1 сш РП-3489п до 1 сш 2БКТП-ЗТ-4, длиной 402,5 м
B137: =B136+1 -> 79 | C137: 4КЛ-0,4 кВ от РУ-0,4 кВ 1 и 2 с.ш. 2БКТП №2759 до ВРУ ж/д | E137: =E136+1 -> 79 | F137: 4КЛ-0,4 кВ от РУ-0,4 кВ 1 и 2 с.ш. 2БКТП №2759 до ВРУ ж/д | I137: =I136+1 -> 79 | J137: 4КЛ-0,4 кВ от РУ-0,4 кВ 1 и 2 с.ш. 2БКТП №2759 до ВРУ ж/д | L137: =L136+1 -> 79 | M137: 4КЛ-0,4 кВ от РУ-0,4 кВ 1 и 2 с.ш. 2БКТП №2759 до ВРУ ж/д | R137: =R136+1 -> 9 | S137: КЛ-0,4 кВ от 2КТП № 2701 до ВРУ № 2 МКД № 14 по ул. Веронская в г. Краснодаре,Кабель АВБбШв сечение 4х95 мм2 | U137: 2 | V137: 2КЛ-10 кВ от 2 сш РП-3489п до 2 сш 2БКТП-ЗТ-4, длиной 402,5 м
B138: =B137+1 -> 80 | C138: КЛ-10 кВ от яч.6 РУ-10кВ 2БРТП-10/0,4 кВ №2741/2*160кВа до РУ-10 кВ 2БКТП-10/0,4кВ№2759/2*1000 кВа | E138: =E137+1 -> 80 | F138: КЛ-10 кВ от яч.6 РУ-10кВ 2БРТП-10/0,4 кВ №2741/2*160кВа до РУ-10 кВ 2БКТП-10/0,4кВ№2759/2*1000 кВа | I138: =I137+1 -> 80 | J138: КЛ-10 кВ от яч.6 РУ-10кВ 2БРТП-10/0,4 кВ №2741/2*160кВа до РУ-10 кВ 2БКТП-10/0,4кВ№2759/2*1000 кВа | L138: =L137+1 -> 80 | M138: КЛ-10 кВ от яч.6 РУ-10кВ 2БРТП-10/0,4 кВ №2741/2*160кВа до РУ-10 кВ 2БКТП-10/0,4кВ№2759/2*1000 кВа | R138: =R137+1 -> 10 | S138: КЛ-0,4 кВ от 2КТП № 2701 до ВРУ № 3 МКД № 14 по ул. Веронская в г. Краснодаре,Кабель АВБбШв сечение 4х95 мм2
B139: =B138+1 -> 81 | C139: КЛ-10 кВ от яч.9 РУ-10кВ 2БРТП-10/0,4 кВ №2741/2*160кВа до РУ-10 кВ 2БКТП-10/0,4кВ№2760/2*1000 кВа | E139: =E138+1 -> 81 | F139: КЛ-10 кВ от яч.9 РУ-10кВ 2БРТП-10/0,4 кВ №2741/2*160кВа до РУ-10 кВ 2БКТП-10/0,4кВ№2760/2*1000 кВа | I139: =I138+1 -> 81 | J139: КЛ-10 кВ от яч.9 РУ-10кВ 2БРТП-10/0,4 кВ №2741/2*160кВа до РУ-10 кВ 2БКТП-10/0,4кВ№2760/2*1000 кВа | L139: =L138+1 -> 81 | M139: КЛ-10 кВ от яч.9 РУ-10кВ 2БРТП-10/0,4 кВ №2741/2*160кВа до РУ-10 кВ 2БКТП-10/0,4кВ№2760/2*1000 кВа | R139: =R138+1 -> 11 | S139: КЛ-0,4 кВ от 2КТП № 2701 до ВРУ № 7.1 МКД № 16 по ул. Веронская в г. Краснодаре,Кабель АВБбШв сечение 4х95 мм2 | U139: 5) Отсутствует подтверждение (регистрация) права собственности (ЕГРН) или ЗКИ.
B140: =B139+1 -> 82 | C140: КЛ-0,4 кВ от РУ-0,4 кВ ТП №2760 до ВРУ ж/д (литер №40) | E140: =E139+1 -> 82 | F140: КЛ-0,4 кВ от РУ-0,4 кВ ТП №2760 до ВРУ ж/д (литер №40) | I140: =I139+1 -> 82 | J140: КЛ-0,4 кВ от РУ-0,4 кВ ТП №2760 до ВРУ ж/д (литер №40) | L140: =L139+1 -> 82 | M140: КЛ-0,4 кВ от РУ-0,4 кВ ТП №2760 до ВРУ ж/д (литер №40) | R140: =R139+1 -> 12 | S140: КЛ-0,4 кВ от 2КТП № 2701 до ВРУ № 8.1 МКД № 18 по ул. Веронская в г. Краснодаре,Кабель АВБбШв сечение 4х95 мм2
B141: =B140+1 -> 83 | C141: КЛ-0,4 кВ от РУ-0,4 кВ ТП №2760 до ВРУ ж/д (литер №41) | E141: =E140+1 -> 83 | F141: КЛ-0,4 кВ от РУ-0,4 кВ ТП №2760 до ВРУ ж/д (литер №41) | I141: =I140+1 -> 83 | J141: КЛ-0,4 кВ от РУ-0,4 кВ ТП №2760 до ВРУ ж/д (литер №41) | L141: =L140+1 -> 83 | M141: КЛ-0,4 кВ от РУ-0,4 кВ ТП №2760 до ВРУ ж/д (литер №41) | R141: =R140+1 -> 13 | S141: КЛ-0,4 кВ от 2КТП № 2701 до ВРУ № 9.1 МКД № 20 по ул. Веронская в г. Краснодаре,Кабель АВБбШв сечение 4х95 мм2 | U141: 1
B142: =B141+1 -> 84 | C142: КЛ-0,4 кВ от РУ-0,4 кВ ТП №2760 до ВРУ ж/д (литер №42) | E142: =E141+1 -> 84 | F142: КЛ-0,4 кВ от РУ-0,4 кВ ТП №2760 до ВРУ ж/д (литер №42) | I142: =I141+1 -> 84 | J142: КЛ-0,4 кВ от РУ-0,4 кВ ТП №2760 до ВРУ ж/д (литер №42) | L142: =L141+1 -> 84 | M142: КЛ-0,4 кВ от РУ-0,4 кВ ТП №2760 до ВРУ ж/д (литер №42) | R142: =R141+1 -> 14 | S142: ВЛ-0,4 кВ от 2КТП № 2780 до ВРУ по ул. Ютландская и ул. Атлантическая в ЖК «Испания 2»,Кабель СИП-2 сечение 3х70 мм2
B143: =B142+1 -> 85 | C143: 4КЛ-0,4 кВ от РУ-0,4 кВ 1 и 2 с.ш. 2БКТП №2760 до ВРУ ж/д | E143: =E142+1 -> 85 | F143: 4КЛ-0,4 кВ от РУ-0,4 кВ 1 и 2 с.ш. 2БКТП №2760 до ВРУ ж/д | I143: =I142+1 -> 85 | J143: 4КЛ-0,4 кВ от РУ-0,4 кВ 1 и 2 с.ш. 2БКТП №2760 до ВРУ ж/д | L143: =L142+1 -> 85 | M143: 4КЛ-0,4 кВ от РУ-0,4 кВ 1 и 2 с.ш. 2БКТП №2760 до ВРУ ж/д | R143: =R142+1 -> 15 | S143: ВЛ-0,4 кВ от 2КТП № 2780 до ВРУ на участке с кадастровым номером 23:43:0107001:16277 в ЖК «Испания 2»,Кабель СИП-2 сечение 3х70 мм2 | U143: 6) | V143: ВОПРОСЫ/РИСКИ | X143: РИСКИ
B144: =B143+1 -> 86 | C144: 2КЛ-0,4 кВ от РУ-0,4 кВ 1 и 2 с.ш. 2БКТП №2760 до ВРУ ж/д | E144: =E143+1 -> 86 | F144: 2КЛ-0,4 кВ от РУ-0,4 кВ 1 и 2 с.ш. 2БКТП №2760 до ВРУ ж/д | I144: =I143+1 -> 86 | J144: 2КЛ-0,4 кВ от РУ-0,4 кВ 1 и 2 с.ш. 2БКТП №2760 до ВРУ ж/д | L144: =L143+1 -> 86 | M144: 2КЛ-0,4 кВ от РУ-0,4 кВ 1 и 2 с.ш. 2БКТП №2760 до ВРУ ж/д | R144: =R143+1 -> 16 | S144: ВЛ-0,4 кВ уличного освещения от 2КТП № 2780 в ЖК «Испания 2»,Кабель СИП-2 сечение 3х70 мм2 | V144: Перечень оборудования | W144: Риски | X144: кВа | Y144: км
B145: =B144+1 -> 87 | C145: 2КЛ-0,4 кВ от РУ-0,4 кВ 1 и 2 с.ш. 2БКТП №2760 до ВРУ ж/д | E145: =E144+1 -> 87 | F145: 2КЛ-0,4 кВ от РУ-0,4 кВ 1 и 2 с.ш. 2БКТП №2760 до ВРУ ж/д | I145: =I144+1 -> 87 | J145: 2КЛ-0,4 кВ от РУ-0,4 кВ 1 и 2 с.ш. 2БКТП №2760 до ВРУ ж/д | L145: =L144+1 -> 87 | M145: 2КЛ-0,4 кВ от РУ-0,4 кВ 1 и 2 с.ш. 2БКТП №2760 до ВРУ ж/д | R145: =R144+1 -> 17 | S145: ВЛ-0,4 кВ уличного освещения от 2КТП № 2780 до ВРУ на участке с кадастровым номером 23:43:0107001:15199 в ЖК «Испания 2»,Кабель СИП-2 сечение 3х70 мм2 | U145: 1 | V145: 2КЛ-10кВ АСБл 2(3*240мм2) от 2КТП по ул.Шумана 2 до 2БКТП №2103п | W145: Инвентаризация, строка 35, уточнение тех.характиристик; (линия в 900м 10кВ, по итогам уточнения тех.характеристик после инвентаризации перешла в линию 2980м см.ТП-2103, письмо 29,07.24 12:54) | Y145: 2.98
B146: =B145+1 -> 88 | C146: 2КЛ-0,4 кВ от РУ-0,4 кВ 1 и 2 с.ш. 2БКТП №2760 до ВРУ ж/д | E146: =E145+1 -> 88 | F146: 2КЛ-0,4 кВ от РУ-0,4 кВ 1 и 2 с.ш. 2БКТП №2760 до ВРУ ж/д | I146: =I145+1 -> 88 | J146: 2КЛ-0,4 кВ от РУ-0,4 кВ 1 и 2 с.ш. 2БКТП №2760 до ВРУ ж/д | L146: =L145+1 -> 88 | M146: 2КЛ-0,4 кВ от РУ-0,4 кВ 1 и 2 с.ш. 2БКТП №2760 до ВРУ ж/д | R146: =R145+1 -> 18 | S146: 2КТП-630/10/0,4 кВ № 2778п, расположенная в г. Краснодаре в ЖК «Зеленая Долина» | U146: =U145+1 -> 2 | V146: КЛ-0,4 кВ от 2КТП-2962п до ВРУ на з/у с к/н 23:43:01066012:4112, 23:43:01066012:4378 (ул.Есаулко), L=159м. | W146: Риски: где Ростехнодзор? Ответ 29.07.24 нет акта Ростехнадзора; | Y146: 0.159
B147: =B146+1 -> 89 | C147: 2КЛ-0,4 кВ от РУ-0,4 кВ 1 и 2 с.ш. 2БКТП №2760 до ВРУ ж/д | E147: =E146+1 -> 89 | F147: 2КЛ-0,4 кВ от РУ-0,4 кВ 1 и 2 с.ш. 2БКТП №2760 до ВРУ ж/д | I147: =I146+1 -> 89 | J147: 2КЛ-0,4 кВ от РУ-0,4 кВ 1 и 2 с.ш. 2БКТП №2760 до ВРУ ж/д | L147: =L146+1 -> 89 | M147: 2КЛ-0,4 кВ от РУ-0,4 кВ 1 и 2 с.ш. 2БКТП №2760 до ВРУ ж/д | R147: =R146+1 -> 19 | S147: КЛ-10 кВ от 1 секции шин 2КТП № 2778п до 1 секции шин 2КТП № 2779п Кабель АСБл-10, сечение 3х240 мм2 | U147: =U146+1 -> 3 | V147: 2КЛ-10кВ АСБл 3х240 мм от БРТП 2103п до 2КТП-2701п L=734х2 (КЛ 10кВ от 2КТП-2701п до БРТП-2103п, АСБл 10 кВ (3*240) L=2*730=1460м) | W147: Инвентаризация, строка 14, уточнение тех.параметров; В ДКП 1468м, в ЕГРН 1460м и в ИК 1468м (оставляем наименьшее) | Y147: 1.46
B148: =B147+1 -> 90 | C148: КЛ-10 кВ от 2БКРП-3246п | E148: =E147+1 -> 90 | F148: КЛ-10 кВ от 2БКРП-3246п | I148: =I147+1 -> 90 | J148: КЛ-10 кВ от 2БКРП-3246п | L148: =L147+1 -> 90 | M148: КЛ-10 кВ от 2БКРП-3246п | R148: =R147+1 -> 20 | S148: КЛ-10 кВ от 2 секции шин 2КТП № 2778п до 2 секции шин 2КТП № 2779п Кабель АСБл-10, сечение 3х240 мм2 | U148: =U147+1 -> 4 | V148: КЛ 0,4 кВ от 2КТП №2701п до ВРУ жилых домов КЛ-0,4 кВ L=2930м | W148: КЛ выявлена при инвентаризации, нет ДКП; | Y148: 2.93
B149: =B148+1 -> 91 | C149: КЛ-10 кВ от 2КТП-3074п 2*1000 кВа | E149: =E148+1 -> 91 | F149: КЛ-10 кВ от 2КТП-3074п 2*1000 кВа | I149: =I148+1 -> 91 | J149: КЛ-10 кВ от 2КТП-3074п 2*1000 кВа | L149: =L148+1 -> 91 | M149: КЛ-10 кВ от 2КТП-3074п 2*1000 кВа | R149: =R148+1 -> 21 | S149: ВЛ-0,4 кВ от 2КТП № 2778 до ВРУ на участке с кадастровым номером 23:43:0107001:16255,Кабель СИП-2 сечение 3х70 мм2 | U149: =U148+1 -> 5 | V149: КЛ-0,4 кВ от 2КТП по ул.Шумана 2 до ВРУ жилых домов | W149: Инвентаризация, строка 37 уточнение тех.характеристик; в приказе №30 длина указана 1960м. Пояснения от главного бухгалтера: в данном случае нового приказа не будет, так как она введена раньше с длиной 1960 метров по ДКП №22. (длина уточнена в результате инвентаризации) | Y149: 2.535
B150: =B149+1 -> 92 | C150: КЛ-0,4 кВ от 2КТП-3074п 2*1000 кВа | E150: =E149+1 -> 92 | F150: КЛ-0,4 кВ от 2КТП-3074п 2*1000 кВа | I150: =I149+1 -> 92 | J150: КЛ-0,4 кВ от 2КТП-3074п 2*1000 кВа | L150: =L149+1 -> 92 | M150: КЛ-0,4 кВ от 2КТП-3074п 2*1000 кВа | R150: =R149+1 -> 22 | S150: ВЛ-0,4 кВ от 2КТП № 2778 до ВРУ на участке с кадастровым номером 23:43:0107001:16255,Кабель СИП-2 сечение 3х70 мм2 | U150: =U149+1 -> 6 | V150: 2КЛ-10 кВ АСБл 2(3*240мм2)от 2БРТП №2103 до 2КТП-3116п | W150: КЛ выявлена при инвентаризации, нет ДКП; | Y150: 3.2
